Workbook
Name Rubros: #REF!
Name Rubros: #REF!
Name Rubros: #REF!

Sheet COTIZACIONES
A1: ÍTEM | B1: CÓDIGO DANE | C1: DESCRIPCIÓN DEL BIEN Y/O SERVICIO | D1: UNIDAD MEDIDA | E1: CNT | F1: PROVEEDOR: AUTOPARTES AGRICOLAS JPM SAS | L1: COMERCIALIZADORA SEVERAL PARTS SAS | R1: M2 DISEÑO Y CONSTRUCCION SAS
F2: PRECIO UNITARIO | G2: ADMINISTRACIÓN 12% | H2: IMPREVISTOS 5% | I2: UTILIDAD 10% | J2: IVA SOBRE UTILIDAD | K2: VALOR TOTAL INCLUIDO AIU | L2: PRECIO UNITARIO | M2: ADMINISTRACIÓN 12% | N2: IMPREVISTOS 5% | O2: UTILIDAD 10% | P2: IVA SOBRE UTILIDAD | Q2: VALOR TOTAL INCLUIDO AIU | R2: PRECIO UNITARIO | S2: ADMINISTRACIÓN 18% | T2: IMPREVISTOS 3% | U2: UTILIDAD 5% | V2: IVA SOBRE UTILIDAD | W2: VALOR TOTAL INCLUIDO AIU
A3: 1 | B3: 72141510 | C3: DEMOLICIÓN ANDEN EN CONCRETO HASTA H=0,10 M, (INCLUYE EL SARDINEL CARGUE Y RETIRO DE ESCOMBROS) | D3: M² | E3: 1 | F3: 50025 | G3: 6003 | H3: 2501.25 | I3: 5002.5 | J3: 950.475 | K3: =SUM(F3:J3) -> 64482.225 | L3: 61910.94 | M3: 6243.12 | N3: 2601.3 | O3: 5202.6 | P3: =+O3*0.19 -> 988.494 | Q3: =SUM(L3:P3) -> 76946.454 | R3: 51765 | S3: 9317.7 | T3: 1552.95 | U3: 2588.25 | V3: 491.7675 | W3: =SUM(R3:V3) -> 65715.667
A4: 2 | B4: 72141510 | C4: DEMOLICIÓN PAÑETE DE ESPESOR DE 005M BAJO PLACA (INCLUYE CARGUE Y RETIRO DE ESCOMBROS) | D4: M² | E4: 1 | F4: 18400 | G4: 2208 | H4: 920 | I4: 1840 | J4: 349.6 | K4: =SUM(F4:J4) -> 23717.6 | L4: 22881.32 | M4: 2307.36 | N4: 961.4 | O4: 1922.8 | P4: =+O4*0.19 -> 365.332 | Q4: =SUM(L4:P4) -> 28438.212 | R4: 13090 | S4: 3427.2 | T4: 571.2 | U4: 952 | V4: 180.88 | W4: =SUM(R4:V4) -> 18221.28
A5: 3 | B5: 72141510 | C5: DEMOLICIÓN - RETIRO PAÑETE DETERIORADO (INCLUYE CARGUE Y RETIRO DE ESCOMBROS) | D5: M² | E5: 1 | F5: 13800 | G5: 1656 | H5: 690 | I5: 1380 | J5: 262.2 | K5: =SUM(F5:J5) -> 17788.2 | L5: 17407.32 | M5: 1755.36 | N5: 731.4 | O5: 1462.8 | P5: =+O5*0.19 -> 277.932 | Q5: =SUM(L5:P5) -> 21634.812 | R5: 14280 | S5: 2570.4 | T5: 428.4 | U5: 714 | V5: 135.66 | W5: =SUM(R5:V5) -> 18128.46
A6: 4 | B6: 72141510 | C6: DEMOLICIÓN Y RETIRO DE ENCHAPE EN PIEDRA MUÑECA (INCLUYE CARGUE Y RETIRO DE ESCOMBROS) | D6: M² | E6: 1 | F6: 13800 | G6: 1656 | H6: 690 | I6: 1380 | J6: 262.2 | K6: =SUM(F6:J6) -> 17788.2 | L6: 16914.66 | M6: 1705.68 | N6: 710.7 | O6: 1421.4 | P6: =+O6*0.19 -> 270.066 | Q6: =SUM(L6:P6) -> 21022.506 | R6: 14280 | S6: 2570.4 | T6: 428.4 | U6: 714 | V6: 135.66 | W6: =SUM(R6:V6) -> 18128.46
A7: 5 | B7: 72141510 | C7: DEMOLICIÓN ÁREA LIBRE PISO DURO (INCLUYE CARGUE Y RETIRO DE ESCOMBROS) | D7: M² | E7: 1 | F7: 43700 | G7: 5244 | H7: 2185 | I7: 4370 | J7: 830.3 | K7: =SUM(F7:J7) -> 56329.3 | L7: 53303.075 | M7: 5375.1 | N7: 2239.625 | O7: 4479.25 | P7: =+O7*0.19 -> 851.0575 | Q7: =SUM(L7:P7) -> 66248.107 | R7: 45220 | S7: 8139.6 | T7: 1356.6 | U7: 2261 | V7: 429.59 | W7: =SUM(R7:V7) -> 57406.79
A8: 6 | B8: 72141510 | C8: DEMOLICIÓN DE BANCAS A=0,35 M, (INCLUYE MURETES EN MAMPOSTERÍA Y PLACA CARGUE Y RETIRO DE ESCOMBROS), | D8: ML | E8: 1 | F8: 28750 | G8: 3450 | H8: 1437.5 | I8: 2875 | J8: 546.25 | K8: =SUM(F8:J8) -> 37058.75 | L8: 35409.938 | M8: 3570.75 | N8: 1487.8125 | O8: 2975.625 | P8: =+O8*0.19 -> 565.36875 | Q8: =SUM(L8:P8) -> 44009.494 | R8: 29750 | S8: 5355 | T8: 892.5 | U8: 1487.5 | V8: 282.625 | W8: =SUM(R8:V8) -> 37767.625
A9: 7 | B9: 72141510 | C9: DEMOLICIÓN DE ENCHAPE DE PARED (INCLUYE CARGUE Y RETIRO DE ESCOMBROS) | D9: M² | E9: 1 | F9: 20700 | G9: 2484 | H9: 1035 | I9: 2070 | J9: 393.3 | K9: =SUM(F9:J9) -> 26682.3 | L9: 27712.125 | M9: 2794.5 | N9: 1164.375 | O9: 2328.75 | P9: =+O9*0.19 -> 442.4625 | Q9: =SUM(L9:P9) -> 34442.213 | R9: 21420 | S9: 3855.6 | T9: 642.6 | U9: 1071 | V9: 203.49 | W9: =SUM(R9:V9) -> 27192.69
A10: 8 | B10: 72141510 | C10: DEMOLICIÓN DE ENCHAPE DE PISOS (INCLUYE CARGUE Y RETIRO DE ESCOMBROS) | D10: M² | E10: 1 | F10: 21850 | G10: 2622 | H10: 1092.5 | I10: 2185 | J10: 415.15 | K10: =SUM(F10:J10) -> 28164.65 | L10: 28991.673 | M10: 2923.53 | N10: 1218.1375 | O10: 2436.275 | P10: =+O10*0.19 -> 462.89225 | Q10: =SUM(L10:P10) -> 36032.507 | R10: 22610 | S10: 4069.8 | T10: 678.3 | U10: 1130.5 | V10: 214.795 | W10: =SUM(R10:V10) -> 28703.395
A11: 9 | B11: 72141510 | C11: DEMOLICIÓN MANUAL DE SARDINEL EXISTENTE (INCLUYE CARGUE Y RETIRO DE ESCOMBROS) | D11: ML | E11: 1 | F11: 17250 | G11: 2070 | H11: 862.5 | I11: 1725 | J11: 327.75 | K11: =SUM(F11:J11) -> 22235.25 | L11: 23503.987 | M11: 2370.15 | N11: 987.5625 | O11: 1975.125 | P11: =+O11*0.19 -> 375.27375 | Q11: =SUM(L11:P11) -> 29212.099 | R11: 17850 | S11: 3213 | T11: 535.5 | U11: 892.5 | V11: 169.575 | W11: =SUM(R11:V11) -> 22660.575
A12: 10 | B12: 72141510 | C12: DEMOLICIÓN MURO DE CEMENTO. | D12: M² | E12: 1 | F12: 11900 | G12: 2070 | H12: 862.5 | I12: 1725 | J12: 327.75 | K12: =SUM(F12:J12) -> 16885.25 | L12: 18409.3 | M12: 2152.8 | N12: 897 | O12: 1794 | P12: =+O12*0.19 -> 340.86 | Q12: =SUM(L12:P12) -> 23593.96 | R12: 17850 | S12: 3213 | T12: 535.5 | U12: 892.5 | V12: 169.575 | W12: =SUM(R12:V12) -> 22660.575
A13: 11 | B13: 72141510 | C13: DEMOLICIÓN MURO DE LADRILLO DE ESPESOR MENOR A 0.15 METROS. | D13: M² | E13: 1 | F13: 11900 | G13: 2484 | H13: 1035 | I13: 2070 | J13: 393.3 | K13: =SUM(F13:J13) -> 17882.3 | L13: 16993.2 | M13: 2595.78 | N13: 1081.575 | O13: 2163.15 | P13: =+O13*0.19 -> 410.9985 | Q13: =SUM(L13:P13) -> 23244.704 | R13: 21420 | S13: 3855.6 | T13: 642.6 | U13: 1071 | V13: 203.49 | W13: =SUM(R13:V13) -> 27192.69
A14: 12 | B14: 72141510 | C14: DEMOLICIÓN PLACA PISO. A TODO COSTO | D14: M² | E14: 1 | F14: 17250 | G14: 2070 | H14: 862.5 | I14: 1725 | J14: 327.75 | K14: =SUM(F14:J14) -> 22235.25 | L14: 21759.15 | M14: 2194.2 | N14: 914.25 | O14: 1828.5 | P14: =+O14*0.19 -> 347.415 | Q14: =SUM(L14:P14) -> 27043.515 | R14: 17850 | S14: 3213 | T14: 535.5 | U14: 892.5 | V14: 169.575 | W14: =SUM(R14:V14) -> 22660.575
... A89: 87 | B89: 72154013 | C89: DESMONTE DE REJAS (INCLUYE CARGUE Y RETIRO DE MATERIAL DESMONTADO) | D89: M² | E89: 1 | F89: 4370 | G89: 524.4 | H89: 218.5 | I89: 437 | J89: 83.03 | K89: =SUM(F89:J89) -> 5632.93 | L89: 5382.3105 | M89: 542.754 | N89: 226.1475 | O89: 452.295 | P89: =+O89*0.19 -> 85.93605 | Q89: =SUM(L89:P89) -> 6689.4431 | R89: 4522 | S89: 813.96 | T89: 135.66 | U89: 226.1 | V89: 42.959 | W89: =SUM(R89:V89) -> 5740.679
A90: 88 | B90: 72154056 | C90: DESMONTE DE TANQUES EN ASBESTO-CEMENTO DE 500 A 1000 LTS (INCLUYE CARGUE Y RETIRO DE MATERIAL DESMONTADO SEGÚN DISPONGA LA UNIDAD) | D90: UND | E90: 1 | F90: 5980 | G90: =+F90*0.12 -> 717.6 | H90: =+F90*0.05 -> 299 | I90: =+F90*0.1 -> 598 | J90: =+I90*0.19 -> 113.62 | K90: =SUM(F90:J90) -> 7708.22 | L90: 6366.5 | M90: =+L90*0.12 -> 763.98 | N90: =+L90*0.05 -> 318.325 | O90: =+L90*0.1 -> 636.65 | P90: =+O90*0.19 -> 120.9635 | Q90: =SUM(L90:P90) -> 8206.4185 | R90: 5950 | S90: 1071 | T90: 178.5 | U90: 297.5 | V90: 56.525 | W90: =SUM(R90:V90) -> 7553.525
A91: 89 | B91: 72154032 | C91: DESMONTE MATENIMIENTO Y REINSTALACION DE VENTANERIA INCLUYE LIMPIEZA LIJADADA PINTURA ESMALTE Y REINSTALACIÓN, | D91: M² | E91: 1 | F91: 200000 | G91: 420000 | H91: 175000 | I91: 350000 | J91: 66500 | K91: =SUM(F91:J91) -> 1211500 | L91: 261800 | M91: 468300 | N91: 195125 | O91: 390250 | P91: =+O91*0.19 -> 74147.5 | Q91: =SUM(L91:P91) -> 1389622.5 | R91: 238000 | S91: 749700 | T91: 124950 | U91: 208250 | V91: 39567.5 | W91: =SUM(R91:V91) -> 1360467.5
A92: 90 | B92: 72154032 | C92: DESMONTE DE VENTANERIA (INCLUYE CARGUE Y RETIRO DE MATERIAL DESMONTADO). | D92: M² | E92: 1 | F92: 26450 | G92: 3174 | H92: 1322.5 | I92: 2645 | J92: 502.55 | K92: =SUM(F92:J92) -> 34094.05 | L92: 36039.448 | M92: 3634.23 | N92: 1514.2625 | O92: 3028.525 | P92: =+O92*0.19 -> 575.41975 | Q92: =SUM(L92:P92) -> 44791.885 | R92: 27370 | S92: 4926.6 | T92: 821.1 | U92: 1368.5 | V92: 260.015 | W92: =SUM(R92:V92) -> 34746.215
A93: 91 | B93: 72152501 | C93: MANTENIMIENTO A TODO COSTO SUMINISTRO E INSTALACION GRAVILLA LAVADA N 2 INCLUYE DILATACIÓN EN BRONCE | D93: M² | E93: 1 | F93: 28750 | G93: 3450 | H93: 1437.5 | I93: 2875 | J93: 546.25 | K93: =SUM(F93:J93) -> 37058.75 | L93: 35581 | M93: 3588 | N93: 1495 | O93: 2990 | P93: =+O93*0.19 -> 568.1 | Q93: =SUM(L93:P93) -> 44222.1 | R93: 29750 | S93: 5355 | T93: 892.5 | U93: 1487.5 | V93: 282.625 | W93: =SUM(R93:V93) -> 37767.625
A94: 92 | B94: 72152501 | C94: INSTALACIÓN GRAVILLA LAVADA No. 2 (INCLUYE VARILLA PLÁTICA DE DILATACIÓN) | D94: M² | E94: 1 | F94: 80500 | G94: 9660 | H94: 4025 | I94: 8050 | J94: 1529.5 | K94: =SUM(F94:J94) -> 103764.5 | L94: 100105.77 | M94: 10094.7 | N94: 4206.125 | O94: 8412.25 | P94: =+O94*0.19 -> 1598.3275 | Q94: =SUM(L94:P94) -> 124417.18 | R94: 83300 | S94: 14994 | T94: 2499 | U94: 4165 | V94: 791.35 | W94: =SUM(R94:V94) -> 105749.35
A95: 93 | B95: 72152501 | C95: MANTENIMIENTO ANDEN CONCRETO 2,500 PSI REFORZADO E= 0,07M, ACABADO: ESCOBIADO, (INCLUYE MALLA ELECTRO SOLDADA M-084) | D95: M² | E95: 1 | F95: 23000 | G95: 2760 | H95: 1150 | I95: 2300 | J95: 437 | K95: =SUM(F95:J95) -> 29647 | L95: 29012.2 | M95: 2925.6 | N95: 1219 | O95: 2438 | P95: =+O95*0.19 -> 463.22 | Q95: =SUM(L95:P95) -> 36058.02 | R95: 23800 | S95: 4284 | T95: 714 | U95: 1190 | V95: 226.1 | W95: =SUM(R95:V95) -> 30214.1
A96: 94 | B96: 72101510 | C96: MANTENIMIENTO E INSTALACIÓN REJILLA ALUMINIO 6" X 4" CÚPULA TRADICIONAL CON SOSCO - REF, C-6"X4" TIPO COLREJILLAS O SIMILAR | D96: UND | E96: 1 | F96: 25300 | G96: 3036 | H96: 1265 | I96: 2530 | J96: 480.7 | K96: =SUM(F96:J96) -> 32611.7 | L96: 31010.21 | M96: 3127.08 | N96: 1302.95 | O96: 2605.9 | P96: =+O96*0.19 -> 495.121 | Q96: =SUM(L96:P96) -> 38541.261 | R96: 26180 | S96: 4712.4 | T96: 785.4 | U96: 1309 | V96: 248.71 | W96: =SUM(R96:V96) -> 33235.51
A97: 95 | B97: 72154013 | C97: MANTENIMIENTO CERRAMIENTO EN POLISOMBRA NEGRA 80% RETENCIÓN DE LA LUZ, H=2M, | D97: M² | E97: 1 | F97: 23000 | G97: 2760 | H97: 1150 | I97: 2300 | J97: 437 | K97: =SUM(F97:J97) -> 29647 | L97: 28054.25 | M97: 2829 | N97: 1178.75 | O97: 2357.5 | P97: =+O97*0.19 -> 447.925 | Q97: =SUM(L97:P97) -> 34867.425 | R97: 23800 | S97: 4284 | T97: 714 | U97: 1190 | V97: 226.1 | W97: =SUM(R97:V97) -> 30214.1
A98: 96 | B98: 72151302 | C98: MANTENIMIENTO RETIRO DE CAPAS DE PINTURA DETERIORADA POR HUMEDAD (RASPADO Y LIJADO) | D98: M² | E98: 1 | F98: 29750 | G98: 17250 | H98: 7187.5 | I98: 14375 | J98: 2731.25 | K98: =SUM(F98:J98) -> 71293.75 | L98: 28054.244 | M98: 17853.75 | N98: 7439.0625 | O98: 14878.125 | P98: =+O98*0.19 -> 2826.8438 | Q98: =SUM(L98:P98) -> 71052.025 | R98: 23800 | S98: 26775 | T98: 4462.5 | U98: 7437.5 | V98: 1413.125 | W98: =SUM(R98:V98) -> 63888.125
A99: 97 | B99: 72151903 | C99: MANTENIMIENTO RETIRO MANUAL DE ADOQUÍN SOBRE ARENA (INCLUYE CARGUE Y RETIRO DE ESCOMBROS) | D99: M² | E99: 1 | F99: 50600 | G99: 6072 | H99: 2530 | I99: 5060 | J99: 961.4 | K99: =SUM(F99:J99) -> 65223.4 | L99: 67740.75 | M99: 6831 | N99: 2846.25 | O99: 5692.5 | P99: =+O99*0.19 -> 1081.575 | Q99: =SUM(L99:P99) -> 84192.075 | R99: 52360 | S99: 9424.8 | T99: 1570.8 | U99: 2618 | V99: 497.42 | W99: =SUM(R99:V99) -> 66471.02
A100: 98 | B100: 72151501 | C100: MANTENIMIENTO Y REINSTALACIÓN DE LUMINARIA LIMPIEZA Y PUESTA EN FUNCIONAMIENTO | D100: Servicio | E100: 1 | F100: 20700 | G100: 2484 | H100: 1035 | I100: 2070 | J100: 393.3 | K100: =SUM(F100:J100) -> 26682.3 | L100: 27465.795 | M100: 2769.66 | N100: 1154.025 | O100: 2308.05 | P100: =+O100*0.19 -> 438.5295 | Q100: =SUM(L100:P100) -> 34136.059 | R100: 21420 | S100: 3855.6 | T100: 642.6 | U100: 1071 | V100: 203.49 | W100: =SUM(R100:V100) -> 27192.69
A101: 99 | B101: 72151402 | C101: DEMOLICIÓN - RETIRO PAÑETE DETERIORADO Y PAÑETADA (INCLUYE CARGUE Y RETIRO DE ESCOMBROS) | D101: M² | E101: 1 | F101: 5175 | G101: 621 | H101: 258.75 | I101: 517.5 | J101: 98.325 | K101: =SUM(F101:J101) -> 6670.575 | L101: 7051.1963 | M101: 711.045 | N101: 296.26875 | O101: 592.5375 | P101: =+O101*0.19 -> 112.58213 | Q101: =SUM(L101:P101) -> 8763.6296 | R101: 5355 | S101: 963.9 | T101: 160.65 | U101: 267.75 | V101: 50.8725 | W101: =SUM(R101:V101) -> 6798.1725
A102: 100 | B102: 72152101 | C102: DESMONTE, MONTE E INSTALACIÓN LAMINA PVC CIELO RAZO COLOR BLANCO BRILLANTE A TODO COSTO LAMINA PVC BLANCO BRILLANTE 7MM LARGO: 5,95 CM ANCHO: 25 CM | D102: Unidad | E102: 1 | F102: 13800 | G102: 1656 | H102: 690 | I102: 1380 | J102: 262.2 | K102: =SUM(F102:J102) -> 17788.2 | L102: 17078.88 | M102: 1722.24 | N102: 717.6 | O102: 1435.2 | P102: =+O102*0.19 -> 272.688 | Q102: =SUM(L102:P102) -> 21226.608 | R102: 14280 | S102: 2570.4 | T102: 428.4 | U102: 714 | V102: 135.66 | W102: =SUM(R102:V102) -> 18128.46
... A410: 408 | B410: 72154032 | C410: COLUMNAS Y VIGAS, EN CONCRETO DE RESISTENCIA 3000 PSI, 30X30 CM. A TODO COSTO | D410: M3 | E410: 1 | F410: 92000 | G410: 9600 | H410: 4000 | I410: 8000 | J410: 1520 | K410: =SUM(F410:J410) -> 115120 | L410: 116048.8 | M410: 9600 | N410: 4000 | O410: 8000 | P410: =+O410*0.19 -> 1520 | Q410: =SUM(L410:P410) -> 139168.8 | R410: 95200 | S410: 17136 | T410: 2856 | U410: 4760 | V410: 904.4 | W410: =SUM(R410:V410) -> 120856.4
L411: =SUM(L3:L410) -> 77204276 | Q411: =SUM(Q3:Q410) -> 1.5247516e+08

Sheet VALOR INDEXADO
A1: ÍTEM | B1: CODIGOS UNSPC | C1: DESCRIPCIÓN | D1: UNIDAD DE MEDIDA | E1: CANTIDAD | F1: UNSPSC (CCE) | G1: VALORES POR INTEM DEL CONTRATO 061 SIN AIU | H1: IPC 2025 | I1: VALOR INDEXADO SIN AIU | J1: AIU DEL PROCESO | K1: VALOR INDEXADO CON AIU
A2: 1 | B2: 72141510 | C2: DEMOLICIÓN ANDEN EN CONCRETO HASTA H=0,10 M, (INCLUYE EL SARDINEL CARGUE Y RETIRO DE ESCOMBROS) | D2: M² | E2: 1 | F2: 72141510 | G2: 41781.75 | H2: 1.051 | I2: =+G2*H2 -> 43912.619 | J2: 10424.547 | K2: =+I2+J2 -> 54337.166
A3: 2 | B3: 72141510 | C3: DEMOLICIÓN PAÑETE DE ESPESOR DE 005M BAJO PLACA (INCLUYE CARGUE Y RETIRO DE ESCOMBROS) | D3: M² | E3: 1 | F3: 72141510 | G3: 15368 | H3: =+H2 -> 1.051 | I3: =+G3*H3 -> 16151.768 | J3: 3834.316 | K3: =+I3+J3 -> 19986.084
A4: 3 | B4: 72141510 | C4: DEMOLICIÓN - RETIRO PAÑETE DETERIORADO (INCLUYE CARGUE Y RETIRO DE ESCOMBROS | D4: M² | E4: 1 | F4: 72141510 | G4: 11526 | H4: =+H3 -> 1.051 | I4: =+G4*H4 -> 12113.826 | J4: 2875.737 | K4: =+I4+J4 -> 14989.563
A5: 4 | B5: 72141510 | C5: DEMOLICIÓN Y RETIRO DE ENCHAPE EN PIEDRA MUÑECA (INCLUYE CARGUE Y RETIRO DE ESCOMBROS) | D5: M² | E5: 1 | F5: 72141510 | G5: 11526 | H5: =+H4 -> 1.051 | I5: =+G5*H5 -> 12113.826 | J5: 2875.737 | K5: =+I5+J5 -> 14989.563
A6: 5 | B6: 72141510 | C6: DEMOLICIÓN ÁREA LIBRE PISO DURO (INCLUYE CARGUE Y RETIRO DE ESCOMBROS) | D6: M² | E6: 1 | F6: 72141510 | G6: 36499 | H6: =+H5 -> 1.051 | I6: =+G6*H6 -> 38360.449 | J6: 9106.5005 | K6: =+I6+J6 -> 47466.95
A7: 6 | B7: 72141510 | C7: DEMOLICIÓN DE BANCAS A=0,35 M, (INCLUYE MURETES EN MAMPOSTERÍA Y PLACA CARGUE Y RETIRO DE ESCOMBROS), | D7: ML | E7: 1 | F7: 72141510 | G7: 24012.5 | H7: =+H6 -> 1.051 | I7: =+G7*H7 -> 25237.137 | J7: 5991.1187 | K7: =+I7+J7 -> 31228.256
A8: 7 | B8: 72141510 | C8: DEMOLICIÓN DE ENCHAPE DE PARED (INCLUYE CARGUE Y RETIRO DE ESCOMBROS) | D8: M² | E8: 1 | F8: 72141510 | G8: 17289 | H8: =+H7 -> 1.051 | I8: =+G8*H8 -> 18170.739 | J8: 4313.6055 | K8: =+I8+J8 -> 22484.344
A9: 8 | B9: 72141510 | C9: DEMOLICIÓN DE ENCHAPE DE PISOS (INCLUYE CARGUE Y RETIRO DE ESCOMBROS) | D9: M² | E9: 1 | F9: 72141510 | G9: 18249.5 | H9: =+H8 -> 1.051 | I9: =+G9*H9 -> 19180.225 | J9: 4553.2503 | K9: =+I9+J9 -> 23733.475
A10: 9 | B10: 72141510 | C10: DEMOLICIÓN MANUAL DE SARDINEL EXISTENTE (INCLUYE CARGUE Y RETIRO DE ESCOMBROS) | D10: ML | E10: 1 | F10: 72141510 | G10: 14407.5 | H10: =+H9 -> 1.051 | I10: =+G10*H10 -> 15142.282 | J10: 3594.6712 | K10: =+I10+J10 -> 18736.954
A11: 10 | B11: 72141510 | C11: DEMOLICIÓN MURO DE CEMENTO. | D11: M² | E11: 1 | F11: 72141510 | G11: 14407.5 | H11: =+H10 -> 1.051 | I11: =+G11*H11 -> 15142.282 | J11: 3594.6712 | K11: =+I11+J11 -> 18736.954
A12: 11 | B12: 72141510 | C12: DEMOLICIÓN MURO DE LADRILLO DE ESPESOR MENOR A 0.15 METROS. | D12: M² | E12: 1 | F12: 72141510 | G12: 17289 | H12: =+H11 -> 1.051 | I12: =+G12*H12 -> 18170.739 | J12: 4313.6055 | K12: =+I12+J12 -> 22484.344
A13: 12 | B13: 72141510 | C13: DEMOLICIÓN PLACA PISO. | D13: M² | E13: 1 | F13: 72141510 | G13: 14407.5 | H13: =+H12 -> 1.051 | I13: =+G13*H13 -> 15142.282 | J13: 3594.6712 | K13: =+I13+J13 -> 18736.954
A14: 13 | B14: 72141510 | C14: DEMOLICIÓN PLACAS MACIZAS DE ESPESOR MAYOR A 0.15 METROS. | D14: M² | E14: 1 | F14: 72141510 | G14: 19210 | H14: =+H13 -> 1.051 | I14: =+G14*H14 -> 20189.71 | J14: 4792.895 | K14: =+I14+J14 -> 24982.605
... A462: 461 | B462: 72102905 | C462: APLICACIÓN DE PLACA PARA PISO RIGIDO DE 7 X 8 MTS X 15 CMS DE ESPESOR | D462: M² | E462: 1 | F462: 72153605 | G462: 21131 | H462: =+H461 -> 1.051 | I462: =+G462*H462 -> 22208.681 | J462: 5272.1845 | K462: =+I462+J462 -> 27480.865
A463: 462 | B463: 72102900 | C463: MANTENIMIENTO A TODO COSTO CERRAMIENTO EN POLISOMBRA NEGRA 80 PORCIENTOS RETENCIÓN DE LA LUZ, H=2M, | D463: M2 | E463: 1 | F463: 72151501 | G463: 17289 | H463: =+H462 -> 1.051 | I463: =+G463*H463 -> 18170.739 | J463: 4313.6055 | K463: =+I463+J463 -> 22484.344
A464: 463 | B464: 72102905 | C464: MANTENIMIENTO A TODO COSTO DESMONTE DE ESTRUCTURA METALICA,INCLUYE EQUIPO DE OXIACETILENO CARGUE Y RETIRO DE MATERIAL DESMONTADO, | D464: KG | E464: 1 | F464: 72151502 | G464: 22091.5 | H464: =+H463 -> 1.051 | I464: =+G464*H464 -> 23218.166 | J464: 5511.8292 | K464: =+I464+J464 -> 28729.996
A465: 464 | B465: 72102905 | C465: MANTENIMIENTO A TODO COSTO DEMOLICIÓN AREA LIBRE PISO DURO INCLUYE CARGUE Y RETIRO DE ESCOMBROS, | D465: M2 | E465: 1 | F465: 72151501 | G465: 18249.5 | H465: =+H464 -> 1.051 | I465: =+G465*H465 -> 19180.225 | J465: 4553.2503 | K465: =+I465+J465 -> 23733.475
A466: 465 | B466: 72102905 | C466: MANTENIMIENTO A TODO COSTO DEMOLICIÓN ENCHAPE DE PISOS INCLUYE CARGUE Y RETIRO DE ESCOMBROS, | D466: M2 | E466: 1 | F466: 72151501 | G466: 17289 | H466: =+H465 -> 1.051 | I466: =+G466*H466 -> 18170.739 | J466: 4313.6055 | K466: =+I466+J466 -> 22484.344
A467: 466 | B467: 72102905 | C467: MANTENIMIENTO A TODO COSTO DEMOLICIÓN ENCHAPE DE MUROS INCLUYE CARGUE Y RETIRO DE ESCOMBROS | D467: M2 | E467: 1 | F467: 72151502 | G467: 24012.5 | H467: =+H466 -> 1.051 | I467: =+G467*H467 -> 25237.137 | J467: 5991.1187 | K467: =+I467+J467 -> 31228.256
A468: 467 | B468: 72102905 | C468: MANTENIMIENTO A TODO COSTO DEMOLICIÓN DE MESONES A=0,60 M, INCLUYE CARGUE Y RETIRO DE ESCOMBROS, | D468: ML | E468: 1 | F468: 72151502 | G468: 21131 | H468: =+H467 -> 1.051 | I468: =+G468*H468 -> 22208.681 | J468: 5272.1845 | K468: =+I468+J468 -> 27480.865
A469: 468 | B469: 72102905 | C469: MANTENIMIENTO A TODO COSTO DEMOLICIÓN DE IMPERMEABILIZACION EN PLACA DE CUBIERTA INCLUYE RETIRO DE MANTOS CARGUE Y RETIRO DE ESCOMBROS, | D469: M2 | E469: 1 | F469: 72151502 | G469: 17289 | H469: =+H468 -> 1.051 | I469: =+G469*H469 -> 18170.739 | J469: 4313.6055 | K469: =+I469+J469 -> 22484.344
A470: 469 | B470: 72102905 | C470: MANTENIMIENTO A TODO COSTO DEMOLICIÓN - RETIRO PAÑETE DETERIORADO INCLUYE CARGUE Y RETIRO DE ESCOMBROS | D470: M2 | E470: 1 | F470: 72151502 | G470: 15368 | H470: =+H469 -> 1.051 | I470: =+G470*H470 -> 16151.768 | J470: 3834.316 | K470: =+I470+J470 -> 19986.084
A471: 470 | B471: 72102905 | C471: MANTENIMIENTO A TODO COSTO DEMOLICIÓN MANUAL DE SARDINEL EXISTENTE INCLUYE CARGUE Y RETIRO DE ESCOMBROS, | D471: ML | E471: 1 | F471: 72151502 | G471: 14407.5 | H471: =+H470 -> 1.051 | I471: =+G471*H471 -> 15142.282 | J471: 3594.6712 | K471: =+I471+J471 -> 18736.954
A472: 471 | B472: 72102900 | C472: MANTENIMIENTO A TODO COSTO RETIRO MANUAL DE ADOQUIN SOBRE ARENA INCLUYE CARGUE Y RETIRO DE ESCOMBROS, | D472: M2 | E472: 1 | F472: 72153605 | G472: 11526 | H472: =+H471 -> 1.051 | I472: =+G472*H472 -> 12113.826 | J472: 2875.737 | K472: =+I472+J472 -> 14989.563
A473: 472 | B473: 72102905 | C473: MANTENIMIENTO A TODO COSTO DEMOLICIÓN Y RETIRO DE ENCHAPE EN PIEDRA MUÑECA INCLUYE CARGUE Y RETIRO DE ESCOMBROS, | D473: M2 | E473: 1 | F473: 72151502 | G473: 15368 | H473: =+H472 -> 1.051 | I473: =+G473*H473 -> 16151.768 | J473: 3834.316 | K473: =+I473+J473 -> 19986.084
A474: 473 | B474: 72102905 | C474: MANTENIMIENTO A TODO COSTO DEMOLICIÓN PAÑETE DE ESPESOR DE 005M BAJO PLACA INCLUYE CARGUE Y RETIRO DE ESCOMBROS | D474: M2 | E474: 1 | F474: 72151502 | G474: 11526 | H474: =+H473 -> 1.051 | I474: =+G474*H474 -> 12113.826 | J474: 2875.737 | K474: =+I474+J474 -> 14989.563
A475: 474 | B475: 72102905 | C475: MANTENIMIENTO A TODO COSTO DESMONTE APARATOS SANITARIOS INCLUYE CARGUE Y RETIRO DE MATERIAL DESMONTADO, | D475: UND | E475: 1 | F475: 72151501 | G475: 48025 | H475: =+H474 -> 1.051 | I475: =+G475*H475 -> 50474.275 | J475: 11982.237 | K475: =+I475+J475 -> 62456.512
... A801: 800 | B801: 72101501 | C801: MANTENIMIENTO A TODO COSTO CONSISTENTE EN REPARACION GRIFERÍA DE LAVAPLATOS MEZCLADOR 8, CIERRE CERÁMICO RESISTENTE A LA CORROSIÓN, PELADO Y DECOLORACIÓN POR AGUA RECUBRIMIENTOS NO TÓXICO CONDICIÓN DE SERVICIO RECOMENDADA, USO DOMÉSTICO PRESIÓN DE TRABAJO MÁXIMA RECOMENDADA 860 KPA 125 PSI) PRESIÓN MÍNIMA RECOMENDADA 138 KPA 20 PSI | D801: UNIDAD | E801: 1 | F801: 72154032 | G801: 115260 | H801: =+H800 -> 1.051 | I801: =+G801*H801 -> 121138.26 | J801: 28757.37 | K801: =+I801+J801 -> 149895.63
A802: 801 | B802: 72102900 | C802: MATENIMIENTO TEJA FIBROCEMENTO | D802: UNIDAD | E802: 1 | F802: 72153002 | G802: 14407.5 | H802: =+H801 -> 1.051 | I802: =+G802*H802 -> 15142.282 | J802: 3594.6712 | K802: =+I802+J802 -> 18736.954
A803: 759 | C803: SUB TOTAL | D803: ANEXO | E803: E PREV | G803: =SUM(G2:G802) -> 80520156 | H803: =+H802 -> 1.051 | I803: =+G803*H803 -> 84626684 | K803: 76623.53
A804: 760 | C804: ADMINISTRACION | D804: 0.18 | E804: 0.19 | G804: =+G803*E804 -> 15298830 | H804: =+H803 -> 1.051 | I804: =+G804*H804 -> 16079070 | K804: =+K803*E804 -> 14558.471
A805: 761 | C805: IMPREVISTO | D805: 0.01 | E805: 0.02 | G805: =+G803*E805 -> 1610403.1 | H805: =+H804 -> 1.051 | I805: =+G805*H805 -> 1692533.7 | K805: =+K803*E805 -> 1532.4706
A806: 762 | C806: UTILIDAD | D806: 0.05 | E806: 0.04 | G806: =+G803*D806 -> 4026007.8 | H806: =+H805 -> 1.051 | I806: =+G806*H806 -> 4231334.2 | K806: =+K803*E806 -> 3064.9412
A807: 763 | C807: IVA SOBRE UTILIDAD | D807: 0.19 | E807: 0.19 | G807: =+G806*D807 -> 764941.48 | H807: =+H806 -> 1.051 | I807: =+G807*H807 -> 803953.5 | K807: =+K806*19/100 -> 582.33883
A808: 764 | C808: VALOR TOTAL | G808: =SUM(G803:G807) -> 1.0222034e+08 | H808: =+H807 -> 1.051 | I808: =+G808*H808 -> 1.0743357e+08 | K808: =+K803+K804+K805+K806+K807 -> 96361.751
H809: =+H808 -> 1.051 | I809: =+G809*H809 -> 0
G810: OFERTA SECOP II | H810: =+H809 -> 1.051 | I810: =+G810*H810 -> #VALUE!

Sheet ANALISIS DE PRECIOS
A1: CALCULO CON USO DE METRICAS ESTADISTICAS | J1: ANALISIS ECONÓMICO
F2: =+'VALOR INDEXADO'!#REF! -> #REF! | G2: PROVEEDOR: AUTOPARTES AGRICOLAS JPM SAS NIT 900.940.380-1 | H2: PROVEEDOR: COMERCIALIZADORA SEVERAL PARTS SAS NIT 900.709.559-4 | I2: COMERCIALIZADORA SEVERAL PARTS SAS | J2: MENOR VALOR COTIZADO | K2: PROMEDIO | L2: MEDIA ARMONICA COTIZACIONES | M2: MEDIA GEOMETRICA | N2: DESVIACION | O2: DISPERSION % | P2: PRECIO DE REFERENCIA VALOR UNITARIO INCLUIDO IVA | Q2: METRICA UTILIZADA
A3: ITEM | B3: CODIGO | C3: DESCRIPCIÓN | D3: UNIDAD DE MEDIDA | E3: CANTIDAD
A4: =+COTIZACIONES!A3 -> 1 | B4: =+COTIZACIONES!C3 -> DEMOLICIÓN ANDEN EN CONCRETO HASTA H=0,10 M, (INCLUYE EL SARDINEL CARGUE Y RETIRO DE ESCOMBROS) | C4: =+COTIZACIONES!C3 -> DEMOLICIÓN ANDEN EN CONCRETO HASTA H=0,10 M, (INCLUYE EL SARDINEL CARGUE Y RETIRO DE ESCOMBROS) | D4: =+COTIZACIONES!D3 -> M² | E4: =+COTIZACIONES!E3 -> 1 | F4: =+#REF! -> #REF! | G4: =+COTIZACIONES!K3 -> 64482.225 | H4: =+COTIZACIONES!Q3 -> 76946.454 | I4: =+COTIZACIONES!W3 -> 65715.667 | J4: =MIN(G4:I4) -> 64482.225 | K4: =AVERAGE(G4:I4) -> 69048.115 | L4: =HARMEAN(G4:I4) -> 68616.486 | M4: =GEOMEAN(G4:I4) -> 68828.111 | N4: =_xlfn.STDEV.S(G4:I4) -> 6867.9079 | O4: =+N4/K4 -> 0.099465537 | P4: =ROUND(+IF(O4<=25%,J4,IF(O4<=60%,L4,IF(O4<=90%,M4,IF(O4<=100%,K4)))),0) -> 64482 | Q4: =+IF(P4<=26%,"MENOR VALOR",IF(P4<=60%,"MEDIA ARMONICA",IF(P4<=90%,"MEDIA GEOMETRICA","MENOR VALOR"))) -> MENOR VALOR
A5: =+COTIZACIONES!A4 -> 2 | B5: =+COTIZACIONES!C4 -> DEMOLICIÓN PAÑETE DE ESPESOR DE 005M BAJO PLACA (INCLUYE CARGUE Y RETIRO DE ESCOMBROS) | C5: =+COTIZACIONES!C4 -> DEMOLICIÓN PAÑETE DE ESPESOR DE 005M BAJO PLACA (INCLUYE CARGUE Y RETIRO DE ESCOMBROS) | D5: =+COTIZACIONES!D4 -> M² | E5: =+COTIZACIONES!E4 -> 1 | F5: =+#REF! -> #REF! | G5: =+COTIZACIONES!K4 -> 23717.6 | H5: =+COTIZACIONES!Q4 -> 28438.212 | I5: =+COTIZACIONES!W4 -> 18221.28 | J5: =MIN(G5:I5) -> 18221.28 | K5: =AVERAGE(G5:I5) -> 23459.031 | L5: =HARMEAN(G5:I5) -> 22691.581 | M5: =GEOMEAN(G5:I5) -> 23077.245 | N5: =_xlfn.STDEV.S(G5:I5) -> 5113.3715 | O5: =+N5/K5 -> 0.21797028 | P5: =ROUND(+IF(O5<=25%,J5,IF(O5<=60%,L5,IF(O5<=90%,M5,IF(O5<=100%,K5)))),0) -> 18221 | Q5: =+IF(P5<=26%,"MENOR VALOR",IF(P5<=60%,"MEDIA ARMONICA",IF(P5<=90%,"MEDIA GEOMETRICA","MENOR VALOR"))) -> MENOR VALOR
A6: =+COTIZACIONES!A5 -> 3 | B6: =+COTIZACIONES!C5 -> DEMOLICIÓN - RETIRO PAÑETE DETERIORADO (INCLUYE CARGUE Y RETIRO DE ESCOMBROS) | C6: =+COTIZACIONES!C5 -> DEMOLICIÓN - RETIRO PAÑETE DETERIORADO (INCLUYE CARGUE Y RETIRO DE ESCOMBROS) | D6: =+COTIZACIONES!D5 -> M² | E6: =+COTIZACIONES!E5 -> 1 | F6: =+#REF! -> #REF! | G6: =+COTIZACIONES!K5 -> 17788.2 | H6: =+COTIZACIONES!Q5 -> 21634.812 | I6: =+COTIZACIONES!W5 -> 18128.46 | J6: =MIN(G6:I6) -> 17788.2 | K6: =AVERAGE(G6:I6) -> 19183.824 | L6: =HARMEAN(G6:I6) -> 19035.445 | M6: =GEOMEAN(G6:I6) -> 19108.005 | N6: =_xlfn.STDEV.S(G6:I6) -> 2129.425 | O6: =+N6/K6 -> 0.11100107 | P6: =ROUND(+IF(O6<=25%,J6,IF(O6<=60%,L6,IF(O6<=90%,M6,IF(O6<=100%,K6)))),0) -> 17788 | Q6: =+IF(P6<=26%,"MENOR VALOR",IF(P6<=60%,"MEDIA ARMONICA",IF(P6<=90%,"MEDIA GEOMETRICA","MENOR VALOR"))) -> MENOR VALOR
A7: =+COTIZACIONES!A6 -> 4 | B7: =+COTIZACIONES!C6 -> DEMOLICIÓN Y RETIRO DE ENCHAPE EN PIEDRA MUÑECA (INCLUYE CARGUE Y RETIRO DE ESCOMBROS) | C7: =+COTIZACIONES!C6 -> DEMOLICIÓN Y RETIRO DE ENCHAPE EN PIEDRA MUÑECA (INCLUYE CARGUE Y RETIRO DE ESCOMBROS) | D7: =+COTIZACIONES!D6 -> M² | E7: =+COTIZACIONES!E6 -> 1 | F7: =+#REF! -> #REF! | G7: =+COTIZACIONES!K6 -> 17788.2 | H7: =+COTIZACIONES!Q6 -> 21022.506 | I7: =+COTIZACIONES!W6 -> 18128.46 | J7: =MIN(G7:I7) -> 17788.2 | K7: =AVERAGE(G7:I7) -> 18979.722 | L7: =HARMEAN(G7:I7) -> 18874.217 | M7: =GEOMEAN(G7:I7) -> 18926.013 | N7: =_xlfn.STDEV.S(G7:I7) -> 1777.2645 | O7: =+N7/K7 -> 0.093640175 | P7: =ROUND(+IF(O7<=25%,J7,IF(O7<=60%,L7,IF(O7<=90%,M7,IF(O7<=100%,K7)))),0) -> 17788 | Q7: =+IF(P7<=26%,"MENOR VALOR",IF(P7<=60%,"MEDIA ARMONICA",IF(P7<=90%,"MEDIA GEOMETRICA","MENOR VALOR"))) -> MENOR VALOR
A8: =+COTIZACIONES!A7 -> 5 | B8: =+COTIZACIONES!C7 -> DEMOLICIÓN ÁREA LIBRE PISO DURO (INCLUYE CARGUE Y RETIRO DE ESCOMBROS) | C8: =+COTIZACIONES!C7 -> DEMOLICIÓN ÁREA LIBRE PISO DURO (INCLUYE CARGUE Y RETIRO DE ESCOMBROS) | D8: =+COTIZACIONES!D7 -> M² | E8: =+COTIZACIONES!E7 -> 1 | F8: =+#REF! -> #REF! | G8: =+COTIZACIONES!K7 -> 56329.3 | H8: =+COTIZACIONES!Q7 -> 66248.107 | I8: =+COTIZACIONES!W7 -> 57406.79 | J8: =MIN(G8:I8) -> 56329.3 | K8: =AVERAGE(G8:I8) -> 59994.733 | L8: =HARMEAN(G8:I8) -> 59681.227 | M8: =GEOMEAN(G8:I8) -> 59835.239 | N8: =_xlfn.STDEV.S(G8:I8) -> 5442.313 | O8: =+N8/K8 -> 0.09071318 | P8: =ROUND(+IF(O8<=25%,J8,IF(O8<=60%,L8,IF(O8<=90%,M8,IF(O8<=100%,K8)))),0) -> 56329 | Q8: =+IF(P8<=26%,"MENOR VALOR",IF(P8<=60%,"MEDIA ARMONICA",IF(P8<=90%,"MEDIA GEOMETRICA","MENOR VALOR"))) -> MENOR VALOR
A9: =+COTIZACIONES!A8 -> 6 | B9: =+COTIZACIONES!C8 -> DEMOLICIÓN DE BANCAS A=0,35 M, (INCLUYE MURETES EN MAMPOSTERÍA Y PLACA CARGUE Y RETIRO DE ESCOMBROS), | C9: =+COTIZACIONES!C8 -> DEMOLICIÓN DE BANCAS A=0,35 M, (INCLUYE MURETES EN MAMPOSTERÍA Y PLACA CARGUE Y RETIRO DE ESCOMBROS), | D9: =+COTIZACIONES!D8 -> ML | E9: =+COTIZACIONES!E8 -> 1 | F9: =+#REF! -> #REF! | G9: =+COTIZACIONES!K8 -> 37058.75 | H9: =+COTIZACIONES!Q8 -> 44009.494 | I9: =+COTIZACIONES!W8 -> 37767.625 | J9: =MIN(G9:I9) -> 37058.75 | K9: =AVERAGE(G9:I9) -> 39611.956 | L9: =HARMEAN(G9:I9) -> 39378.216 | M9: =GEOMEAN(G9:I9) -> 39492.892 | N9: =_xlfn.STDEV.S(G9:I9) -> 3824.837 | O9: =+N9/K9 -> 0.096557639 | P9: =ROUND(+IF(O9<=25%,J9,IF(O9<=60%,L9,IF(O9<=90%,M9,IF(O9<=100%,K9)))),0) -> 37059 | Q9: =+IF(P9<=26%,"MENOR VALOR",IF(P9<=60%,"MEDIA ARMONICA",IF(P9<=90%,"MEDIA GEOMETRICA","MENOR VALOR"))) -> MENOR VALOR
A10: =+COTIZACIONES!A9 -> 7 | B10: =+COTIZACIONES!C9 -> DEMOLICIÓN DE ENCHAPE DE PARED (INCLUYE CARGUE Y RETIRO DE ESCOMBROS) | C10: =+COTIZACIONES!C9 -> DEMOLICIÓN DE ENCHAPE DE PARED (INCLUYE CARGUE Y RETIRO DE ESCOMBROS) | D10: =+COTIZACIONES!D9 -> M² | E10: =+COTIZACIONES!E9 -> 1 | F10: =+#REF! -> #REF! | G10: =+COTIZACIONES!K9 -> 26682.3 | H10: =+COTIZACIONES!Q9 -> 34442.213 | I10: =+COTIZACIONES!W9 -> 27192.69 | J10: =MIN(G10:I10) -> 26682.3 | K10: =AVERAGE(G10:I10) -> 29439.068 | L10: =HARMEAN(G10:I10) -> 29045.35 | M10: =GEOMEAN(G10:I10) -> 29236.283 | N10: =_xlfn.STDEV.S(G10:I10) -> 4340.3594 | O10: =+N10/K10 -> 0.14743535 | P10: =ROUND(+IF(O10<=25%,J10,IF(O10<=60%,L10,IF(O10<=90%,M10,IF(O10<=100%,K10)))),0) -> 26682 | Q10: =+IF(P10<=26%,"MENOR VALOR",IF(P10<=60%,"MEDIA ARMONICA",IF(P10<=90%,"MEDIA GEOMETRICA","MENOR VALOR"))) -> MENOR VALOR
A11: =+COTIZACIONES!A10 -> 8 | B11: =+COTIZACIONES!C10 -> DEMOLICIÓN DE ENCHAPE DE PISOS (INCLUYE CARGUE Y RETIRO DE ESCOMBROS) | C11: =+COTIZACIONES!C10 -> DEMOLICIÓN DE ENCHAPE DE PISOS (INCLUYE CARGUE Y RETIRO DE ESCOMBROS) | D11: =+COTIZACIONES!D10 -> M² | E11: =+COTIZACIONES!E10 -> 1 | F11: =+#REF! -> #REF! | G11: =+COTIZACIONES!K10 -> 28164.65 | H11: =+COTIZACIONES!Q10 -> 36032.507 | I11: =+COTIZACIONES!W10 -> 28703.395 | J11: =MIN(G11:I11) -> 28164.65 | K11: =AVERAGE(G11:I11) -> 30966.851 | L11: =HARMEAN(G11:I11) -> 30581.881 | M11: =GEOMEAN(G11:I11) -> 30768.81 | N11: =_xlfn.STDEV.S(G11:I11) -> 4395.2495 | O11: =+N11/K11 -> 0.14193402 | P11: =ROUND(+IF(O11<=25%,J11,IF(O11<=60%,L11,IF(O11<=90%,M11,IF(O11<=100%,K11)))),0) -> 28165 | Q11: =+IF(P11<=26%,"MENOR VALOR",IF(P11<=60%,"MEDIA ARMONICA",IF(P11<=90%,"MEDIA GEOMETRICA","MENOR VALOR"))) -> MENOR VALOR
A12: =+COTIZACIONES!A11 -> 9 | B12: =+COTIZACIONES!C11 -> DEMOLICIÓN MANUAL DE SARDINEL EXISTENTE (INCLUYE CARGUE Y RETIRO DE ESCOMBROS) | C12: =+COTIZACIONES!C11 -> DEMOLICIÓN MANUAL DE SARDINEL EXISTENTE (INCLUYE CARGUE Y RETIRO DE ESCOMBROS) | D12: =+COTIZACIONES!D11 -> ML | E12: =+COTIZACIONES!E11 -> 1 | F12: =+#REF! -> #REF! | G12: =+COTIZACIONES!K11 -> 22235.25 | H12: =+COTIZACIONES!Q11 -> 29212.099 | I12: =+COTIZACIONES!W11 -> 22660.575 | J12: =MIN(G12:I12) -> 22235.25 | K12: =AVERAGE(G12:I12) -> 24702.641 | L12: =HARMEAN(G12:I12) -> 24323.891 | M12: =GEOMEAN(G12:I12) -> 24507.099 | N12: =_xlfn.STDEV.S(G12:I12) -> 3911.0907 | O12: =+N12/K12 -> 0.15832682 | P12: =ROUND(+IF(O12<=25%,J12,IF(O12<=60%,L12,IF(O12<=90%,M12,IF(O12<=100%,K12)))),0) -> 22235 | Q12: =+IF(P12<=26%,"MENOR VALOR",IF(P12<=60%,"MEDIA ARMONICA",IF(P12<=90%,"MEDIA GEOMETRICA","MENOR VALOR"))) -> MENOR VALOR
A13: =+COTIZACIONES!A12 -> 10 | B13: =+COTIZACIONES!C12 -> DEMOLICIÓN MURO DE CEMENTO. | C13: =+COTIZACIONES!C12 -> DEMOLICIÓN MURO DE CEMENTO. | D13: =+COTIZACIONES!D12 -> M² | E13: =+COTIZACIONES!E12 -> 1 | F13: =+#REF! -> #REF! | G13: =+COTIZACIONES!K12 -> 16885.25 | H13: =+COTIZACIONES!Q12 -> 23593.96 | I13: =+COTIZACIONES!W12 -> 22660.575 | J13: =MIN(G13:I13) -> 16885.25 | K13: =AVERAGE(G13:I13) -> 21046.595 | L13: =HARMEAN(G13:I13) -> 20585.094 | M13: =GEOMEAN(G13:I13) -> 20822.191 | N13: =_xlfn.STDEV.S(G13:I13) -> 3633.923 | O13: =+N13/K13 -> 0.17266085 | P13: =ROUND(+IF(O13<=25%,J13,IF(O13<=60%,L13,IF(O13<=90%,M13,IF(O13<=100%,K13)))),0) -> 16885 | Q13: =+IF(P13<=26%,"MENOR VALOR",IF(P13<=60%,"MEDIA ARMONICA",IF(P13<=90%,"MEDIA GEOMETRICA","MENOR VALOR"))) -> MENOR VALOR
A14: =+COTIZACIONES!A13 -> 11 | B14: =+COTIZACIONES!C13 -> DEMOLICIÓN MURO DE LADRILLO DE ESPESOR MENOR A 0.15 METROS. | C14: =+COTIZACIONES!C13 -> DEMOLICIÓN MURO DE LADRILLO DE ESPESOR MENOR A 0.15 METROS. | D14: =+COTIZACIONES!D13 -> M² | E14: =+COTIZACIONES!E13 -> 1 | F14: =+#REF! -> #REF! | G14: =+COTIZACIONES!K13 -> 17882.3 | H14: =+COTIZACIONES!Q13 -> 23244.704 | I14: =+COTIZACIONES!W13 -> 27192.69 | J14: =MIN(G14:I14) -> 17882.3 | K14: =AVERAGE(G14:I14) -> 22773.231 | L14: =HARMEAN(G14:I14) -> 22104.925 | M14: =GEOMEAN(G14:I14) -> 22442.256 | N14: =_xlfn.STDEV.S(G14:I14) -> 4673.067 | O14: =+N14/K14 -> 0.2052 | P14: =ROUND(+IF(O14<=25%,J14,IF(O14<=60%,L14,IF(O14<=90%,M14,IF(O14<=100%,K14)))),0) -> 17882 | Q14: =+IF(P14<=26%,"MENOR VALOR",IF(P14<=60%,"MEDIA ARMONICA",IF(P14<=90%,"MEDIA GEOMETRICA","MENOR VALOR"))) -> MENOR VALOR
A15: =+COTIZACIONES!A14 -> 12 | B15: =+COTIZACIONES!C14 -> DEMOLICIÓN PLACA PISO. A TODO COSTO | C15: =+COTIZACIONES!C14 -> DEMOLICIÓN PLACA PISO. A TODO COSTO | D15: =+COTIZACIONES!D14 -> M² | E15: =+COTIZACIONES!E14 -> 1 | F15: =+#REF! -> #REF! | G15: =+COTIZACIONES!K14 -> 22235.25 | H15: =+COTIZACIONES!Q14 -> 27043.515 | I15: =+COTIZACIONES!W14 -> 22660.575 | J15: =MIN(G15:I15) -> 22235.25 | K15: =AVERAGE(G15:I15) -> 23979.78 | L15: =HARMEAN(G15:I15) -> 23794.306 | M15: =GEOMEAN(G15:I15) -> 23885.006 | N15: =_xlfn.STDEV.S(G15:I15) -> 2661.7813 | O15: =+N15/K15 -> 0.11100107 | P15: =ROUND(+IF(O15<=25%,J15,IF(O15<=60%,L15,IF(O15<=90%,M15,IF(O15<=100%,K15)))),0) -> 22235 | Q15: =+IF(P15<=26%,"MENOR VALOR",IF(P15<=60%,"MEDIA ARMONICA",IF(P15<=90%,"MEDIA GEOMETRICA","MENOR VALOR"))) -> MENOR VALOR
... A90: =+COTIZACIONES!A89 -> 87 | B90: =+COTIZACIONES!C89 -> DESMONTE DE REJAS (INCLUYE CARGUE Y RETIRO DE MATERIAL DESMONTADO) | C90: =+COTIZACIONES!C89 -> DESMONTE DE REJAS (INCLUYE CARGUE Y RETIRO DE MATERIAL DESMONTADO) | D90: =+COTIZACIONES!D89 -> M² | E90: =+COTIZACIONES!E89 -> 1 | F90: =+#REF! -> #REF! | G90: =+COTIZACIONES!K89 -> 5632.93 | H90: =+COTIZACIONES!Q89 -> 6689.4431 | I90: =+COTIZACIONES!W89 -> 5740.679 | J90: =MIN(G90:I90) -> 5632.93 | K90: =AVERAGE(G90:I90) -> 6021.0173 | L90: =HARMEAN(G90:I90) -> 5985.4888 | M90: =GEOMEAN(G90:I90) -> 6002.9196 | N90: =_xlfn.STDEV.S(G90:I90) -> 581.37522 | O90: =+N90/K90 -> 0.096557639 | P90: =ROUND(+IF(O90<=25%,J90,IF(O90<=60%,L90,IF(O90<=90%,M90,IF(O90<=100%,K90)))),0) -> 5633 | Q90: =+IF(P90<=26%,"MENOR VALOR",IF(P90<=60%,"MEDIA ARMONICA",IF(P90<=90%,"MEDIA GEOMETRICA","MENOR VALOR"))) -> MENOR VALOR
A91: =+COTIZACIONES!A90 -> 88 | B91: =+COTIZACIONES!C90 -> DESMONTE DE TANQUES EN ASBESTO-CEMENTO DE 500 A 1000 LTS (INCLUYE CARGUE Y RETIRO DE MATERIAL DESMONTADO SEGÚN DISPONGA LA UNIDAD) | C91: =+COTIZACIONES!C90 -> DESMONTE DE TANQUES EN ASBESTO-CEMENTO DE 500 A 1000 LTS (INCLUYE CARGUE Y RETIRO DE MATERIAL DESMONTADO SEGÚN DISPONGA LA UNIDAD) | D91: =+COTIZACIONES!D90 -> UND | E91: =+COTIZACIONES!E90 -> 1 | F91: =+'VALOR INDEXADO'!I55 -> 5047.4275 | G91: =+COTIZACIONES!K90 -> 7708.22 | H91: =+COTIZACIONES!Q90 -> 8206.4185 | I91: =+COTIZACIONES!W90 -> 7553.525 | J91: =MIN(G91:I91) -> 7553.525 | K91: =AVERAGE(G91:I91) -> 7822.7212 | L91: =HARMEAN(G91:I91) -> 7812.9884 | M91: =GEOMEAN(G91:I91) -> 7817.8226 | N91: =_xlfn.STDEV.S(G91:I91) -> 341.17498 | O91: =+N91/K91 -> 0.043613338 | P91: =ROUND(+IF(O91<=25%,J91,IF(O91<=60%,L91,IF(O91<=90%,M91,IF(O91<=100%,K91)))),0) -> 7554 | Q91: =+IF(P91<=26%,"MENOR VALOR",IF(P91<=60%,"MEDIA ARMONICA",IF(P91<=90%,"MEDIA GEOMETRICA","MENOR VALOR"))) -> MENOR VALOR
A92: =+COTIZACIONES!A91 -> 89 | B92: =+COTIZACIONES!C91 -> DESMONTE MATENIMIENTO Y REINSTALACION DE VENTANERIA INCLUYE LIMPIEZA LIJADADA PINTURA ESMALTE Y REINSTALACIÓN, | C92: =+COTIZACIONES!C91 -> DESMONTE MATENIMIENTO Y REINSTALACION DE VENTANERIA INCLUYE LIMPIEZA LIJADADA PINTURA ESMALTE Y REINSTALACIÓN, | D92: =+COTIZACIONES!D91 -> M² | E92: =+COTIZACIONES!E91 -> 1 | F92: =+#REF! -> #REF! | G92: =+COTIZACIONES!K91 -> 1211500 | H92: =+COTIZACIONES!Q91 -> 1389622.5 | I92: =+COTIZACIONES!W91 -> 1360467.5 | J92: =MIN(G92:I92) -> 1211500 | K92: =AVERAGE(G92:I92) -> 1320530 | L92: =HARMEAN(G92:I92) -> 1315740.8 | M92: =GEOMEAN(G92:I92) -> 1318164.1 | N92: =_xlfn.STDEV.S(G92:I92) -> 95541.4 | O92: =+N92/K92 -> 0.072350799 | P92: =ROUND(+IF(O92<=25%,J92,IF(O92<=60%,L92,IF(O92<=90%,M92,IF(O92<=100%,K92)))),0) -> 1211500 | Q92: =+IF(P92<=26%,"MENOR VALOR",IF(P92<=60%,"MEDIA ARMONICA",IF(P92<=90%,"MEDIA GEOMETRICA","MENOR VALOR"))) -> MENOR VALOR
A93: =+COTIZACIONES!A92 -> 90 | B93: =+COTIZACIONES!C92 -> DESMONTE DE VENTANERIA (INCLUYE CARGUE Y RETIRO DE MATERIAL DESMONTADO). | C93: =+COTIZACIONES!C92 -> DESMONTE DE VENTANERIA (INCLUYE CARGUE Y RETIRO DE MATERIAL DESMONTADO). | D93: =+COTIZACIONES!D92 -> M² | E93: =+COTIZACIONES!E92 -> 1 | F93: =+#REF! -> #REF! | G93: =+COTIZACIONES!K92 -> 34094.05 | H93: =+COTIZACIONES!Q92 -> 44791.885 | I93: =+COTIZACIONES!W92 -> 34746.215 | J93: =MIN(G93:I93) -> 34094.05 | K93: =AVERAGE(G93:I93) -> 37877.383 | L93: =HARMEAN(G93:I93) -> 37296.632 | M93: =GEOMEAN(G93:I93) -> 37577.551 | N93: =_xlfn.STDEV.S(G93:I93) -> 5997.0058 | O93: =+N93/K93 -> 0.15832682 | P93: =ROUND(+IF(O93<=25%,J93,IF(O93<=60%,L93,IF(O93<=90%,M93,IF(O93<=100%,K93)))),0) -> 34094 | Q93: =+IF(P93<=26%,"MENOR VALOR",IF(P93<=60%,"MEDIA ARMONICA",IF(P93<=90%,"MEDIA GEOMETRICA","MENOR VALOR"))) -> MENOR VALOR
A94: =+COTIZACIONES!A93 -> 91 | B94: =+COTIZACIONES!C93 -> MANTENIMIENTO A TODO COSTO SUMINISTRO E INSTALACION GRAVILLA LAVADA N 2 INCLUYE DILATACIÓN EN BRONCE | C94: =+COTIZACIONES!C93 -> MANTENIMIENTO A TODO COSTO SUMINISTRO E INSTALACION GRAVILLA LAVADA N 2 INCLUYE DILATACIÓN EN BRONCE | D94: =+COTIZACIONES!D93 -> M² | E94: =+COTIZACIONES!E93 -> 1 | F94: =+#REF! -> #REF! | G94: =+COTIZACIONES!K93 -> 37058.75 | H94: =+COTIZACIONES!Q93 -> 44222.1 | I94: =+COTIZACIONES!W93 -> 37767.625 | J94: =MIN(G94:I94) -> 37058.75 | K94: =AVERAGE(G94:I94) -> 39682.825 | L94: =HARMEAN(G94:I94) -> 39434.762 | M94: =GEOMEAN(G94:I94) -> 39556.386 | N94: =_xlfn.STDEV.S(G94:I94) -> 3947.0735 | O94: =+N94/K94 -> 0.099465537 | P94: =ROUND(+IF(O94<=25%,J94,IF(O94<=60%,L94,IF(O94<=90%,M94,IF(O94<=100%,K94)))),0) -> 37059 | Q94: =+IF(P94<=26%,"MENOR VALOR",IF(P94<=60%,"MEDIA ARMONICA",IF(P94<=90%,"MEDIA GEOMETRICA","MENOR VALOR"))) -> MENOR VALOR
A95: =+COTIZACIONES!A94 -> 92 | B95: =+COTIZACIONES!C94 -> INSTALACIÓN GRAVILLA LAVADA No. 2 (INCLUYE VARILLA PLÁTICA DE DILATACIÓN) | C95: =+COTIZACIONES!C94 -> INSTALACIÓN GRAVILLA LAVADA No. 2 (INCLUYE VARILLA PLÁTICA DE DILATACIÓN) | D95: =+COTIZACIONES!D94 -> M² | E95: =+COTIZACIONES!E94 -> 1 | F95: =+#REF! -> #REF! | G95: =+COTIZACIONES!K94 -> 103764.5 | H95: =+COTIZACIONES!Q94 -> 124417.18 | I95: =+COTIZACIONES!W94 -> 105749.35 | J95: =MIN(G95:I95) -> 103764.5 | K95: =AVERAGE(G95:I95) -> 111310.34 | L95: =HARMEAN(G95:I95) -> 110574.6 | M95: =GEOMEAN(G95:I95) -> 110935.09 | N95: =_xlfn.STDEV.S(G95:I95) -> 11394.154 | O95: =+N95/K95 -> 0.10236384 | P95: =ROUND(+IF(O95<=25%,J95,IF(O95<=60%,L95,IF(O95<=90%,M95,IF(O95<=100%,K95)))),0) -> 103765 | Q95: =+IF(P95<=26%,"MENOR VALOR",IF(P95<=60%,"MEDIA ARMONICA",IF(P95<=90%,"MEDIA GEOMETRICA","MENOR VALOR"))) -> MENOR VALOR
A96: =+COTIZACIONES!A95 -> 93 | B96: =+COTIZACIONES!C95 -> MANTENIMIENTO ANDEN CONCRETO 2,500 PSI REFORZADO E= 0,07M, ACABADO: ESCOBIADO, (INCLUYE MALLA ELECTRO SOLDADA M-084) | C96: =+COTIZACIONES!C95 -> MANTENIMIENTO ANDEN CONCRETO 2,500 PSI REFORZADO E= 0,07M, ACABADO: ESCOBIADO, (INCLUYE MALLA ELECTRO SOLDADA M-084) | D96: =+COTIZACIONES!D95 -> M² | E96: =+COTIZACIONES!E95 -> 1 | F96: =+#REF! -> #REF! | G96: =+COTIZACIONES!K95 -> 29647 | H96: =+COTIZACIONES!Q95 -> 36058.02 | I96: =+COTIZACIONES!W95 -> 30214.1 | J96: =MIN(G96:I96) -> 29647 | K96: =AVERAGE(G96:I96) -> 31973.04 | L96: =HARMEAN(G96:I96) -> 31725.742 | M96: =GEOMEAN(G96:I96) -> 31846.675 | N96: =_xlfn.STDEV.S(G96:I96) -> 3549.0417 | O96: =+N96/K96 -> 0.11100107 | P96: =ROUND(+IF(O96<=25%,J96,IF(O96<=60%,L96,IF(O96<=90%,M96,IF(O96<=100%,K96)))),0) -> 29647 | Q96: =+IF(P96<=26%,"MENOR VALOR",IF(P96<=60%,"MEDIA ARMONICA",IF(P96<=90%,"MEDIA GEOMETRICA","MENOR VALOR"))) -> MENOR VALOR
A97: =+COTIZACIONES!A96 -> 94 | B97: =+COTIZACIONES!C96 -> MANTENIMIENTO E INSTALACIÓN REJILLA ALUMINIO 6" X 4" CÚPULA TRADICIONAL CON SOSCO - REF, C-6"X4" TIPO COLREJILLAS O SIMILAR | C97: =+COTIZACIONES!C96 -> MANTENIMIENTO E INSTALACIÓN REJILLA ALUMINIO 6" X 4" CÚPULA TRADICIONAL CON SOSCO - REF, C-6"X4" TIPO COLREJILLAS O SIMILAR | D97: =+COTIZACIONES!D96 -> UND | E97: =+COTIZACIONES!E96 -> 1 | F97: =+#REF! -> #REF! | G97: =+COTIZACIONES!K96 -> 32611.7 | H97: =+COTIZACIONES!Q96 -> 38541.261 | I97: =+COTIZACIONES!W96 -> 33235.51 | J97: =MIN(G97:I97) -> 32611.7 | K97: =AVERAGE(G97:I97) -> 34796.157 | L97: =HARMEAN(G97:I97) -> 34602.73 | M97: =GEOMEAN(G97:I97) -> 34697.69 | N97: =_xlfn.STDEV.S(G97:I97) -> 3258.3182 | O97: =+N97/K97 -> 0.093640175 | P97: =ROUND(+IF(O97<=25%,J97,IF(O97<=60%,L97,IF(O97<=90%,M97,IF(O97<=100%,K97)))),0) -> 32612 | Q97: =+IF(P97<=26%,"MENOR VALOR",IF(P97<=60%,"MEDIA ARMONICA",IF(P97<=90%,"MEDIA GEOMETRICA","MENOR VALOR"))) -> MENOR VALOR
A98: =+COTIZACIONES!A97 -> 95 | B98: =+COTIZACIONES!C97 -> MANTENIMIENTO CERRAMIENTO EN POLISOMBRA NEGRA 80% RETENCIÓN DE LA LUZ, H=2M, | C98: =+COTIZACIONES!C97 -> MANTENIMIENTO CERRAMIENTO EN POLISOMBRA NEGRA 80% RETENCIÓN DE LA LUZ, H=2M, | D98: =+COTIZACIONES!D97 -> M² | E98: =+COTIZACIONES!E97 -> 1 | F98: =+#REF! -> #REF! | G98: =+COTIZACIONES!K97 -> 29647 | H98: =+COTIZACIONES!Q97 -> 34867.425 | I98: =+COTIZACIONES!W97 -> 30214.1 | J98: =MIN(G98:I98) -> 29647 | K98: =AVERAGE(G98:I98) -> 31576.175 | L98: =HARMEAN(G98:I98) -> 31411.172 | M98: =GEOMEAN(G98:I98) -> 31492.231 | N98: =_xlfn.STDEV.S(G98:I98) -> 2864.3752 | O98: =+N98/K98 -> 0.09071318 | P98: =ROUND(+IF(O98<=25%,J98,IF(O98<=60%,L98,IF(O98<=90%,M98,IF(O98<=100%,K98)))),0) -> 29647 | Q98: =+IF(P98<=26%,"MENOR VALOR",IF(P98<=60%,"MEDIA ARMONICA",IF(P98<=90%,"MEDIA GEOMETRICA","MENOR VALOR"))) -> MENOR VALOR
A99: =+COTIZACIONES!A98 -> 96 | B99: =+COTIZACIONES!C98 -> MANTENIMIENTO RETIRO DE CAPAS DE PINTURA DETERIORADA POR HUMEDAD (RASPADO Y LIJADO) | C99: =+COTIZACIONES!C98 -> MANTENIMIENTO RETIRO DE CAPAS DE PINTURA DETERIORADA POR HUMEDAD (RASPADO Y LIJADO) | D99: =+COTIZACIONES!D98 -> M² | E99: =+COTIZACIONES!E98 -> 1 | F99: =+#REF! -> #REF! | G99: =+COTIZACIONES!K98 -> 71293.75 | H99: =+COTIZACIONES!Q98 -> 71052.025 | I99: =+COTIZACIONES!W98 -> 63888.125 | J99: =MIN(G99:I99) -> 63888.125 | K99: =AVERAGE(G99:I99) -> 68744.633 | L99: =HARMEAN(G99:I99) -> 68566.679 | M99: =GEOMEAN(G99:I99) -> 68656.662 | N99: =_xlfn.STDEV.S(G99:I99) -> 4207.5958 | O99: =+N99/K99 -> 0.061206172 | P99: =ROUND(+IF(O99<=25%,J99,IF(O99<=60%,L99,IF(O99<=90%,M99,IF(O99<=100%,K99)))),0) -> 63888 | Q99: =+IF(P99<=26%,"MENOR VALOR",IF(P99<=60%,"MEDIA ARMONICA",IF(P99<=90%,"MEDIA GEOMETRICA","MENOR VALOR"))) -> MENOR VALOR
A100: =+COTIZACIONES!A99 -> 97 | B100: =+COTIZACIONES!C99 -> MANTENIMIENTO RETIRO MANUAL DE ADOQUÍN SOBRE ARENA (INCLUYE CARGUE Y RETIRO DE ESCOMBROS) | C100: =+COTIZACIONES!C99 -> MANTENIMIENTO RETIRO MANUAL DE ADOQUÍN SOBRE ARENA (INCLUYE CARGUE Y RETIRO DE ESCOMBROS) | D100: =+COTIZACIONES!D99 -> M² | E100: =+COTIZACIONES!E99 -> 1 | F100: =+#REF! -> #REF! | G100: =+COTIZACIONES!K99 -> 65223.4 | H100: =+COTIZACIONES!Q99 -> 84192.075 | I100: =+COTIZACIONES!W99 -> 66471.02 | J100: =MIN(G100:I100) -> 65223.4 | K100: =AVERAGE(G100:I100) -> 71962.165 | L100: =HARMEAN(G100:I100) -> 70999.744 | M100: =GEOMEAN(G100:I100) -> 71466.47 | N100: =_xlfn.STDEV.S(G100:I100) -> 10609.767 | O100: =+N100/K100 -> 0.14743535 | P100: =ROUND(+IF(O100<=25%,J100,IF(O100<=60%,L100,IF(O100<=90%,M100,IF(O100<=100%,K100)))),0) -> 65223 | Q100: =+IF(P100<=26%,"MENOR VALOR",IF(P100<=60%,"MEDIA ARMONICA",IF(P100<=90%,"MEDIA GEOMETRICA","MENOR VALOR"))) -> MENOR VALOR
A101: =+COTIZACIONES!A100 -> 98 | B101: =+COTIZACIONES!C100 -> MANTENIMIENTO Y REINSTALACIÓN DE LUMINARIA LIMPIEZA Y PUESTA EN FUNCIONAMIENTO | C101: =+COTIZACIONES!C100 -> MANTENIMIENTO Y REINSTALACIÓN DE LUMINARIA LIMPIEZA Y PUESTA EN FUNCIONAMIENTO | D101: =+COTIZACIONES!D100 -> Servicio | E101: =+COTIZACIONES!E100 -> 1 | F101: =+#REF! -> #REF! | G101: =+COTIZACIONES!K100 -> 26682.3 | H101: =+COTIZACIONES!Q100 -> 34136.059 | I101: =+COTIZACIONES!W100 -> 27192.69 | J101: =MIN(G101:I101) -> 26682.3 | K101: =AVERAGE(G101:I101) -> 29337.016 | L101: =HARMEAN(G101:I101) -> 28972.308 | M101: =GEOMEAN(G101:I101) -> 29149.399 | N101: =_xlfn.STDEV.S(G101:I101) -> 4163.9206 | O101: =+N101/K101 -> 0.14193402 | P101: =ROUND(+IF(O101<=25%,J101,IF(O101<=60%,L101,IF(O101<=90%,M101,IF(O101<=100%,K101)))),0) -> 26682 | Q101: =+IF(P101<=26%,"MENOR VALOR",IF(P101<=60%,"MEDIA ARMONICA",IF(P101<=90%,"MEDIA GEOMETRICA","MENOR VALOR"))) -> MENOR VALOR
A102: =+COTIZACIONES!A101 -> 99 | B102: =+COTIZACIONES!C101 -> DEMOLICIÓN - RETIRO PAÑETE DETERIORADO Y PAÑETADA (INCLUYE CARGUE Y RETIRO DE ESCOMBROS) | C102: =+COTIZACIONES!C101 -> DEMOLICIÓN - RETIRO PAÑETE DETERIORADO Y PAÑETADA (INCLUYE CARGUE Y RETIRO DE ESCOMBROS) | D102: =+COTIZACIONES!D101 -> M² | E102: =+COTIZACIONES!E101 -> 1 | F102: =+#REF! -> #REF! | G102: =+COTIZACIONES!K101 -> 6670.575 | H102: =+COTIZACIONES!Q101 -> 8763.6296 | I102: =+COTIZACIONES!W101 -> 6798.1725 | J102: =MIN(G102:I102) -> 6670.575 | K102: =AVERAGE(G102:I102) -> 7410.7924 | L102: =HARMEAN(G102:I102) -> 7297.1672 | M102: =GEOMEAN(G102:I102) -> 7352.1296 | N102: =_xlfn.STDEV.S(G102:I102) -> 1173.3272 | O102: =+N102/K102 -> 0.15832682 | P102: =ROUND(+IF(O102<=25%,J102,IF(O102<=60%,L102,IF(O102<=90%,M102,IF(O102<=100%,K102)))),0) -> 6671 | Q102: =+IF(P102<=26%,"MENOR VALOR",IF(P102<=60%,"MEDIA ARMONICA",IF(P102<=90%,"MEDIA GEOMETRICA","MENOR VALOR"))) -> MENOR VALOR
A103: =+COTIZACIONES!A102 -> 100 | B103: =+COTIZACIONES!C102 -> DESMONTE, MONTE E INSTALACIÓN LAMINA PVC CIELO RAZO COLOR BLANCO BRILLANTE A TODO COSTO LAMINA PVC BLANCO BRILLANTE 7MM LARGO: 5,95 CM ANCHO: 25 CM | C103: =+COTIZACIONES!C102 -> DESMONTE, MONTE E INSTALACIÓN LAMINA PVC CIELO RAZO COLOR BLANCO BRILLANTE A TODO COSTO LAMINA PVC BLANCO BRILLANTE 7MM LARGO: 5,95 CM ANCHO: 25 CM | D103: =+COTIZACIONES!D102 -> Unidad | E103: =+COTIZACIONES!E102 -> 1 | F103: =+#REF! -> #REF! | G103: =+COTIZACIONES!K102 -> 17788.2 | H103: =+COTIZACIONES!Q102 -> 21226.608 | I103: =+COTIZACIONES!W102 -> 18128.46 | J103: =MIN(G103:I103) -> 17788.2 | K103: =AVERAGE(G103:I103) -> 19047.756 | L103: =HARMEAN(G103:I103) -> 18928.686 | M103: =GEOMEAN(G103:I103) -> 18987.065 | N103: =_xlfn.STDEV.S(G103:I103) -> 1894.5953 | O103: =+N103/K103 -> 0.099465537 | P103: =ROUND(+IF(O103<=25%,J103,IF(O103<=60%,L103,IF(O103<=90%,M103,IF(O103<=100%,K103)))),0) -> 17788 | Q103: =+IF(P103<=26%,"MENOR VALOR",IF(P103<=60%,"MEDIA ARMONICA",IF(P103<=90%,"MEDIA GEOMETRICA","MENOR VALOR"))) -> MENOR VALOR
... A185: =+COTIZACIONES!A184 -> 182 | B185: =+COTIZACIONES!C184 -> SUMINISTRO, INSTALACIÓN Y PUESTA EN FUNCIONAMIENTO DE LUMINARIA ALUMBRADO PÚBLICO VIAL TIPO LED, Potencia 75 W, Temperatura color 4000K - 5700K similar o características técnicas superiores y de acuerdo a requerimiento según diseño Ejercito, Flujo lumínico 8.819lm - 9.621lm similar o características técnicas superiores y de acuerdo a requerimiento según diseño Ejercito, Diodos LED 36 puntos o superior, Multivoltaje, Factor de potencia 0.9 similar o características técnicas superiores, Supresor de picos de tensión (DPS) incorporado de 20kV similar o características técnicas superiores, Aleación en aluminio, Dispersor térmico en aluminio, Vida útil Diodo 116.000 Horas o superior. INCLUYE ACCESORIOS DE FIJACIÓN, CONEXIÓN Y TODO LO NECESARIO PARA SU CORRECTO FUNCIONAMIENTO. | C185: =+COTIZACIONES!C184 -> SUMINISTRO, INSTALACIÓN Y PUESTA EN FUNCIONAMIENTO DE LUMINARIA ALUMBRADO PÚBLICO VIAL TIPO LED, Potencia 75 W, Temperatura color 4000K - 5700K similar o características técnicas superiores y de acuerdo a requerimiento según diseño Ejercito, Flujo lumínico 8.819lm - 9.621lm similar o características técnicas superiores y de acuerdo a requerimiento según diseño Ejercito, Diodos LED 36 puntos o superior, Multivoltaje, Factor de potencia 0.9 similar o características técnicas superiores, Supresor de picos de tensión (DPS) incorporado de 20kV similar o características técnicas superiores, Aleación en aluminio, Dispersor térmico en aluminio, Vida útil Diodo 116.000 Horas o superior. INCLUYE ACCESORIOS DE FIJACIÓN, CONEXIÓN Y TODO LO NECESARIO PARA SU CORRECTO FUNCIONAMIENTO. | D185: =+COTIZACIONES!D184 -> Unidad | E185: =+COTIZACIONES!E184 -> 1 | F185: =+#REF! -> #REF! | G185: =+COTIZACIONES!K184 -> 1218123.1 | H185: =+COTIZACIONES!Q184 -> 1328930.5 | I185: =+COTIZACIONES!W184 -> 1401671.2 | J185: =MIN(G185:I185) -> 1218123.1 | K185: =AVERAGE(G185:I185) -> 1316241.6 | L185: =HARMEAN(G185:I185) -> 1311845.9 | M185: =GEOMEAN(G185:I185) -> 1314054 | N185: =_xlfn.STDEV.S(G185:I185) -> 92429.632 | O185: =+N185/K185 -> 0.07022239 | P185: =ROUND(+IF(O185<=25%,J185,IF(O185<=60%,L185,IF(O185<=90%,M185,IF(O185<=100%,K185)))),0) -> 1218123 | Q185: =+IF(P185<=26%,"MENOR VALOR",IF(P185<=60%,"MEDIA ARMONICA",IF(P185<=90%,"MEDIA GEOMETRICA","MENOR VALOR"))) -> MENOR VALOR
A186: =+COTIZACIONES!A185 -> 183 | B186: =+COTIZACIONES!C185 -> SUMINISTRO, INSTALACIÓN Y PUESTA EN FUNCIONAMIENTO DE PANEL DE ILUMINACION EN LED 45 W , DIMENSIONES 1200 x 300 x 9 mm, COLOR BLANCO FRIO (5000-6500K) , SMD2835, FLUJO LUMINOSO 3209 lm, ANGULO DE APERTURA 110°, VOLTAJE 100-240 V, FACTOR DE POTENCIA >0.95, HORAS DE VIDA UTIL IGUAL O SUPERIOR A 35.000 HORAS , Garantia 5 años. INCLUYE TODO LO NECESARIO PARA SU FUNCIONAMIENTO | C186: =+COTIZACIONES!C185 -> SUMINISTRO, INSTALACIÓN Y PUESTA EN FUNCIONAMIENTO DE PANEL DE ILUMINACION EN LED 45 W , DIMENSIONES 1200 x 300 x 9 mm, COLOR BLANCO FRIO (5000-6500K) , SMD2835, FLUJO LUMINOSO 3209 lm, ANGULO DE APERTURA 110°, VOLTAJE 100-240 V, FACTOR DE POTENCIA >0.95, HORAS DE VIDA UTIL IGUAL O SUPERIOR A 35.000 HORAS , Garantia 5 años. INCLUYE TODO LO NECESARIO PARA SU FUNCIONAMIENTO | D186: =+COTIZACIONES!D185 -> Unidad | E186: =+COTIZACIONES!E185 -> 1 | G186: =+COTIZACIONES!K185 -> 1099123.1 | H186: =+COTIZACIONES!Q185 -> 1193071.2 | I186: =+COTIZACIONES!W185 -> 1591714.2 | J186: =MIN(G186:I186) -> 1099123.1 | K186: =AVERAGE(G186:I186) -> 1294636.2 | L186: =HARMEAN(G186:I186) -> 1262497.3 | M186: =GEOMEAN(G186:I186) -> 1277985.5 | N186: =_xlfn.STDEV.S(G186:I186) -> 261530.3 | O186: =+N186/K186 -> 0.20201065 | P186: =ROUND(+IF(O186<=25%,J186,IF(O186<=60%,L186,IF(O186<=90%,M186,IF(O186<=100%,K186)))),0) -> 1099123 | Q186: =+IF(P186<=26%,"MENOR VALOR",IF(P186<=60%,"MEDIA ARMONICA",IF(P186<=90%,"MEDIA GEOMETRICA","MENOR VALOR"))) -> MENOR VALOR
A187: =+COTIZACIONES!A186 -> 184 | B187: =+COTIZACIONES!C186 -> SUMINISTRO E INSTALACION DE APLIQUE TORTUGA LED DE 13,5 W, IP65, Voltaje 100/277VAC, E27, con Rejilla Color Negro, Temperatura de Color 6500K Blanco Frío, Horas de Vida Útil 50,000 Horas, Garantía de 5 años. INCLUYE ACCESORIOS DE FIJACIÓN Y CONEXIÓN. | C187: =+COTIZACIONES!C186 -> SUMINISTRO E INSTALACION DE APLIQUE TORTUGA LED DE 13,5 W, IP65, Voltaje 100/277VAC, E27, con Rejilla Color Negro, Temperatura de Color 6500K Blanco Frío, Horas de Vida Útil 50,000 Horas, Garantía de 5 años. INCLUYE ACCESORIOS DE FIJACIÓN Y CONEXIÓN. | D187: =+COTIZACIONES!D186 -> Unidad | E187: =+COTIZACIONES!E186 -> 1 | F187: =+#REF! -> #REF! | G187: =+COTIZACIONES!K186 -> 1099123.1 | H187: =+COTIZACIONES!Q186 -> 1170807.5 | I187: =+COTIZACIONES!W186 -> 1271009.2 | J187: =MIN(G187:I187) -> 1099123.1 | K187: =AVERAGE(G187:I187) -> 1180313.3 | L187: =HARMEAN(G187:I187) -> 1176145.9 | M187: =GEOMEAN(G187:I187) -> 1178221.2 | N187: =_xlfn.STDEV.S(G187:I187) -> 86336.447 | O187: =+N187/K187 -> 0.073147061 | P187: =ROUND(+IF(O187<=25%,J187,IF(O187<=60%,L187,IF(O187<=90%,M187,IF(O187<=100%,K187)))),0) -> 1099123 | Q187: =+IF(P187<=26%,"MENOR VALOR",IF(P187<=60%,"MEDIA ARMONICA",IF(P187<=90%,"MEDIA GEOMETRICA","MENOR VALOR"))) -> MENOR VALOR
A188: =+COTIZACIONES!A187 -> 185 | B188: =+COTIZACIONES!C187 -> INSTALACIÓN DE CABLE DE COBRE THHN/THWN N°10 AWG. | C188: =+COTIZACIONES!C187 -> INSTALACIÓN DE CABLE DE COBRE THHN/THWN N°10 AWG. | D188: =+COTIZACIONES!D187 -> ml | E188: =+COTIZACIONES!E187 -> 1 | F188: =+#REF! -> #REF! | G188: =+COTIZACIONES!K187 -> 1214242 | H188: =+COTIZACIONES!Q187 -> 1324995.6 | I188: =+COTIZACIONES!W187 -> 1235190.2 | J188: =MIN(G188:I188) -> 1214242 | K188: =AVERAGE(G188:I188) -> 1258142.6 | L188: =HARMEAN(G188:I188) -> 1256349.6 | M188: =GEOMEAN(G188:I188) -> 1257239 | N188: =_xlfn.STDEV.S(G188:I188) -> 58836.222 | O188: =+N188/K188 -> 0.04676435 | P188: =ROUND(+IF(O188<=25%,J188,IF(O188<=60%,L188,IF(O188<=90%,M188,IF(O188<=100%,K188)))),0) -> 1214242 | Q188: =+IF(P188<=26%,"MENOR VALOR",IF(P188<=60%,"MEDIA ARMONICA",IF(P188<=90%,"MEDIA GEOMETRICA","MENOR VALOR"))) -> MENOR VALOR
A189: =+COTIZACIONES!A188 -> 186 | B189: =+COTIZACIONES!C188 -> INSTALACIÓN DE CANASTILLA PARA CABLEADO AÉREO. ANCHO 20 CM | C189: =+COTIZACIONES!C188 -> INSTALACIÓN DE CANASTILLA PARA CABLEADO AÉREO. ANCHO 20 CM | D189: =+COTIZACIONES!D188 -> ML | E189: =+COTIZACIONES!E188 -> 1 | F189: =+#REF! -> #REF! | G189: =+COTIZACIONES!K188 -> 631142 | H189: =+COTIZACIONES!Q188 -> 661746.42 | I189: =+COTIZACIONES!W188 -> 617163.75 | J189: =MIN(G189:I189) -> 617163.75 | K189: =AVERAGE(G189:I189) -> 636684.06 | L189: =HARMEAN(G189:I189) -> 636146.09 | M189: =GEOMEAN(G189:I189) -> 636413.96 | N189: =_xlfn.STDEV.S(G189:I189) -> 22802.18 | O189: =+N189/K189 -> 0.035813964 | P189: =ROUND(+IF(O189<=25%,J189,IF(O189<=60%,L189,IF(O189<=90%,M189,IF(O189<=100%,K189)))),0) -> 617164 | Q189: =+IF(P189<=26%,"MENOR VALOR",IF(P189<=60%,"MEDIA ARMONICA",IF(P189<=90%,"MEDIA GEOMETRICA","MENOR VALOR"))) -> MENOR VALOR
A190: =+COTIZACIONES!A189 -> 187 | B190: =+COTIZACIONES!C189 -> INSTALACIÓN DE CAPACETE PARA ACOMETIDAS ELÉCTRICAS CON UN DIÁMETRO DE 1". | C190: =+COTIZACIONES!C189 -> INSTALACIÓN DE CAPACETE PARA ACOMETIDAS ELÉCTRICAS CON UN DIÁMETRO DE 1". | D190: =+COTIZACIONES!D189 -> Servicio | E190: =+COTIZACIONES!E189 -> 1 | F190: =+#REF! -> #REF! | G190: =+COTIZACIONES!K189 -> 640662 | H190: =+COTIZACIONES!Q189 -> 719566.65 | I190: =+COTIZACIONES!W189 -> 701272.95 | J190: =MIN(G190:I190) -> 640662 | K190: =AVERAGE(G190:I190) -> 687167.2 | L190: =HARMEAN(G190:I190) -> 685465.31 | M190: =GEOMEAN(G190:I190) -> 686323.75 | N190: =_xlfn.STDEV.S(G190:I190) -> 41300.304 | O190: =+N190/K190 -> 0.060102263 | P190: =ROUND(+IF(O190<=25%,J190,IF(O190<=60%,L190,IF(O190<=90%,M190,IF(O190<=100%,K190)))),0) -> 640662 | Q190: =+IF(P190<=26%,"MENOR VALOR",IF(P190<=60%,"MEDIA ARMONICA",IF(P190<=90%,"MEDIA GEOMETRICA","MENOR VALOR"))) -> MENOR VALOR
A191: =+COTIZACIONES!A190 -> 188 | B191: =+COTIZACIONES!C190 -> INSTALACIÓN DE CAPACETE PARA ACOMETIDAS ELÉCTRICAS CON UN DIÁMETRO DE 3/4". | C191: =+COTIZACIONES!C190 -> INSTALACIÓN DE CAPACETE PARA ACOMETIDAS ELÉCTRICAS CON UN DIÁMETRO DE 3/4". | D191: =+COTIZACIONES!D190 -> Unidad | E191: =+COTIZACIONES!E190 -> 1 | F191: =+#REF! -> #REF! | G191: =+COTIZACIONES!K190 -> 640662 | H191: =+COTIZACIONES!Q190 -> 713850.23 | I191: =+COTIZACIONES!W190 -> 688444.75 | J191: =MIN(G191:I191) -> 640662 | K191: =AVERAGE(G191:I191) -> 680985.66 | L191: =HARMEAN(G191:I191) -> 679611.16 | M191: =GEOMEAN(G191:I191) -> 680301.96 | N191: =_xlfn.STDEV.S(G191:I191) -> 37159.895 | O191: =+N191/K191 -> 0.054567808 | P191: =ROUND(+IF(O191<=25%,J191,IF(O191<=60%,L191,IF(O191<=90%,M191,IF(O191<=100%,K191)))),0) -> 640662 | Q191: =+IF(P191<=26%,"MENOR VALOR",IF(P191<=60%,"MEDIA ARMONICA",IF(P191<=90%,"MEDIA GEOMETRICA","MENOR VALOR"))) -> MENOR VALOR
A192: =+COTIZACIONES!A191 -> 189 | B192: =+COTIZACIONES!C191 -> INSTALACIÓN DE INTERRUPTOR DOBLE TUBERÍA CONDUIT PVC 3/4", ALAMBRE No 12 AWG INCLUYE APARATO PROM 5 M | C192: =+COTIZACIONES!C191 -> INSTALACIÓN DE INTERRUPTOR DOBLE TUBERÍA CONDUIT PVC 3/4", ALAMBRE No 12 AWG INCLUYE APARATO PROM 5 M | D192: =+COTIZACIONES!D191 -> Unidad | E192: =+COTIZACIONES!E191 -> 1 | F192: =+#REF! -> #REF! | G192: =+COTIZACIONES!K191 -> 91969.66 | H192: =+COTIZACIONES!Q191 -> 113379.41 | I192: =+COTIZACIONES!W191 -> 92765.498 | J192: =MIN(G192:I192) -> 91969.66 | K192: =AVERAGE(G192:I192) -> 99371.523 | L192: =HARMEAN(G192:I192) -> 98447.921 | M192: =GEOMEAN(G192:I192) -> 98898.207 | N192: =_xlfn.STDEV.S(G192:I192) -> 12137.711 | O192: =+N192/K192 -> 0.12214476 | P192: =ROUND(+IF(O192<=25%,J192,IF(O192<=60%,L192,IF(O192<=90%,M192,IF(O192<=100%,K192)))),0) -> 91970 | Q192: =+IF(P192<=26%,"MENOR VALOR",IF(P192<=60%,"MEDIA ARMONICA",IF(P192<=90%,"MEDIA GEOMETRICA","MENOR VALOR"))) -> MENOR VALOR
A193: =+COTIZACIONES!A192 -> 190 | B193: =+COTIZACIONES!C192 -> SUMINSTRO INSTALACIÓN DE TUBERÍA CONDUIT PVC 1" | C193: =+COTIZACIONES!C192 -> SUMINSTRO INSTALACIÓN DE TUBERÍA CONDUIT PVC 1" | D193: =+COTIZACIONES!D192 -> ML | E193: =+COTIZACIONES!E192 -> 1 | F193: =+#REF! -> #REF! | G193: =+COTIZACIONES!K192 -> 9635.275 | H193: =+COTIZACIONES!Q192 -> 11497.746 | I193: =+COTIZACIONES!W192 -> 9819.5825 | J193: =MIN(G193:I193) -> 9635.275 | K193: =AVERAGE(G193:I193) -> 10317.534 | L193: =HARMEAN(G193:I193) -> 10253.038 | M193: =GEOMEAN(G193:I193) -> 10284.66 | N193: =_xlfn.STDEV.S(G193:I193) -> 1026.2391 | O193: =+N193/K193 -> 0.099465537 | P193: =ROUND(+IF(O193<=25%,J193,IF(O193<=60%,L193,IF(O193<=90%,M193,IF(O193<=100%,K193)))),0) -> 9635 | Q193: =+IF(P193<=26%,"MENOR VALOR",IF(P193<=60%,"MEDIA ARMONICA",IF(P193<=90%,"MEDIA GEOMETRICA","MENOR VALOR"))) -> MENOR VALOR
A194: =+COTIZACIONES!A193 -> 191 | B194: =+COTIZACIONES!C193 -> SUMINISTRO E INSTALACIÓN DE TUBERÍA CONDUIT PVC 1/2" | C194: =+COTIZACIONES!C193 -> SUMINISTRO E INSTALACIÓN DE TUBERÍA CONDUIT PVC 1/2" | D194: =+COTIZACIONES!D193 -> ML | E194: =+COTIZACIONES!E193 -> 1 | F194: =+#REF! -> #REF! | G194: =+COTIZACIONES!K193 -> 5188.225 | H194: =+COTIZACIONES!Q193 -> 6220.8589 | I194: =+COTIZACIONES!W193 -> 5287.4675 | J194: =MIN(G194:I194) -> 5188.225 | K194: =AVERAGE(G194:I194) -> 5565.5171 | L194: =HARMEAN(G194:I194) -> 5528.7298 | M194: =GEOMEAN(G194:I194) -> 5546.7546 | N194: =_xlfn.STDEV.S(G194:I194) -> 569.70771 | O194: =+N194/K194 -> 0.10236384 | P194: =ROUND(+IF(O194<=25%,J194,IF(O194<=60%,L194,IF(O194<=90%,M194,IF(O194<=100%,K194)))),0) -> 5188 | Q194: =+IF(P194<=26%,"MENOR VALOR",IF(P194<=60%,"MEDIA ARMONICA",IF(P194<=90%,"MEDIA GEOMETRICA","MENOR VALOR"))) -> MENOR VALOR
A195: =+COTIZACIONES!A194 -> 192 | B195: =+COTIZACIONES!C194 -> INSTALACIÓN DE TUBERÍA CONDUIT PVC 3/4" | C195: =+COTIZACIONES!C194 -> INSTALACIÓN DE TUBERÍA CONDUIT PVC 3/4" | D195: =+COTIZACIONES!D194 -> ML | E195: =+COTIZACIONES!E194 -> 1 | F195: =+#REF! -> #REF! | G195: =+COTIZACIONES!K194 -> 6670.575 | H195: =+COTIZACIONES!Q194 -> 8113.0545 | I195: =+COTIZACIONES!W194 -> 6798.1725 | J195: =MIN(G195:I195) -> 6670.575 | K195: =AVERAGE(G195:I195) -> 7193.934 | L195: =HARMEAN(G195:I195) -> 7138.2919 | M195: =GEOMEAN(G195:I195) -> 7165.5019 | N195: =_xlfn.STDEV.S(G195:I195) -> 798.53438 | O195: =+N195/K195 -> 0.11100107 | P195: =ROUND(+IF(O195<=25%,J195,IF(O195<=60%,L195,IF(O195<=90%,M195,IF(O195<=100%,K195)))),0) -> 6671 | Q195: =+IF(P195<=26%,"MENOR VALOR",IF(P195<=60%,"MEDIA ARMONICA",IF(P195<=90%,"MEDIA GEOMETRICA","MENOR VALOR"))) -> MENOR VALOR
A196: =+COTIZACIONES!A195 -> 193 | B196: =+COTIZACIONES!C195 -> INSTALACIÓN DE TUBERÍA SUSPENDIDA EN TUBO CONDUIT DE 1 1/2". | C196: =+COTIZACIONES!C195 -> INSTALACIÓN DE TUBERÍA SUSPENDIDA EN TUBO CONDUIT DE 1 1/2". | D196: =+COTIZACIONES!D195 -> Metro | E196: =+COTIZACIONES!E195 -> 1 | F196: =+#REF! -> #REF! | G196: =+COTIZACIONES!K195 -> 17047.025 | H196: =+COTIZACIONES!Q195 -> 20146.568 | I196: =+COTIZACIONES!W195 -> 17373.107 | J196: =MIN(G196:I196) -> 17047.025 | K196: =AVERAGE(G196:I196) -> 18188.9 | L196: =HARMEAN(G196:I196) -> 18087.791 | M196: =GEOMEAN(G196:I196) -> 18137.429 | N196: =_xlfn.STDEV.S(G196:I196) -> 1703.2118 | O196: =+N196/K196 -> 0.093640175 | P196: =ROUND(+IF(O196<=25%,J196,IF(O196<=60%,L196,IF(O196<=90%,M196,IF(O196<=100%,K196)))),0) -> 17047 | Q196: =+IF(P196<=26%,"MENOR VALOR",IF(P196<=60%,"MEDIA ARMONICA",IF(P196<=90%,"MEDIA GEOMETRICA","MENOR VALOR"))) -> MENOR VALOR
A197: =+COTIZACIONES!A196 -> 194 | B197: =+COTIZACIONES!C196 -> INSTALACIÓN DE TUBERÍA Y/O ACCESORIOS PARA RED ELÉCTRICA 2" | C197: =+COTIZACIONES!C196 -> INSTALACIÓN DE TUBERÍA Y/O ACCESORIOS PARA RED ELÉCTRICA 2" | D197: =+COTIZACIONES!D196 -> Ml | E197: =+COTIZACIONES!E196 -> 1 | F197: =+#REF! -> #REF! | G197: =+COTIZACIONES!K196 -> 37058.75 | H197: =+COTIZACIONES!Q196 -> 43584.281 | I197: =+COTIZACIONES!W196 -> 37767.625 | J197: =MIN(G197:I197) -> 37058.75 | K197: =AVERAGE(G197:I197) -> 39470.219 | L197: =HARMEAN(G197:I197) -> 39263.965 | M197: =GEOMEAN(G197:I197) -> 39365.289 | N197: =_xlfn.STDEV.S(G197:I197) -> 3580.4691 | O197: =+N197/K197 -> 0.09071318 | P197: =ROUND(+IF(O197<=25%,J197,IF(O197<=60%,L197,IF(O197<=90%,M197,IF(O197<=100%,K197)))),0) -> 37059 | Q197: =+IF(P197<=26%,"MENOR VALOR",IF(P197<=60%,"MEDIA ARMONICA",IF(P197<=90%,"MEDIA GEOMETRICA","MENOR VALOR"))) -> MENOR VALOR
A198: =+COTIZACIONES!A197 -> 195 | B198: =+COTIZACIONES!C197 -> MANTENIMIENTO A TODO COSTO INSTALACIÓN LUMINARIAS Y LÁMPARAS (REDONDA, CUADRADA Y RECTANGULAR) | C198: =+COTIZACIONES!C197 -> MANTENIMIENTO A TODO COSTO INSTALACIÓN LUMINARIAS Y LÁMPARAS (REDONDA, CUADRADA Y RECTANGULAR) | D198: =+COTIZACIONES!D197 -> Servicio | E198: =+COTIZACIONES!E197 -> 1 | F198: =+#REF! -> #REF! | G198: =+COTIZACIONES!K197 -> 2549642 | H198: =+COTIZACIONES!Q197 -> 3027853.2 | I198: =+COTIZACIONES!W197 -> 2492663.2 | J198: =MIN(G198:I198) -> 2492663.2 | K198: =AVERAGE(G198:I198) -> 2690052.8 | L198: =HARMEAN(G198:I198) -> 2669855.6 | M198: =GEOMEAN(G198:I198) -> 2679739.3 | N198: =_xlfn.STDEV.S(G198:I198) -> 293927.64 | O198: =+N198/K198 -> 0.10926464 | P198: =ROUND(+IF(O198<=25%,J198,IF(O198<=60%,L198,IF(O198<=90%,M198,IF(O198<=100%,K198)))),0) -> 2492663 | Q198: =+IF(P198<=26%,"MENOR VALOR",IF(P198<=60%,"MEDIA ARMONICA",IF(P198<=90%,"MEDIA GEOMETRICA","MENOR VALOR"))) -> MENOR VALOR
... A246: =+COTIZACIONES!A245 -> 243 | B246: =+COTIZACIONES!C245 -> MANTENIMIENTO E INSTALACIÓN REJILLA ALUMINIO 6" X 4" CON SOSCO ANTI CUCARACHAS - REF, TA-6"X4" TIPO COLREJILLAS O SIMILAR | C246: =+COTIZACIONES!C245 -> MANTENIMIENTO E INSTALACIÓN REJILLA ALUMINIO 6" X 4" CON SOSCO ANTI CUCARACHAS - REF, TA-6"X4" TIPO COLREJILLAS O SIMILAR | D246: =+COTIZACIONES!D245 -> Unidad | E246: =+COTIZACIONES!E245 -> 1 | F246: =+#REF! -> #REF! | G246: =+COTIZACIONES!K245 -> 66705.75 | H246: =+COTIZACIONES!Q245 -> 87636.296 | I246: =+COTIZACIONES!W245 -> 67981.725 | J246: =MIN(G246:I246) -> 66705.75 | K246: =AVERAGE(G246:I246) -> 74107.924 | L246: =HARMEAN(G246:I246) -> 72971.672 | M246: =GEOMEAN(G246:I246) -> 73521.296 | N246: =_xlfn.STDEV.S(G246:I246) -> 11733.272 | O246: =+N246/K246 -> 0.15832682 | P246: =ROUND(+IF(O246<=25%,J246,IF(O246<=60%,L246,IF(O246<=90%,M246,IF(O246<=100%,K246)))),0) -> 66706 | Q246: =+IF(P246<=26%,"MENOR VALOR",IF(P246<=60%,"MEDIA ARMONICA",IF(P246<=90%,"MEDIA GEOMETRICA","MENOR VALOR"))) -> MENOR VALOR
A247: =+COTIZACIONES!A246 -> 244 | B247: =+COTIZACIONES!C246 -> MANTENIMIENTO E INSTALACIÓN REJILLA ALUMINIO 5" X 3" SOSCO TRADICIONAL, TIPO COLREJILLAS O SIMILAR | C247: =+COTIZACIONES!C246 -> MANTENIMIENTO E INSTALACIÓN REJILLA ALUMINIO 5" X 3" SOSCO TRADICIONAL, TIPO COLREJILLAS O SIMILAR | D247: =+COTIZACIONES!D246 -> Unidad | E247: =+COTIZACIONES!E246 -> 1 | F247: =+'VALOR INDEXADO'!I233 -> 30284.565 | G247: =+COTIZACIONES!K246 -> 877201.48 | H247: =+COTIZACIONES!Q246 -> 1265297.5 | J247: =MIN(G247:I247) -> 877201.48 | K247: =AVERAGE(G247:I247) -> 1071249.5 | L247: =HARMEAN(G247:I247) -> 1036099.3 | M247: =GEOMEAN(G247:I247) -> 1053527.8 | N247: =_xlfn.STDEV.S(G247:I247) -> 274425.32 | O247: =+N247/K247 -> 0.25617312 | P247: =ROUND(+IF(O247<=25%,J247,IF(O247<=60%,L247,IF(O247<=90%,M247,IF(O247<=100%,K247)))),0) -> 1036099 | Q247: =+IF(P247<=26%,"MENOR VALOR",IF(P247<=60%,"MEDIA ARMONICA",IF(P247<=90%,"MEDIA GEOMETRICA","MENOR VALOR"))) -> MENOR VALOR
A248: =+COTIZACIONES!A247 -> 245 | B248: =+COTIZACIONES!C247 -> MANTENIMIENTO E INSTALACIÓN TEE SANITARIA - 6" INCLUYE INSTALACIÓN LIMPIADOR Y SOLDADURA | C248: =+COTIZACIONES!C247 -> MANTENIMIENTO E INSTALACIÓN TEE SANITARIA - 6" INCLUYE INSTALACIÓN LIMPIADOR Y SOLDADURA | D248: =+COTIZACIONES!D247 -> Servicio | E248: =+COTIZACIONES!E247 -> 1 | F248: =+#REF! -> #REF! | G248: =+COTIZACIONES!K247 -> 93535 | H248: =+COTIZACIONES!Q247 -> 111740.36 | I248: =+COTIZACIONES!W247 -> 98195.825 | J248: =MIN(G248:I248) -> 93535 | K248: =AVERAGE(G248:I248) -> 101157.06 | L248: =HARMEAN(G248:I248) -> 100589.34 | M248: =GEOMEAN(G248:I248) -> 100869.32 | N248: =_xlfn.STDEV.S(G248:I248) -> 9457.0345 | O248: =+N248/K248 -> 0.093488623 | P248: =ROUND(+IF(O248<=25%,J248,IF(O248<=60%,L248,IF(O248<=90%,M248,IF(O248<=100%,K248)))),0) -> 93535 | Q248: =+IF(P248<=26%,"MENOR VALOR",IF(P248<=60%,"MEDIA ARMONICA",IF(P248<=90%,"MEDIA GEOMETRICA","MENOR VALOR"))) -> MENOR VALOR
A249: =+COTIZACIONES!A248 -> 246 | B249: =+COTIZACIONES!C248 -> MANTENIMIENTO E INSTALACIÓN TUBERÍA PVC-P RDE 9 1/2" AGUA FRÍA -RED DE SUMINISTRO (INCLUYE EXCAVACIÓN MANUAL RELLENO INICIAL EN BASE GRANULAR B-200 INSTALACIÓN Y ACCESORIOS) | C249: =+COTIZACIONES!C248 -> MANTENIMIENTO E INSTALACIÓN TUBERÍA PVC-P RDE 9 1/2" AGUA FRÍA -RED DE SUMINISTRO (INCLUYE EXCAVACIÓN MANUAL RELLENO INICIAL EN BASE GRANULAR B-200 INSTALACIÓN Y ACCESORIOS) | D249: =+COTIZACIONES!D248 -> ML | E249: =+COTIZACIONES!E248 -> 1 | F249: =+#REF! -> #REF! | G249: =+COTIZACIONES!K248 -> 36550.6 | H249: =+COTIZACIONES!Q248 -> 44186.094 | I249: =+COTIZACIONES!W248 -> 38371.907 | J249: =MIN(G249:I249) -> 36550.6 | K249: =AVERAGE(G249:I249) -> 39702.867 | L249: =HARMEAN(G249:I249) -> 39446.892 | M249: =GEOMEAN(G249:I249) -> 39572.896 | N249: =_xlfn.STDEV.S(G249:I249) -> 3987.9547 | O249: =+N249/K249 -> 0.10044501 | P249: =ROUND(+IF(O249<=25%,J249,IF(O249<=60%,L249,IF(O249<=90%,M249,IF(O249<=100%,K249)))),0) -> 36551 | Q249: =+IF(P249<=26%,"MENOR VALOR",IF(P249<=60%,"MEDIA ARMONICA",IF(P249<=90%,"MEDIA GEOMETRICA","MENOR VALOR"))) -> MENOR VALOR
A250: =+COTIZACIONES!A249 -> 247 | B250: =+COTIZACIONES!C249 -> MANTENIMIENTO E INSTALACIÓN TUBERÍA PVC-P RDE 21 3/4" AGUA FRÍA - RED DE SUMINISTRO (INCLUYE EXCAVACIÓN MANUAL RELLENO INICIAL EN BASE GRANULAR B-200 INSTALACIÓN Y ACCESORIOS) | C250: =+COTIZACIONES!C249 -> MANTENIMIENTO E INSTALACIÓN TUBERÍA PVC-P RDE 21 3/4" AGUA FRÍA - RED DE SUMINISTRO (INCLUYE EXCAVACIÓN MANUAL RELLENO INICIAL EN BASE GRANULAR B-200 INSTALACIÓN Y ACCESORIOS) | D250: =+COTIZACIONES!D249 -> ML | E250: =+COTIZACIONES!E249 -> 1 | F250: =+#REF! -> #REF! | G250: =+COTIZACIONES!K249 -> 41731 | H250: =+COTIZACIONES!Q249 -> 49258.095 | I250: =+COTIZACIONES!W249 -> 43810.445 | J250: =MIN(G250:I250) -> 41731 | K250: =AVERAGE(G250:I250) -> 44933.18 | L250: =HARMEAN(G250:I250) -> 44716.16 | M250: =GEOMEAN(G250:I250) -> 44823.389 | N250: =_xlfn.STDEV.S(G250:I250) -> 3887.1185 | O250: =+N250/K250 -> 0.086508867 | P250: =ROUND(+IF(O250<=25%,J250,IF(O250<=60%,L250,IF(O250<=90%,M250,IF(O250<=100%,K250)))),0) -> 41731 | Q250: =+IF(P250<=26%,"MENOR VALOR",IF(P250<=60%,"MEDIA ARMONICA",IF(P250<=90%,"MEDIA GEOMETRICA","MENOR VALOR"))) -> MENOR VALOR
A251: =+COTIZACIONES!A250 -> 248 | B251: =+COTIZACIONES!C250 -> MANTENIMIENTO E INSTALACIÓN TUBERÍA PVC-S 2" (RED SANITARIA) INCLUYE EXCAVACIÓN MANUAL RELLENO INICIAL EN BASE GRANULAR B-200 COMPACTADO INSTALACIÓN Y ACCESORIOS | C251: =+COTIZACIONES!C250 -> MANTENIMIENTO E INSTALACIÓN TUBERÍA PVC-S 2" (RED SANITARIA) INCLUYE EXCAVACIÓN MANUAL RELLENO INICIAL EN BASE GRANULAR B-200 COMPACTADO INSTALACIÓN Y ACCESORIOS | D251: =+COTIZACIONES!D250 -> ML | E251: =+COTIZACIONES!E250 -> 1 | F251: =+#REF! -> #REF! | G251: =+COTIZACIONES!K250 -> 49645.5 | H251: =+COTIZACIONES!Q250 -> 58364.081 | I251: =+COTIZACIONES!W250 -> 52119.323 | J251: =MIN(G251:I251) -> 49645.5 | K251: =AVERAGE(G251:I251) -> 53376.301 | L251: =HARMEAN(G251:I251) -> 53131.782 | M251: =GEOMEAN(G251:I251) -> 53252.676 | N251: =_xlfn.STDEV.S(G251:I251) -> 4493.1516 | O251: =+N251/K251 -> 0.084178774 | P251: =ROUND(+IF(O251<=25%,J251,IF(O251<=60%,L251,IF(O251<=90%,M251,IF(O251<=100%,K251)))),0) -> 49646 | Q251: =+IF(P251<=26%,"MENOR VALOR",IF(P251<=60%,"MEDIA ARMONICA",IF(P251<=90%,"MEDIA GEOMETRICA","MENOR VALOR"))) -> MENOR VALOR
A252: =+COTIZACIONES!A251 -> 249 | B252: =+COTIZACIONES!C251 -> MANTENIMIENTO E INSTALACIÓN TUBERÍA PVC-S 3" (RED SANITARIA) INCLUYE EXCAVACIÓN MANUAL RELLENO INICIAL EN BASE GRANULAR B-200 COMPACTADO INSTALACIÓN Y ACCESORIOS | C252: =+COTIZACIONES!C251 -> MANTENIMIENTO E INSTALACIÓN TUBERÍA PVC-S 3" (RED SANITARIA) INCLUYE EXCAVACIÓN MANUAL RELLENO INICIAL EN BASE GRANULAR B-200 COMPACTADO INSTALACIÓN Y ACCESORIOS | D252: =+COTIZACIONES!D251 -> ML | E252: =+COTIZACIONES!E251 -> 1 | F252: =+#REF! -> #REF! | G252: =+COTIZACIONES!K251 -> 66913.5 | H252: =+COTIZACIONES!Q251 -> 79300.984 | I252: =+COTIZACIONES!W251 -> 70247.783 | J252: =MIN(G252:I252) -> 66913.5 | K252: =AVERAGE(G252:I252) -> 72154.089 | L252: =HARMEAN(G252:I252) -> 71787.206 | M252: =GEOMEAN(G252:I252) -> 71968.367 | N252: =_xlfn.STDEV.S(G252:I252) -> 6409.9876 | O252: =+N252/K252 -> 0.088837483 | P252: =ROUND(+IF(O252<=25%,J252,IF(O252<=60%,L252,IF(O252<=90%,M252,IF(O252<=100%,K252)))),0) -> 66914 | Q252: =+IF(P252<=26%,"MENOR VALOR",IF(P252<=60%,"MEDIA ARMONICA",IF(P252<=90%,"MEDIA GEOMETRICA","MENOR VALOR"))) -> MENOR VALOR
A253: =+COTIZACIONES!A252 -> 250 | B253: =+COTIZACIONES!C252 -> MANTENIMIENTO BAJANTES AGUAS LLUVIAS Y AGUAS NEGRAS MAX 3" | C253: =+COTIZACIONES!C252 -> MANTENIMIENTO BAJANTES AGUAS LLUVIAS Y AGUAS NEGRAS MAX 3" | D253: =+COTIZACIONES!D252 -> ML | E253: =+COTIZACIONES!E252 -> 1 | F253: =+#REF! -> #REF! | G253: =+COTIZACIONES!K252 -> 21585 | H253: =+COTIZACIONES!Q252 -> 27428.438 | I253: =+COTIZACIONES!W252 -> 22660.575 | J253: =MIN(G253:I253) -> 21585 | K253: =AVERAGE(G253:I253) -> 23891.337 | L253: =HARMEAN(G253:I253) -> 23637.591 | M253: =GEOMEAN(G253:I253) -> 23761.545 | N253: =_xlfn.STDEV.S(G253:I253) -> 3110.068 | O253: =+N253/K253 -> 0.13017555 | P253: =ROUND(+IF(O253<=25%,J253,IF(O253<=60%,L253,IF(O253<=90%,M253,IF(O253<=100%,K253)))),0) -> 21585 | Q253: =+IF(P253<=26%,"MENOR VALOR",IF(P253<=60%,"MEDIA ARMONICA",IF(P253<=90%,"MEDIA GEOMETRICA","MENOR VALOR"))) -> MENOR VALOR
A254: =+COTIZACIONES!A253 -> 251 | B254: =+COTIZACIONES!C253 -> MANTENIMIENTO E INSTALACIÓN TUBERÍA PVC-S 4" (RED SANITARIA) INCLUYE EXCAVACIÓN MANUAL RELLENO INICIAL EN BASE GRANULAR B-200 COMPACTADO INSTALACIÓN Y ACCESORIOS | C254: =+COTIZACIONES!C253 -> MANTENIMIENTO E INSTALACIÓN TUBERÍA PVC-S 4" (RED SANITARIA) INCLUYE EXCAVACIÓN MANUAL RELLENO INICIAL EN BASE GRANULAR B-200 COMPACTADO INSTALACIÓN Y ACCESORIOS | D254: =+COTIZACIONES!D253 -> ML | E254: =+COTIZACIONES!E253 -> 1 | F254: =+#REF! -> #REF! | G254: =+COTIZACIONES!K253 -> 89218 | H254: =+COTIZACIONES!Q253 -> 112522.4 | I254: =+COTIZACIONES!W253 -> 93663.71 | J254: =MIN(G254:I254) -> 89218 | K254: =AVERAGE(G254:I254) -> 98468.038 | L254: =HARMEAN(G254:I254) -> 97490.867 | M254: =GEOMEAN(G254:I254) -> 97968.761 | N254: =_xlfn.STDEV.S(G254:I254) -> 12372.752 | O254: =+N254/K254 -> 0.12565247 | P254: =ROUND(+IF(O254<=25%,J254,IF(O254<=60%,L254,IF(O254<=90%,M254,IF(O254<=100%,K254)))),0) -> 89218 | Q254: =+IF(P254<=26%,"MENOR VALOR",IF(P254<=60%,"MEDIA ARMONICA",IF(P254<=90%,"MEDIA GEOMETRICA","MENOR VALOR"))) -> MENOR VALOR
A255: =+COTIZACIONES!A254 -> 252 | B255: =+COTIZACIONES!C254 -> MANTENIMIENTO E INSTALACIÓN TUBERÍA PVC-S 6" (RED SANITARIA) INCLUYE EXCAVACIÓN MANUAL RELLENO INICIAL EN BASE GRANULAR B-200 COMPACTADO INSTALACIÓN Y ACCESORIOS | C255: =+COTIZACIONES!C254 -> MANTENIMIENTO E INSTALACIÓN TUBERÍA PVC-S 6" (RED SANITARIA) INCLUYE EXCAVACIÓN MANUAL RELLENO INICIAL EN BASE GRANULAR B-200 COMPACTADO INSTALACIÓN Y ACCESORIOS | D255: =+COTIZACIONES!D254 -> ML | E255: =+COTIZACIONES!E254 -> 1 | F255: =+#REF! -> #REF! | G255: =+COTIZACIONES!K254 -> 108500.6 | H255: =+COTIZACIONES!Q254 -> 139937.31 | I255: =+COTIZACIONES!W254 -> 113907.16 | J255: =MIN(G255:I255) -> 108500.6 | K255: =AVERAGE(G255:I255) -> 120781.69 | L255: =HARMEAN(G255:I255) -> 119323.79 | M255: =GEOMEAN(G255:I255) -> 120034.35 | N255: =_xlfn.STDEV.S(G255:I255) -> 16808.066 | O255: =+N255/K255 -> 0.13916071 | P255: =ROUND(+IF(O255<=25%,J255,IF(O255<=60%,L255,IF(O255<=90%,M255,IF(O255<=100%,K255)))),0) -> 108501 | Q255: =+IF(P255<=26%,"MENOR VALOR",IF(P255<=60%,"MEDIA ARMONICA",IF(P255<=90%,"MEDIA GEOMETRICA","MENOR VALOR"))) -> MENOR VALOR
A256: =+COTIZACIONES!A255 -> 253 | B256: =+COTIZACIONES!C255 -> MANTENIMIENTO E INSTALACIÓN TUBERÍA PVC-S 1 1/2" (VENTILACIÓN Y AGUAS LLUVIAS) INCLUYE ACCESORIOS Y ABRAZADERA DE FIJACIÓN | C256: =+COTIZACIONES!C255 -> MANTENIMIENTO E INSTALACIÓN TUBERÍA PVC-S 1 1/2" (VENTILACIÓN Y AGUAS LLUVIAS) INCLUYE ACCESORIOS Y ABRAZADERA DE FIJACIÓN | D256: =+COTIZACIONES!D255 -> ML | E256: =+COTIZACIONES!E255 -> 1 | F256: =+#REF! -> #REF! | G256: =+COTIZACIONES!K255 -> 30219 | H256: =+COTIZACIONES!Q255 -> 35957.04 | I256: =+COTIZACIONES!W255 -> 31724.805 | J256: =MIN(G256:I256) -> 30219 | K256: =AVERAGE(G256:I256) -> 32633.615 | L256: =HARMEAN(G256:I256) -> 32459.17 | M256: =GEOMEAN(G256:I256) -> 32545.254 | N256: =_xlfn.STDEV.S(G256:I256) -> 2975.0172 | O256: =+N256/K256 -> 0.091164194 | P256: =ROUND(+IF(O256<=25%,J256,IF(O256<=60%,L256,IF(O256<=90%,M256,IF(O256<=100%,K256)))),0) -> 30219 | Q256: =+IF(P256<=26%,"MENOR VALOR",IF(P256<=60%,"MEDIA ARMONICA",IF(P256<=90%,"MEDIA GEOMETRICA","MENOR VALOR"))) -> MENOR VALOR
A257: =+COTIZACIONES!A256 -> 254 | B257: =+COTIZACIONES!C256 -> MANTENIMIENTO E INSTALACIÓN TUBERÍA PVC-S 2" (RED SANITARIA DESCOLGADA) INCLUYE INSTALACIÓN Y ACCESORIOS | C257: =+COTIZACIONES!C256 -> MANTENIMIENTO E INSTALACIÓN TUBERÍA PVC-S 2" (RED SANITARIA DESCOLGADA) INCLUYE INSTALACIÓN Y ACCESORIOS | D257: =+COTIZACIONES!D256 -> ML | E257: =+COTIZACIONES!E256 -> 1 | F257: =+#REF! -> #REF! | G257: =+COTIZACIONES!K256 -> 50077.2 | H257: =+COTIZACIONES!Q256 -> 59824.071 | I257: =+COTIZACIONES!W256 -> 52572.534 | J257: =MIN(G257:I257) -> 50077.2 | K257: =AVERAGE(G257:I257) -> 54157.935 | L257: =HARMEAN(G257:I257) -> 53853.983 | M257: =GEOMEAN(G257:I257) -> 54003.881 | N257: =_xlfn.STDEV.S(G257:I257) -> 5063.1508 | O257: =+N257/K257 -> 0.093488623 | P257: =ROUND(+IF(O257<=25%,J257,IF(O257<=60%,L257,IF(O257<=90%,M257,IF(O257<=100%,K257)))),0) -> 50077 | Q257: =+IF(P257<=26%,"MENOR VALOR",IF(P257<=60%,"MEDIA ARMONICA",IF(P257<=90%,"MEDIA GEOMETRICA","MENOR VALOR"))) -> MENOR VALOR
A258: =+COTIZACIONES!A257 -> 255 | B258: =+COTIZACIONES!C257 -> MANTENIMIENTO E INSTALACIÓN TUBERÍA PVC-S 3" (RED SANITARIA DESCOLGADA) INCLUYE INSTALACIÓN Y ACCESORIOS | C258: =+COTIZACIONES!C257 -> MANTENIMIENTO E INSTALACIÓN TUBERÍA PVC-S 3" (RED SANITARIA DESCOLGADA) INCLUYE INSTALACIÓN Y ACCESORIOS | D258: =+COTIZACIONES!D257 -> ML | E258: =+COTIZACIONES!E257 -> 1 | F258: =+#REF! -> #REF! | G258: =+COTIZACIONES!K257 -> 65906.2 | H258: =+COTIZACIONES!Q257 -> 79674.138 | I258: =+COTIZACIONES!W257 -> 69190.289 | J258: =MIN(G258:I258) -> 65906.2 | K258: =AVERAGE(G258:I258) -> 71590.209 | L258: =HARMEAN(G258:I258) -> 71128.648 | M258: =GEOMEAN(G258:I258) -> 71355.852 | N258: =_xlfn.STDEV.S(G258:I258) -> 7190.879 | O258: =+N258/K258 -> 0.10044501 | P258: =ROUND(+IF(O258<=25%,J258,IF(O258<=60%,L258,IF(O258<=90%,M258,IF(O258<=100%,K258)))),0) -> 65906 | Q258: =+IF(P258<=26%,"MENOR VALOR",IF(P258<=60%,"MEDIA ARMONICA",IF(P258<=90%,"MEDIA GEOMETRICA","MENOR VALOR"))) -> MENOR VALOR
A259: =+COTIZACIONES!A258 -> 256 | B259: =+COTIZACIONES!C258 -> MANTENIMIENTO E INSTALACIÓN TUBERÍA PVC-S 4" (RED SANITARIA DESCOLGADA) INCLUYE INSTALACIÓN Y ACCESORIOS | C259: =+COTIZACIONES!C258 -> MANTENIMIENTO E INSTALACIÓN TUBERÍA PVC-S 4" (RED SANITARIA DESCOLGADA) INCLUYE INSTALACIÓN Y ACCESORIOS | D259: =+COTIZACIONES!D258 -> ML | E259: =+COTIZACIONES!E258 -> 1 | F259: =+#REF! -> #REF! | G259: =+COTIZACIONES!K258 -> 87491.2 | H259: =+COTIZACIONES!Q258 -> 103272.14 | I259: =+COTIZACIONES!W258 -> 91850.864 | J259: =MIN(G259:I259) -> 87491.2 | K259: =AVERAGE(G259:I259) -> 94204.736 | L259: =HARMEAN(G259:I259) -> 93749.742 | M259: =GEOMEAN(G259:I259) -> 93974.553 | N259: =_xlfn.STDEV.S(G259:I259) -> 8149.545 | O259: =+N259/K259 -> 0.086508867 | P259: =ROUND(+IF(O259<=25%,J259,IF(O259<=60%,L259,IF(O259<=90%,M259,IF(O259<=100%,K259)))),0) -> 87491 | Q259: =+IF(P259<=26%,"MENOR VALOR",IF(P259<=60%,"MEDIA ARMONICA",IF(P259<=90%,"MEDIA GEOMETRICA","MENOR VALOR"))) -> MENOR VALOR
... A270: =+COTIZACIONES!A269 -> 267 | B270: =+COTIZACIONES!C269 -> MANTENIMIENTO E INSTALACIÓN CANAL Y BAJANTE DE AGUAS LLUVIAS PVC 3 INCLUYE CODO UNIÓN Y ABRAZADERA DE FIJACIÓN | C270: =+COTIZACIONES!C269 -> MANTENIMIENTO E INSTALACIÓN CANAL Y BAJANTE DE AGUAS LLUVIAS PVC 3 INCLUYE CODO UNIÓN Y ABRAZADERA DE FIJACIÓN | D270: =+COTIZACIONES!D269 -> ML | E270: =+COTIZACIONES!E269 -> 1 | F270: =+#REF! -> #REF! | G270: =+COTIZACIONES!K269 -> 61013.6 | H270: =+COTIZACIONES!Q269 -> 72308.854 | I270: =+COTIZACIONES!W269 -> 64053.892 | J270: =MIN(G270:I270) -> 61013.6 | K270: =AVERAGE(G270:I270) -> 65792.115 | L270: =HARMEAN(G270:I270) -> 65457.582 | M270: =GEOMEAN(G270:I270) -> 65622.769 | N270: =_xlfn.STDEV.S(G270:I270) -> 5844.8059 | O270: =+N270/K270 -> 0.088837483 | P270: =ROUND(+IF(O270<=25%,J270,IF(O270<=60%,L270,IF(O270<=90%,M270,IF(O270<=100%,K270)))),0) -> 61014 | Q270: =+IF(P270<=26%,"MENOR VALOR",IF(P270<=60%,"MEDIA ARMONICA",IF(P270<=90%,"MEDIA GEOMETRICA","MENOR VALOR"))) -> MENOR VALOR
A271: =+COTIZACIONES!A270 -> 268 | B271: =+COTIZACIONES!C270 -> MANTENIMIENTO A TODO COSTO DESMONTE CANAL EN LAMINA EXISTENTE INCLUYE CARGUE Y RETIRO DE MATERIAL DESMONTADO, | C271: =+COTIZACIONES!C270 -> MANTENIMIENTO A TODO COSTO DESMONTE CANAL EN LAMINA EXISTENTE INCLUYE CARGUE Y RETIRO DE MATERIAL DESMONTADO, | D271: =+COTIZACIONES!D270 -> ML | E271: =+COTIZACIONES!E270 -> 1 | F271: =+#REF! -> #REF! | G271: =+COTIZACIONES!K270 -> 2549642 | H271: =+COTIZACIONES!Q270 -> 3219689.5 | J271: =MIN(G271:I271) -> 2549642 | K271: =AVERAGE(G271:I271) -> 2884665.8 | L271: =HARMEAN(G271:I271) -> 2845756.2 | M271: =GEOMEAN(G271:I271) -> 2865144.9 | N271: =_xlfn.STDEV.S(G271:I271) -> 473795.13 | O271: =+N271/K271 -> 0.16424611 | P271: =ROUND(+IF(O271<=25%,J271,IF(O271<=60%,L271,IF(O271<=90%,M271,IF(O271<=100%,K271)))),0) -> 2549642 | Q271: =+IF(P271<=26%,"MENOR VALOR",IF(P271<=60%,"MEDIA ARMONICA",IF(P271<=90%,"MEDIA GEOMETRICA","MENOR VALOR"))) -> MENOR VALOR
A272: =+COTIZACIONES!A271 -> 269 | B272: =+COTIZACIONES!C271 -> INSTALACIÓN PUNTO DESAGÜE PVC 3" AGUAS LLUVIAS (INCLUYE ACCESORIOS YEE Y CODO) | C272: =+COTIZACIONES!C271 -> INSTALACIÓN PUNTO DESAGÜE PVC 3" AGUAS LLUVIAS (INCLUYE ACCESORIOS YEE Y CODO) | D272: =+COTIZACIONES!D271 -> Unidad | E272: =+COTIZACIONES!E271 -> 1 | F272: =+#REF! -> #REF! | G272: =+COTIZACIONES!K271 -> 631142 | H272: =+COTIZACIONES!Q271 -> 641030.9 | J272: =MIN(G272:I272) -> 631142 | K272: =AVERAGE(G272:I272) -> 636086.45 | L272: =HARMEAN(G272:I272) -> 636048.02 | M272: =GEOMEAN(G272:I272) -> 636067.23 | N272: =_xlfn.STDEV.S(G272:I272) -> 6992.5082 | O272: =+N272/K272 -> 0.010993016 | P272: =ROUND(+IF(O272<=25%,J272,IF(O272<=60%,L272,IF(O272<=90%,M272,IF(O272<=100%,K272)))),0) -> 631142 | Q272: =+IF(P272<=26%,"MENOR VALOR",IF(P272<=60%,"MEDIA ARMONICA",IF(P272<=90%,"MEDIA GEOMETRICA","MENOR VALOR"))) -> MENOR VALOR
A273: =+COTIZACIONES!A272 -> 270 | B273: =+COTIZACIONES!C272 -> INSTALACIÓN PUNTO DESAGÜE PVC 4" AGUAS LLUVIAS (INCLUYE ACCESORIOS YEE Y CODO) | C273: =+COTIZACIONES!C272 -> INSTALACIÓN PUNTO DESAGÜE PVC 4" AGUAS LLUVIAS (INCLUYE ACCESORIOS YEE Y CODO) | D273: =+COTIZACIONES!D272 -> Unidad | E273: =+COTIZACIONES!E272 -> 1 | F273: =+#REF! -> #REF! | G273: =+COTIZACIONES!K272 -> 73389 | H273: =+COTIZACIONES!Q272 -> 94652.557 | I273: =+COTIZACIONES!W272 -> 77045.955 | J273: =MIN(G273:I273) -> 73389 | K273: =AVERAGE(G273:I273) -> 81695.837 | L273: =HARMEAN(G273:I273) -> 80709.725 | M273: =GEOMEAN(G273:I273) -> 81190.345 | N273: =_xlfn.STDEV.S(G273:I273) -> 11368.851 | O273: =+N273/K273 -> 0.13916071 | P273: =ROUND(+IF(O273<=25%,J273,IF(O273<=60%,L273,IF(O273<=90%,M273,IF(O273<=100%,K273)))),0) -> 73389 | Q273: =+IF(P273<=26%,"MENOR VALOR",IF(P273<=60%,"MEDIA ARMONICA",IF(P273<=90%,"MEDIA GEOMETRICA","MENOR VALOR"))) -> MENOR VALOR
A274: =+COTIZACIONES!A273 -> 271 | B274: =+COTIZACIONES!C273 -> MANTENIMIENTO E INSTALACIÓN PUNTO DESAGÜE PVC 6" AGUAS LLUVIAS (INCLUYE ACCESORIOS YEE Y CODO) | C274: =+COTIZACIONES!C273 -> MANTENIMIENTO E INSTALACIÓN PUNTO DESAGÜE PVC 6" AGUAS LLUVIAS (INCLUYE ACCESORIOS YEE Y CODO) | D274: =+COTIZACIONES!D273 -> Unidad | E274: =+COTIZACIONES!E273 -> 1 | F274: =+#REF! -> #REF! | G274: =+COTIZACIONES!K273 -> 86340 | H274: =+COTIZACIONES!Q273 -> 102734.4 | I274: =+COTIZACIONES!W273 -> 90642.3 | J274: =MIN(G274:I274) -> 86340 | K274: =AVERAGE(G274:I274) -> 93238.9 | L274: =HARMEAN(G274:I274) -> 92740.485 | M274: =GEOMEAN(G274:I274) -> 92986.439 | N274: =_xlfn.STDEV.S(G274:I274) -> 8500.0492 | O274: =+N274/K274 -> 0.091164194 | P274: =ROUND(+IF(O274<=25%,J274,IF(O274<=60%,L274,IF(O274<=90%,M274,IF(O274<=100%,K274)))),0) -> 86340 | Q274: =+IF(P274<=26%,"MENOR VALOR",IF(P274<=60%,"MEDIA ARMONICA",IF(P274<=90%,"MEDIA GEOMETRICA","MENOR VALOR"))) -> MENOR VALOR
A275: =+COTIZACIONES!A274 -> 272 | B275: =+COTIZACIONES!C274 -> MANTENIMIENTO E INSTALACIÓN TUBERÍA PVC-S 2" (VENTILACIÓN Y AGUAS LLUVIAS) INCLUYE ACCESORIOS Y ABRAZADERA DE FIJACIÓN | C275: =+COTIZACIONES!C274 -> MANTENIMIENTO E INSTALACIÓN TUBERÍA PVC-S 2" (VENTILACIÓN Y AGUAS LLUVIAS) INCLUYE ACCESORIOS Y ABRAZADERA DE FIJACIÓN | D275: =+COTIZACIONES!D274 -> ML | E275: =+COTIZACIONES!E274 -> 1 | F275: =+#REF! -> #REF! | G275: =+COTIZACIONES!K274 -> 50365 | H275: =+COTIZACIONES!Q274 -> 60167.887 | I275: =+COTIZACIONES!W274 -> 52874.675 | J275: =MIN(G275:I275) -> 50365 | K275: =AVERAGE(G275:I275) -> 54469.188 | L275: =HARMEAN(G275:I275) -> 54163.488 | M275: =GEOMEAN(G275:I275) -> 54314.248 | N275: =_xlfn.STDEV.S(G275:I275) -> 5092.2493 | O275: =+N275/K275 -> 0.093488623 | P275: =ROUND(+IF(O275<=25%,J275,IF(O275<=60%,L275,IF(O275<=90%,M275,IF(O275<=100%,K275)))),0) -> 50365 | Q275: =+IF(P275<=26%,"MENOR VALOR",IF(P275<=60%,"MEDIA ARMONICA",IF(P275<=90%,"MEDIA GEOMETRICA","MENOR VALOR"))) -> MENOR VALOR
A276: =+COTIZACIONES!A275 -> 273 | B276: =+COTIZACIONES!C275 -> MANTENIMIENTO E INSTALACIÓN TUBERÍA PVC-S 3" (VENTILACIÓN Y AGUAS LLUVIAS) INCLUYE ACCESORIOS Y ABRAZADERA DE FIJACIÓN | C276: =+COTIZACIONES!C275 -> MANTENIMIENTO E INSTALACIÓN TUBERÍA PVC-S 3" (VENTILACIÓN Y AGUAS LLUVIAS) INCLUYE ACCESORIOS Y ABRAZADERA DE FIJACIÓN | D276: =+COTIZACIONES!D275 -> ML | E276: =+COTIZACIONES!E275 -> 1 | F276: =+#REF! -> #REF! | G276: =+COTIZACIONES!K275 -> 60150.2 | H276: =+COTIZACIONES!Q275 -> 72715.698 | I276: =+COTIZACIONES!W275 -> 63147.469 | J276: =MIN(G276:I276) -> 60150.2 | K276: =AVERAGE(G276:I276) -> 65337.789 | L276: =HARMEAN(G276:I276) -> 64916.539 | M276: =GEOMEAN(G276:I276) -> 65123.9 | N276: =_xlfn.STDEV.S(G276:I276) -> 6562.8547 | O276: =+N276/K276 -> 0.10044501 | P276: =ROUND(+IF(O276<=25%,J276,IF(O276<=60%,L276,IF(O276<=90%,M276,IF(O276<=100%,K276)))),0) -> 60150 | Q276: =+IF(P276<=26%,"MENOR VALOR",IF(P276<=60%,"MEDIA ARMONICA",IF(P276<=90%,"MEDIA GEOMETRICA","MENOR VALOR"))) -> MENOR VALOR
A277: =+COTIZACIONES!A276 -> 274 | B277: =+COTIZACIONES!C276 -> MANTENIMIENTO E INSTALACIÓN TUBERÍA PVC-S 4" (RED AGUAS LLUVIAS) INCLUYE INSTALACIÓN Y ACCESORIOS | C277: =+COTIZACIONES!C276 -> MANTENIMIENTO E INSTALACIÓN TUBERÍA PVC-S 4" (RED AGUAS LLUVIAS) INCLUYE INSTALACIÓN Y ACCESORIOS | D277: =+COTIZACIONES!D276 -> ML | E277: =+COTIZACIONES!E276 -> 1 | F277: =+#REF! -> #REF! | G277: =+COTIZACIONES!K276 -> 71950 | H277: =+COTIZACIONES!Q276 -> 84927.75 | I277: =+COTIZACIONES!W276 -> 75535.25 | J277: =MIN(G277:I277) -> 71950 | K277: =AVERAGE(G277:I277) -> 77471 | L277: =HARMEAN(G277:I277) -> 77096.827 | M277: =GEOMEAN(G277:I277) -> 77281.705 | N277: =_xlfn.STDEV.S(G277:I277) -> 6701.9284 | O277: =+N277/K277 -> 0.086508867 | P277: =ROUND(+IF(O277<=25%,J277,IF(O277<=60%,L277,IF(O277<=90%,M277,IF(O277<=100%,K277)))),0) -> 71950 | Q277: =+IF(P277<=26%,"MENOR VALOR",IF(P277<=60%,"MEDIA ARMONICA",IF(P277<=90%,"MEDIA GEOMETRICA","MENOR VALOR"))) -> MENOR VALOR
A278: =+COTIZACIONES!A277 -> 275 | B278: =+COTIZACIONES!C277 -> MANTENIMIENTO E INSTALACIÓN TUBERÍA PVC-S 4" (VENTILACIÓN Y AGUAS LLUVIAS) INCLUYE ACCESORIOS Y ABRAZADERA DE FIJACIÓN | C278: =+COTIZACIONES!C277 -> MANTENIMIENTO E INSTALACIÓN TUBERÍA PVC-S 4" (VENTILACIÓN Y AGUAS LLUVIAS) INCLUYE ACCESORIOS Y ABRAZADERA DE FIJACIÓN | D278: =+COTIZACIONES!D277 -> ML | E278: =+COTIZACIONES!E277 -> 1 | F278: =+#REF! -> #REF! | G278: =+COTIZACIONES!K277 -> 71950 | H278: =+COTIZACIONES!Q277 -> 84585.625 | I278: =+COTIZACIONES!W277 -> 75535.25 | J278: =MIN(G278:I278) -> 71950 | K278: =AVERAGE(G278:I278) -> 77356.958 | L278: =HARMEAN(G278:I278) -> 77002.582 | M278: =GEOMEAN(G278:I278) -> 77177.791 | N278: =_xlfn.STDEV.S(G278:I278) -> 6511.8139 | O278: =+N278/K278 -> 0.084178774 | P278: =ROUND(+IF(O278<=25%,J278,IF(O278<=60%,L278,IF(O278<=90%,M278,IF(O278<=100%,K278)))),0) -> 71950 | Q278: =+IF(P278<=26%,"MENOR VALOR",IF(P278<=60%,"MEDIA ARMONICA",IF(P278<=90%,"MEDIA GEOMETRICA","MENOR VALOR"))) -> MENOR VALOR
A279: =+COTIZACIONES!A278 -> 276 | B279: =+COTIZACIONES!C278 -> MANTENIMIENTO E INSTALACIÓN TUBERÍA PVC-S 6" (RED AGUAS LLUVIAS) INCLUYE INSTALACIÓN Y ACCESORIOS | C279: =+COTIZACIONES!C278 -> MANTENIMIENTO E INSTALACIÓN TUBERÍA PVC-S 6" (RED AGUAS LLUVIAS) INCLUYE INSTALACIÓN Y ACCESORIOS | D279: =+COTIZACIONES!D278 -> ML | E279: =+COTIZACIONES!E278 -> 1 | F279: =+#REF! -> #REF! | G279: =+COTIZACIONES!K278 -> 89218 | H279: =+COTIZACIONES!Q278 -> 105734.65 | I279: =+COTIZACIONES!W278 -> 93663.71 | J279: =MIN(G279:I279) -> 89218 | K279: =AVERAGE(G279:I279) -> 96205.452 | L279: =HARMEAN(G279:I279) -> 95716.275 | M279: =GEOMEAN(G279:I279) -> 95957.822 | N279: =_xlfn.STDEV.S(G279:I279) -> 8546.6501 | O279: =+N279/K279 -> 0.088837483 | P279: =ROUND(+IF(O279<=25%,J279,IF(O279<=60%,L279,IF(O279<=90%,M279,IF(O279<=100%,K279)))),0) -> 89218 | Q279: =+IF(P279<=26%,"MENOR VALOR",IF(P279<=60%,"MEDIA ARMONICA",IF(P279<=90%,"MEDIA GEOMETRICA","MENOR VALOR"))) -> MENOR VALOR
A280: =+COTIZACIONES!A279 -> 277 | B280: =+COTIZACIONES!C279 -> MANTENIMIENTO E INSTALACIÓN TUBERÍA PVC-S 6" (VENTILACIÓN Y AGUAS LLUVIAS) INCLUYE ACCESORIOS Y ABRAZADERA DE FIJACIÓN | C280: =+COTIZACIONES!C279 -> MANTENIMIENTO E INSTALACIÓN TUBERÍA PVC-S 6" (VENTILACIÓN Y AGUAS LLUVIAS) INCLUYE ACCESORIOS Y ABRAZADERA DE FIJACIÓN | D280: =+COTIZACIONES!D279 -> ML | E280: =+COTIZACIONES!E279 -> 1 | F280: =+#REF! -> #REF! | G280: =+COTIZACIONES!K279 -> 89218 | H280: =+COTIZACIONES!Q279 -> 113370.88 | I280: =+COTIZACIONES!W279 -> 93663.71 | J280: =MIN(G280:I280) -> 89218 | K280: =AVERAGE(G280:I280) -> 98750.862 | L280: =HARMEAN(G280:I280) -> 97702.042 | M280: =GEOMEAN(G280:I280) -> 98214.388 | N280: =_xlfn.STDEV.S(G280:I280) -> 12854.948 | O280: =+N280/K280 -> 0.13017555 | P280: =ROUND(+IF(O280<=25%,J280,IF(O280<=60%,L280,IF(O280<=90%,M280,IF(O280<=100%,K280)))),0) -> 89218 | Q280: =+IF(P280<=26%,"MENOR VALOR",IF(P280<=60%,"MEDIA ARMONICA",IF(P280<=90%,"MEDIA GEOMETRICA","MENOR VALOR"))) -> MENOR VALOR
A281: =+COTIZACIONES!A280 -> 278 | B281: =+COTIZACIONES!C280 -> MANTENIMIENTO RECUBRIMIENTO BAJANTES AGUAS LLUVIAS EN MURO SUPERBOARD 8 MM, ANCHO <50CM,( PERFILARÍA CAL, 26 CADA 60 CM,) INCLUYE TRES (3) MANOS DE PINTURA | C281: =+COTIZACIONES!C280 -> MANTENIMIENTO RECUBRIMIENTO BAJANTES AGUAS LLUVIAS EN MURO SUPERBOARD 8 MM, ANCHO <50CM,( PERFILARÍA CAL, 26 CADA 60 CM,) INCLUYE TRES (3) MANOS DE PINTURA | D281: =+COTIZACIONES!D280 -> ML | E281: =+COTIZACIONES!E280 -> 1 | F281: =+#REF! -> #REF! | G281: =+COTIZACIONES!K280 -> 57560 | H281: =+COTIZACIONES!Q280 -> 72595.1 | I281: =+COTIZACIONES!W280 -> 60428.2 | J281: =MIN(G281:I281) -> 57560 | K281: =AVERAGE(G281:I281) -> 63527.767 | L281: =HARMEAN(G281:I281) -> 62897.334 | M281: =GEOMEAN(G281:I281) -> 63205.652 | N281: =_xlfn.STDEV.S(G281:I281) -> 7982.4209 | O281: =+N281/K281 -> 0.12565247 | P281: =ROUND(+IF(O281<=25%,J281,IF(O281<=60%,L281,IF(O281<=90%,M281,IF(O281<=100%,K281)))),0) -> 57560 | Q281: =+IF(P281<=26%,"MENOR VALOR",IF(P281<=60%,"MEDIA ARMONICA",IF(P281<=90%,"MEDIA GEOMETRICA","MENOR VALOR"))) -> MENOR VALOR
A282: =+COTIZACIONES!A281 -> 279 | B282: =+COTIZACIONES!C281 -> INSTALACIÓN CERRADURA PICO DE LORO - NÍQUEL - ENTRADA , ACABADO SEGÚN DISEÑO | C282: =+COTIZACIONES!C281 -> INSTALACIÓN CERRADURA PICO DE LORO - NÍQUEL - ENTRADA , ACABADO SEGÚN DISEÑO | D282: =+COTIZACIONES!D281 -> Unidad | E282: =+COTIZACIONES!E281 -> 1 | F282: =+#REF! -> #REF! | G282: =+COTIZACIONES!K281 -> 74540.2 | H282: =+COTIZACIONES!Q281 -> 96137.304 | I282: =+COTIZACIONES!W281 -> 78254.519 | J282: =MIN(G282:I282) -> 74540.2 | K282: =AVERAGE(G282:I282) -> 82977.341 | L282: =HARMEAN(G282:I282) -> 81975.76 | M282: =GEOMEAN(G282:I282) -> 82463.919 | N282: =_xlfn.STDEV.S(G282:I282) -> 11547.186 | O282: =+N282/K282 -> 0.13916071 | P282: =ROUND(+IF(O282<=25%,J282,IF(O282<=60%,L282,IF(O282<=90%,M282,IF(O282<=100%,K282)))),0) -> 74540 | Q282: =+IF(P282<=26%,"MENOR VALOR",IF(P282<=60%,"MEDIA ARMONICA",IF(P282<=90%,"MEDIA GEOMETRICA","MENOR VALOR"))) -> MENOR VALOR
A283: =+COTIZACIONES!A282 -> 280 | B283: =+COTIZACIONES!C282 -> INSTALACIÓN DISPENSADOR PARA JABÓN LIQUIDO CUERPO EN ACERO INOXIDABLE CAPACIDAD 1,2 LITROS, REF 8-AA-600 | C283: =+COTIZACIONES!C282 -> INSTALACIÓN DISPENSADOR PARA JABÓN LIQUIDO CUERPO EN ACERO INOXIDABLE CAPACIDAD 1,2 LITROS, REF 8-AA-600 | D283: =+COTIZACIONES!D282 -> Unidad | E283: =+COTIZACIONES!E282 -> 1 | F283: =+#REF! -> #REF! | G283: =+COTIZACIONES!K282 -> 57560 | H283: =+COTIZACIONES!Q282 -> 68489.6 | I283: =+COTIZACIONES!W282 -> 60428.2 | J283: =MIN(G283:I283) -> 57560 | K283: =AVERAGE(G283:I283) -> 62159.267 | L283: =HARMEAN(G283:I283) -> 61826.99 | M283: =GEOMEAN(G283:I283) -> 61990.959 | N283: =_xlfn.STDEV.S(G283:I283) -> 5666.6995 | O283: =+N283/K283 -> 0.091164194 | P283: =ROUND(+IF(O283<=25%,J283,IF(O283<=60%,L283,IF(O283<=90%,M283,IF(O283<=100%,K283)))),0) -> 57560 | Q283: =+IF(P283<=26%,"MENOR VALOR",IF(P283<=60%,"MEDIA ARMONICA",IF(P283<=90%,"MEDIA GEOMETRICA","MENOR VALOR"))) -> MENOR VALOR
A284: =+COTIZACIONES!A283 -> 281 | B284: =+COTIZACIONES!C283 -> INSTALACIÓN DIVISIONES VIDRIO TEMPLADO Y ALUMINIO | C284: =+COTIZACIONES!C283 -> INSTALACIÓN DIVISIONES VIDRIO TEMPLADO Y ALUMINIO | D284: =+COTIZACIONES!D283 -> M² | E284: =+COTIZACIONES!E283 -> 1 | F284: =+#REF! -> #REF! | G284: =+COTIZACIONES!K283 -> 100730 | H284: =+COTIZACIONES!Q283 -> 120335.77 | I284: =+COTIZACIONES!W283 -> 105749.35 | J284: =MIN(G284:I284) -> 100730 | K284: =AVERAGE(G284:I284) -> 108938.38 | L284: =HARMEAN(G284:I284) -> 108326.98 | M284: =GEOMEAN(G284:I284) -> 108628.5 | N284: =_xlfn.STDEV.S(G284:I284) -> 10184.499 | O284: =+N284/K284 -> 0.093488623 | P284: =ROUND(+IF(O284<=25%,J284,IF(O284<=60%,L284,IF(O284<=90%,M284,IF(O284<=100%,K284)))),0) -> 100730 | Q284: =+IF(P284<=26%,"MENOR VALOR",IF(P284<=60%,"MEDIA ARMONICA",IF(P284<=90%,"MEDIA GEOMETRICA","MENOR VALOR"))) -> MENOR VALOR
... A319: =+COTIZACIONES!A318 -> 316 | B319: =+COTIZACIONES!C318 -> INSTALACIÓN REFLECTOR SOLAR LED 300W. A TODO COSTO INCLUYE REFLECTOR LED EXTERIOR SOLAR 300W CONTROL REMOTO INFRARROJO CABLE ENTRE PANEL Y REFLECTOR POTENCIA: 300W LÚMENES: 24.000 BATERÍA: 25.000 MAH TEMPERATURA DE COLOR: 6500K FOTOCELDA: INCLUIDA EN EL PANEL SOLAR AUTONOMÍA: 12 HORAS | C319: =+COTIZACIONES!C318 -> INSTALACIÓN REFLECTOR SOLAR LED 300W. A TODO COSTO INCLUYE REFLECTOR LED EXTERIOR SOLAR 300W CONTROL REMOTO INFRARROJO CABLE ENTRE PANEL Y REFLECTOR POTENCIA: 300W LÚMENES: 24.000 BATERÍA: 25.000 MAH TEMPERATURA DE COLOR: 6500K FOTOCELDA: INCLUIDA EN EL PANEL SOLAR AUTONOMÍA: 12 HORAS | D319: =+COTIZACIONES!D318 -> Servicio | E319: =+COTIZACIONES!E318 -> 1 | F319: =+#REF! -> #REF! | G319: =+COTIZACIONES!K318 -> 575600 | H319: =+COTIZACIONES!Q318 -> 684896 | I319: =+COTIZACIONES!W318 -> 604282 | J319: =MIN(G319:I319) -> 575600 | K319: =AVERAGE(G319:I319) -> 621592.67 | L319: =HARMEAN(G319:I319) -> 618269.9 | M319: =GEOMEAN(G319:I319) -> 619909.59 | N319: =_xlfn.STDEV.S(G319:I319) -> 56666.995 | O319: =+N319/K319 -> 0.091164194 | P319: =ROUND(+IF(O319<=25%,J319,IF(O319<=60%,L319,IF(O319<=90%,M319,IF(O319<=100%,K319)))),0) -> 575600 | Q319: =+IF(P319<=26%,"MENOR VALOR",IF(P319<=60%,"MEDIA ARMONICA",IF(P319<=90%,"MEDIA GEOMETRICA","MENOR VALOR"))) -> MENOR VALOR
A320: =+COTIZACIONES!A319 -> 317 | B320: =+COTIZACIONES!C319 -> MANTENIMIENTO A TODO COSTO SUMINISTRO E INSTALACIÓN BAJANTE AGUAS LLUVIAS PVC 3" (INCLUYE CODO UNIÓN Y ABRAZADERA DE FIJACIÓN) | C320: =+COTIZACIONES!C319 -> MANTENIMIENTO A TODO COSTO SUMINISTRO E INSTALACIÓN BAJANTE AGUAS LLUVIAS PVC 3" (INCLUYE CODO UNIÓN Y ABRAZADERA DE FIJACIÓN) | D320: =+COTIZACIONES!D319 -> Servicio | E320: =+COTIZACIONES!E319 -> 1 | F320: =+'VALOR INDEXADO'!I231 -> 50474.275 | G320: =+COTIZACIONES!K319 -> 222200 | H320: =+COTIZACIONES!Q319 -> 237604.24 | I320: =+COTIZACIONES!W319 -> 75535.25 | J320: =MIN(G320:I320) -> 75535.25 | K320: =AVERAGE(G320:I320) -> 178446.5 | L320: =HARMEAN(G320:I320) -> 136686.83 | M320: =GEOMEAN(G320:I320) -> 158580.33 | N320: =_xlfn.STDEV.S(G320:I320) -> 89455.945 | O320: =+N320/K320 -> 0.50130402 | P320: =ROUND(+IF(O320<=25%,J320,IF(O320<=60%,L320,IF(O320<=90%,M320,IF(O320<=100%,K320)))),0) -> 136687 | Q320: =+IF(P320<=26%,"MENOR VALOR",IF(P320<=60%,"MEDIA ARMONICA",IF(P320<=90%,"MEDIA GEOMETRICA","MENOR VALOR"))) -> MENOR VALOR
A321: =+COTIZACIONES!A320 -> 318 | B321: =+COTIZACIONES!C320 -> MANTENIMIENTO A TODO COSTO SUMINISTRO E INSTALACIÓN PUNTO DESAGÜE PVC 3" APARATOS SANITARIOS Y DESAGÜES (INCLUYE ACCESORIOS, YEE Y CODO) | C321: =+COTIZACIONES!C320 -> MANTENIMIENTO A TODO COSTO SUMINISTRO E INSTALACIÓN PUNTO DESAGÜE PVC 3" APARATOS SANITARIOS Y DESAGÜES (INCLUYE ACCESORIOS, YEE Y CODO) | D321: =+COTIZACIONES!D320 -> Servicio | E321: =+COTIZACIONES!E320 -> 1 | F321: =+#REF! -> #REF! | G321: =+COTIZACIONES!K320 -> 71950 | H321: =+COTIZACIONES!Q320 -> 86980.5 | I321: =+COTIZACIONES!W320 -> 75535.25 | J321: =MIN(G321:I321) -> 71950 | K321: =AVERAGE(G321:I321) -> 78155.25 | L321: =HARMEAN(G321:I321) -> 77651.362 | M321: =GEOMEAN(G321:I321) -> 77899.402 | N321: =_xlfn.STDEV.S(G321:I321) -> 7850.3046 | O321: =+N321/K321 -> 0.10044501 | P321: =ROUND(+IF(O321<=25%,J321,IF(O321<=60%,L321,IF(O321<=90%,M321,IF(O321<=100%,K321)))),0) -> 71950 | Q321: =+IF(P321<=26%,"MENOR VALOR",IF(P321<=60%,"MEDIA ARMONICA",IF(P321<=90%,"MEDIA GEOMETRICA","MENOR VALOR"))) -> MENOR VALOR
A322: =+COTIZACIONES!A321 -> 319 | B322: =+COTIZACIONES!C321 -> MANTENIMIENTO A TODO COSTO SUMINISTRO E INSTALACIÓN REJILLA ALUMINIO 2", 3" O 4" CON SOSCO TRADICIONAL - TIPO COL REJILLAS O SIMILAR (SUMINISTRO E INSTALACIÓN) | C322: =+COTIZACIONES!C321 -> MANTENIMIENTO A TODO COSTO SUMINISTRO E INSTALACIÓN REJILLA ALUMINIO 2", 3" O 4" CON SOSCO TRADICIONAL - TIPO COL REJILLAS O SIMILAR (SUMINISTRO E INSTALACIÓN) | D322: =+COTIZACIONES!D321 -> Servicio | E322: =+COTIZACIONES!E321 -> 1 | F322: =+#REF! -> #REF! | G322: =+COTIZACIONES!K321 -> 43170 | H322: =+COTIZACIONES!Q321 -> 50956.65 | I322: =+COTIZACIONES!W321 -> 45321.15 | J322: =MIN(G322:I322) -> 43170 | K322: =AVERAGE(G322:I322) -> 46482.6 | L322: =HARMEAN(G322:I322) -> 46258.096 | M322: =GEOMEAN(G322:I322) -> 46369.023 | N322: =_xlfn.STDEV.S(G322:I322) -> 4021.1571 | O322: =+N322/K322 -> 0.086508867 | P322: =ROUND(+IF(O322<=25%,J322,IF(O322<=60%,L322,IF(O322<=90%,M322,IF(O322<=100%,K322)))),0) -> 43170 | Q322: =+IF(P322<=26%,"MENOR VALOR",IF(P322<=60%,"MEDIA ARMONICA",IF(P322<=90%,"MEDIA GEOMETRICA","MENOR VALOR"))) -> MENOR VALOR
A323: =+COTIZACIONES!A322 -> 320 | B323: =+COTIZACIONES!C322 -> MANTENIMIENTO A TODO COSTO SUMINISTRO E INSTALACIÓN TUBERÍA PVC 1/2" AGUA FRÍA -RED DE SUMINISTRO (INCLUYE EXCAVACIÓN MANUAL RELLENO INICIAL EN BASE GRANULAR B-200 INSTALACIÓN Y ACCESORIOS) | C323: =+COTIZACIONES!C322 -> MANTENIMIENTO A TODO COSTO SUMINISTRO E INSTALACIÓN TUBERÍA PVC 1/2" AGUA FRÍA -RED DE SUMINISTRO (INCLUYE EXCAVACIÓN MANUAL RELLENO INICIAL EN BASE GRANULAR B-200 INSTALACIÓN Y ACCESORIOS) | D323: =+COTIZACIONES!D322 -> Servicio | E323: =+COTIZACIONES!E322 -> 1 | F323: =+#REF! -> #REF! | G323: =+COTIZACIONES!K322 -> 71950 | H323: =+COTIZACIONES!Q322 -> 84585.625 | I323: =+COTIZACIONES!W322 -> 75535.25 | J323: =MIN(G323:I323) -> 71950 | K323: =AVERAGE(G323:I323) -> 77356.958 | L323: =HARMEAN(G323:I323) -> 77002.582 | M323: =GEOMEAN(G323:I323) -> 77177.791 | N323: =_xlfn.STDEV.S(G323:I323) -> 6511.8139 | O323: =+N323/K323 -> 0.084178774 | P323: =ROUND(+IF(O323<=25%,J323,IF(O323<=60%,L323,IF(O323<=90%,M323,IF(O323<=100%,K323)))),0) -> 71950 | Q323: =+IF(P323<=26%,"MENOR VALOR",IF(P323<=60%,"MEDIA ARMONICA",IF(P323<=90%,"MEDIA GEOMETRICA","MENOR VALOR"))) -> MENOR VALOR
A324: =+COTIZACIONES!A323 -> 321 | B324: =+COTIZACIONES!C323 -> INSTALACIÓN A TODO COSTO DISPENSADOR PARA JABÓN LIQUIDO DE PARED CON TORNILLOS ESCONDIDOS VÁLVULA ANTICORROSIVA CUERPO EN ACERO INOXIDABLE SATINADO, CAPACIDAD 1,2 LITROS, VENTANILLA DE RECARGA SUPERIOR CON LLAVE, NIVEL DE JABÓN, PUSH FRONTAL | C324: =+COTIZACIONES!C323 -> INSTALACIÓN A TODO COSTO DISPENSADOR PARA JABÓN LIQUIDO DE PARED CON TORNILLOS ESCONDIDOS VÁLVULA ANTICORROSIVA CUERPO EN ACERO INOXIDABLE SATINADO, CAPACIDAD 1,2 LITROS, VENTANILLA DE RECARGA SUPERIOR CON LLAVE, NIVEL DE JABÓN, PUSH FRONTAL | D324: =+COTIZACIONES!D323 -> Servicio | E324: =+COTIZACIONES!E323 -> 1 | F324: =+'VALOR INDEXADO'!I235 -> 60569.13 | G324: =+COTIZACIONES!K323 -> 387840 | H324: =+COTIZACIONES!Q323 -> 413409.4 | I324: =+COTIZACIONES!W323 -> 90642.3 | J324: =MIN(G324:I324) -> 90642.3 | K324: =AVERAGE(G324:I324) -> 297297.23 | L324: =HARMEAN(G324:I324) -> 187152.96 | M324: =GEOMEAN(G324:I324) -> 244036.41 | N324: =_xlfn.STDEV.S(G324:I324) -> 179424.48 | O324: =+N324/K324 -> 0.60351884 | P324: =ROUND(+IF(O324<=25%,J324,IF(O324<=60%,L324,IF(O324<=90%,M324,IF(O324<=100%,K324)))),0) -> 244036 | Q324: =+IF(P324<=26%,"MENOR VALOR",IF(P324<=60%,"MEDIA ARMONICA",IF(P324<=90%,"MEDIA GEOMETRICA","MENOR VALOR"))) -> MENOR VALOR
A325: =+COTIZACIONES!A324 -> 322 | B325: =+COTIZACIONES!C324 -> MANTENIMIENTO A TODO COSTO SUMINISTRO E INSTALACIÓN ORINAL: MATERIAL: PORCELANA VITRIFICADA ACABADO: BRILLANTE ALTO: 91 CM LARGO: 33CM ANCHO: 40 CM CONSUMO DE AGUA 0,5 LITROS COLOR: BLANCO INCLUYE: RACOR POSTERIOR, REJILLA DE DESAGÜE, GRAPAS DE INSTALACIÓN, RACOR DE SALIDA Y SISTEMA DE DESCARGA TIPO PUSH. | C325: =+COTIZACIONES!C324 -> MANTENIMIENTO A TODO COSTO SUMINISTRO E INSTALACIÓN ORINAL: MATERIAL: PORCELANA VITRIFICADA ACABADO: BRILLANTE ALTO: 91 CM LARGO: 33CM ANCHO: 40 CM CONSUMO DE AGUA 0,5 LITROS COLOR: BLANCO INCLUYE: RACOR POSTERIOR, REJILLA DE DESAGÜE, GRAPAS DE INSTALACIÓN, RACOR DE SALIDA Y SISTEMA DE DESCARGA TIPO PUSH. | D325: =+COTIZACIONES!D324 -> Servicio | E325: =+COTIZACIONES!E324 -> 1 | F325: =+#REF! -> #REF! | G325: =+COTIZACIONES!K324 -> 86340 | H325: =+COTIZACIONES!Q324 -> 109713.75 | I325: =+COTIZACIONES!W324 -> 90642.3 | J325: =MIN(G325:I325) -> 86340 | K325: =AVERAGE(G325:I325) -> 95565.35 | L325: =HARMEAN(G325:I325) -> 94550.364 | M325: =GEOMEAN(G325:I325) -> 95046.181 | N325: =_xlfn.STDEV.S(G325:I325) -> 12440.272 | O325: =+N325/K325 -> 0.13017555 | P325: =ROUND(+IF(O325<=25%,J325,IF(O325<=60%,L325,IF(O325<=90%,M325,IF(O325<=100%,K325)))),0) -> 86340 | Q325: =+IF(P325<=26%,"MENOR VALOR",IF(P325<=60%,"MEDIA ARMONICA",IF(P325<=90%,"MEDIA GEOMETRICA","MENOR VALOR"))) -> MENOR VALOR
A326: =+COTIZACIONES!A325 -> 323 | B326: =+COTIZACIONES!C325 -> INSTALACIÓN A TODO COSTO REJILLA EXTRACTOR DE AIRE INCLUYE REJILLA | C326: =+COTIZACIONES!C325 -> INSTALACIÓN A TODO COSTO REJILLA EXTRACTOR DE AIRE INCLUYE REJILLA | D326: =+COTIZACIONES!D325 -> Servicio | E326: =+COTIZACIONES!E325 -> 1 | F326: =+#REF! -> #REF! | G326: =+COTIZACIONES!K325 -> 43170 | H326: =+COTIZACIONES!Q325 -> 54446.325 | I326: =+COTIZACIONES!W325 -> 45321.15 | J326: =MIN(G326:I326) -> 43170 | K326: =AVERAGE(G326:I326) -> 47645.825 | L326: =HARMEAN(G326:I326) -> 47173 | M326: =GEOMEAN(G326:I326) -> 47404.239 | N326: =_xlfn.STDEV.S(G326:I326) -> 5986.8157 | O326: =+N326/K326 -> 0.12565247 | P326: =ROUND(+IF(O326<=25%,J326,IF(O326<=60%,L326,IF(O326<=90%,M326,IF(O326<=100%,K326)))),0) -> 43170 | Q326: =+IF(P326<=26%,"MENOR VALOR",IF(P326<=60%,"MEDIA ARMONICA",IF(P326<=90%,"MEDIA GEOMETRICA","MENOR VALOR"))) -> MENOR VALOR
A327: =+COTIZACIONES!A326 -> 324 | B327: =+COTIZACIONES!C326 -> INSTALACIÓN DE VIDRIO SANBLASTIADOS O TRANSPARENTES PARA VENTANAS | C327: =+COTIZACIONES!C326 -> INSTALACIÓN DE VIDRIO SANBLASTIADOS O TRANSPARENTES PARA VENTANAS | D327: =+COTIZACIONES!D326 -> M² | E327: =+COTIZACIONES!E326 -> 1 | F327: =+#REF! -> #REF! | G327: =+COTIZACIONES!K326 -> 50365 | H327: =+COTIZACIONES!Q326 -> 64957.637 | I327: =+COTIZACIONES!W326 -> 52874.675 | J327: =MIN(G327:I327) -> 50365 | K327: =AVERAGE(G327:I327) -> 56065.771 | L327: =HARMEAN(G327:I327) -> 55389.027 | M327: =GEOMEAN(G327:I327) -> 55718.864 | N327: =_xlfn.STDEV.S(G327:I327) -> 7802.1527 | O327: =+N327/K327 -> 0.13916071 | P327: =ROUND(+IF(O327<=25%,J327,IF(O327<=60%,L327,IF(O327<=90%,M327,IF(O327<=100%,K327)))),0) -> 50365 | Q327: =+IF(P327<=26%,"MENOR VALOR",IF(P327<=60%,"MEDIA ARMONICA",IF(P327<=90%,"MEDIA GEOMETRICA","MENOR VALOR"))) -> MENOR VALOR
A328: =+COTIZACIONES!A327 -> 325 | B328: =+COTIZACIONES!C327 -> SUMINISTRO E INSTALACION CERRAMIENTO EN MALLA ESLABONADA Cal. 12 de 2 1/4"x 2 1/4" + tubo galvanizado 2"+ ángulo 2"x 1 1/8 + anticorrosivo + esmalte. Suministro e instalación a todo costo. Incluye el suministro de todos los accesorios requerido para el corecto montaje | C328: =+COTIZACIONES!C327 -> SUMINISTRO E INSTALACION CERRAMIENTO EN MALLA ESLABONADA Cal. 12 de 2 1/4"x 2 1/4" + tubo galvanizado 2"+ ángulo 2"x 1 1/8 + anticorrosivo + esmalte. Suministro e instalación a todo costo. Incluye el suministro de todos los accesorios requerido para el corecto montaje | D328: =+COTIZACIONES!D327 -> M² | E328: =+COTIZACIONES!E327 -> 1 | F328: =+#REF! -> #REF! | G328: =+COTIZACIONES!K327 -> 1164500 | H328: =+COTIZACIONES!Q327 -> 1233023.4 | I328: =+COTIZACIONES!W327 -> 1134635.2 | J328: =MIN(G328:I328) -> 1134635.2 | K328: =AVERAGE(G328:I328) -> 1177386.2 | L328: =HARMEAN(G328:I328) -> 1175966.6 | M328: =GEOMEAN(G328:I328) -> 1176672.7 | N328: =_xlfn.STDEV.S(G328:I328) -> 50444.015 | O328: =+N328/K328 -> 0.042844068 | P328: =ROUND(+IF(O328<=25%,J328,IF(O328<=60%,L328,IF(O328<=90%,M328,IF(O328<=100%,K328)))),0) -> 1134635 | Q328: =+IF(P328<=26%,"MENOR VALOR",IF(P328<=60%,"MEDIA ARMONICA",IF(P328<=90%,"MEDIA GEOMETRICA","MENOR VALOR"))) -> MENOR VALOR
A329: =+COTIZACIONES!A328 -> 326 | B329: =+COTIZACIONES!C328 -> SUMINISTRO E INSTALACION PUERTA EN MALLA ESLABONADA. MARCO TUBERIA GALVANIZADA 2" . Incluye Malla eslabonada cal 12 de 2x1 1-1/2" + contramarco angulo 2" x 18" + anticorrosivo + pintura esmalte. Suministro e instalación a todo costo. Incluye el suministro de todos los accesorios requeridos para el correcto montaje. | C329: =+COTIZACIONES!C328 -> SUMINISTRO E INSTALACION PUERTA EN MALLA ESLABONADA. MARCO TUBERIA GALVANIZADA 2" . Incluye Malla eslabonada cal 12 de 2x1 1-1/2" + contramarco angulo 2" x 18" + anticorrosivo + pintura esmalte. Suministro e instalación a todo costo. Incluye el suministro de todos los accesorios requeridos para el correcto montaje. | D329: =+COTIZACIONES!D328 -> M² | E329: =+COTIZACIONES!E328 -> 1 | F329: =+#REF! -> #REF! | G329: =+COTIZACIONES!K328 -> 1163310 | H329: =+COTIZACIONES!Q328 -> 1232980.9 | I329: =+COTIZACIONES!W328 -> 1134635.2 | J329: =MIN(G329:I329) -> 1134635.2 | K329: =AVERAGE(G329:I329) -> 1176975.4 | L329: =HARMEAN(G329:I329) -> 1175549 | M329: =GEOMEAN(G329:I329) -> 1176258.3 | N329: =_xlfn.STDEV.S(G329:I329) -> 50576.926 | O329: =+N329/K329 -> 0.042971948 | P329: =ROUND(+IF(O329<=25%,J329,IF(O329<=60%,L329,IF(O329<=90%,M329,IF(O329<=100%,K329)))),0) -> 1134635 | Q329: =+IF(P329<=26%,"MENOR VALOR",IF(P329<=60%,"MEDIA ARMONICA",IF(P329<=90%,"MEDIA GEOMETRICA","MENOR VALOR"))) -> MENOR VALOR
A330: =+COTIZACIONES!A329 -> 327 | B330: =+COTIZACIONES!C329 -> INSTALACIÓN ESPEJO 4 MM, BISELADO Y PULIDO CUATRO LADOS, (INCLUYE LOS ELEMENTOS DE FIJACIÓN AL MURO) | C330: =+COTIZACIONES!C329 -> INSTALACIÓN ESPEJO 4 MM, BISELADO Y PULIDO CUATRO LADOS, (INCLUYE LOS ELEMENTOS DE FIJACIÓN AL MURO) | D330: =+COTIZACIONES!D329 -> M² | E330: =+COTIZACIONES!E329 -> 1 | F330: =+#REF! -> #REF! | G330: =+COTIZACIONES!K329 -> 250386 | H330: =+COTIZACIONES!Q329 -> 262701 | I330: =+COTIZACIONES!W329 -> 262862.67 | J330: =MIN(G330:I330) -> 250386 | K330: =AVERAGE(G330:I330) -> 258649.89 | L330: =HARMEAN(G330:I330) -> 258515.71 | M330: =GEOMEAN(G330:I330) -> 258583.15 | N330: =_xlfn.STDEV.S(G330:I330) -> 7157.1952 | O330: =+N330/K330 -> 0.027671364 | P330: =ROUND(+IF(O330<=25%,J330,IF(O330<=60%,L330,IF(O330<=90%,M330,IF(O330<=100%,K330)))),0) -> 250386 | Q330: =+IF(P330<=26%,"MENOR VALOR",IF(P330<=60%,"MEDIA ARMONICA",IF(P330<=90%,"MEDIA GEOMETRICA","MENOR VALOR"))) -> MENOR VALOR
A331: =+COTIZACIONES!A330 -> 328 | B331: =+COTIZACIONES!C330 -> INSTALACIÓN ESPEJO 4 MM, FLOTADO SIN BISELAR Y SIN MARCO, (SUMINISTRO E INSTALACIÓN INCLUYENDO LOS ELEMENTOS DE FIJACIÓN AL MURO) | C331: =+COTIZACIONES!C330 -> INSTALACIÓN ESPEJO 4 MM, FLOTADO SIN BISELAR Y SIN MARCO, (SUMINISTRO E INSTALACIÓN INCLUYENDO LOS ELEMENTOS DE FIJACIÓN AL MURO) | D331: =+COTIZACIONES!D330 -> M² | E331: =+COTIZACIONES!E330 -> 1 | F331: =+#REF! -> #REF! | G331: =+COTIZACIONES!K330 -> 137856.2 | H331: =+COTIZACIONES!Q330 -> 162721.57 | I331: =+COTIZACIONES!W330 -> 144725.54 | J331: =MIN(G331:I331) -> 137856.2 | K331: =AVERAGE(G331:I331) -> 148434.44 | L331: =HARMEAN(G331:I331) -> 147717.52 | M331: =GEOMEAN(G331:I331) -> 148071.75 | N331: =_xlfn.STDEV.S(G331:I331) -> 12840.895 | O331: =+N331/K331 -> 0.086508867 | P331: =ROUND(+IF(O331<=25%,J331,IF(O331<=60%,L331,IF(O331<=90%,M331,IF(O331<=100%,K331)))),0) -> 137856 | Q331: =+IF(P331<=26%,"MENOR VALOR",IF(P331<=60%,"MEDIA ARMONICA",IF(P331<=90%,"MEDIA GEOMETRICA","MENOR VALOR"))) -> MENOR VALOR
A332: =+COTIZACIONES!A331 -> 329 | B332: =+COTIZACIONES!C331 -> MANTENIMIENTO CONSISTENTE EN REPARACIÓN VIDRIOS OPALIZADOS LAMINAS | C332: =+COTIZACIONES!C331 -> MANTENIMIENTO CONSISTENTE EN REPARACIÓN VIDRIOS OPALIZADOS LAMINAS | D332: =+COTIZACIONES!D331 -> M² | E332: =+COTIZACIONES!E331 -> 1 | F332: =+#REF! -> #REF! | G332: =+COTIZACIONES!K331 -> 35975 | H332: =+COTIZACIONES!Q331 -> 42292.812 | I332: =+COTIZACIONES!W331 -> 37767.625 | J332: =MIN(G332:I332) -> 35975 | K332: =AVERAGE(G332:I332) -> 38678.479 | L332: =HARMEAN(G332:I332) -> 38501.291 | M332: =GEOMEAN(G332:I332) -> 38588.896 | N332: =_xlfn.STDEV.S(G332:I332) -> 3255.907 | O332: =+N332/K332 -> 0.084178774 | P332: =ROUND(+IF(O332<=25%,J332,IF(O332<=60%,L332,IF(O332<=90%,M332,IF(O332<=100%,K332)))),0) -> 35975 | Q332: =+IF(P332<=26%,"MENOR VALOR",IF(P332<=60%,"MEDIA ARMONICA",IF(P332<=90%,"MEDIA GEOMETRICA","MENOR VALOR"))) -> MENOR VALOR
A333: =+COTIZACIONES!A332 -> 330 | B333: =+COTIZACIONES!C332 -> APLICACIÓN DE ESTUCO PLÁSTICO O SIMILAR | C333: =+COTIZACIONES!C332 -> APLICACIÓN DE ESTUCO PLÁSTICO O SIMILAR | D333: =+COTIZACIONES!D332 -> M² | E333: =+COTIZACIONES!E332 -> 1 | F333: =+#REF! -> #REF! | G333: =+COTIZACIONES!K332 -> 28780 | H333: =+COTIZACIONES!Q332 -> 34107.95 | I333: =+COTIZACIONES!W332 -> 30214.1 | J333: =MIN(G333:I333) -> 28780 | K333: =AVERAGE(G333:I333) -> 31034.017 | L333: =HARMEAN(G333:I333) -> 30876.218 | M333: =GEOMEAN(G333:I333) -> 30954.136 | N333: =_xlfn.STDEV.S(G333:I333) -> 2756.9839 | O333: =+N333/K333 -> 0.088837483 | P333: =ROUND(+IF(O333<=25%,J333,IF(O333<=60%,L333,IF(O333<=90%,M333,IF(O333<=100%,K333)))),0) -> 28780 | Q333: =+IF(P333<=26%,"MENOR VALOR",IF(P333<=60%,"MEDIA ARMONICA",IF(P333<=90%,"MEDIA GEOMETRICA","MENOR VALOR"))) -> MENOR VALOR
A334: =+COTIZACIONES!A333 -> 331 | B334: =+COTIZACIONES!C333 -> MANTENIMIENTO A ESTUCO SOBRE MURO INTERIOR (INCLUYE ESTUCO FILOS Y DILATACIONES) | C334: =+COTIZACIONES!C333 -> MANTENIMIENTO A ESTUCO SOBRE MURO INTERIOR (INCLUYE ESTUCO FILOS Y DILATACIONES) | D334: =+COTIZACIONES!D333 -> M² | E334: =+COTIZACIONES!E333 -> 1 | F334: =+#REF! -> #REF! | G334: =+COTIZACIONES!K333 -> 47487 | H334: =+COTIZACIONES!Q333 -> 60342.562 | I334: =+COTIZACIONES!W333 -> 49853.265 | J334: =MIN(G334:I334) -> 47487 | K334: =AVERAGE(G334:I334) -> 52560.943 | L334: =HARMEAN(G334:I334) -> 52002.7 | M334: =GEOMEAN(G334:I334) -> 52275.4 | N334: =_xlfn.STDEV.S(G334:I334) -> 6842.1495 | O334: =+N334/K334 -> 0.13017555 | P334: =ROUND(+IF(O334<=25%,J334,IF(O334<=60%,L334,IF(O334<=90%,M334,IF(O334<=100%,K334)))),0) -> 47487 | Q334: =+IF(P334<=26%,"MENOR VALOR",IF(P334<=60%,"MEDIA ARMONICA",IF(P334<=90%,"MEDIA GEOMETRICA","MENOR VALOR"))) -> MENOR VALOR
A335: =+COTIZACIONES!A334 -> 332 | B335: =+COTIZACIONES!C334 -> MANTENIMIENTO DE MURO I(INCLUYE RESANES EN ESTUCO 1 MANO EN PINTURA TIPO 2 Y DOS MANOS EN PINTURA TIPO 1 FILOS Y DILATACIONES). | C335: =+COTIZACIONES!C334 -> MANTENIMIENTO DE MURO I(INCLUYE RESANES EN ESTUCO 1 MANO EN PINTURA TIPO 2 Y DOS MANOS EN PINTURA TIPO 1 FILOS Y DILATACIONES). | D335: =+COTIZACIONES!D334 -> M² | E335: =+COTIZACIONES!E334 -> 1 | F335: =+#REF! -> #REF! | G335: =+COTIZACIONES!K334 -> 47487 | H335: =+COTIZACIONES!Q334 -> 59890.958 | I335: =+COTIZACIONES!W334 -> 49853.265 | J335: =MIN(G335:I335) -> 47487 | K335: =AVERAGE(G335:I335) -> 52410.408 | L335: =HARMEAN(G335:I335) -> 51890.3 | M335: =GEOMEAN(G335:I335) -> 52144.663 | N335: =_xlfn.STDEV.S(G335:I335) -> 6585.4972 | O335: =+N335/K335 -> 0.12565247 | P335: =ROUND(+IF(O335<=25%,J335,IF(O335<=60%,L335,IF(O335<=90%,M335,IF(O335<=100%,K335)))),0) -> 47487 | Q335: =+IF(P335<=26%,"MENOR VALOR",IF(P335<=60%,"MEDIA ARMONICA",IF(P335<=90%,"MEDIA GEOMETRICA","MENOR VALOR"))) -> MENOR VALOR
A336: =+COTIZACIONES!A335 -> 333 | B336: =+COTIZACIONES!C335 -> APLICACIÓN DE DISOLVENTE PARA PINTURA EN ACEITE | C336: =+COTIZACIONES!C335 -> APLICACIÓN DE DISOLVENTE PARA PINTURA EN ACEITE | D336: =+COTIZACIONES!D335 -> M² | E336: =+COTIZACIONES!E335 -> 1 | F336: =+#REF! -> #REF! | G336: =+COTIZACIONES!K335 -> 8346.2 | H336: =+COTIZACIONES!Q335 -> 10764.409 | I336: =+COTIZACIONES!W335 -> 8762.089 | J336: =MIN(G336:I336) -> 8346.2 | K336: =AVERAGE(G336:I336) -> 9290.8992 | L336: =HARMEAN(G336:I336) -> 9178.753 | M336: =GEOMEAN(G336:I336) -> 9233.4118 | N336: =_xlfn.STDEV.S(G336:I336) -> 1292.9282 | O336: =+N336/K336 -> 0.13916071 | P336: =ROUND(+IF(O336<=25%,J336,IF(O336<=60%,L336,IF(O336<=90%,M336,IF(O336<=100%,K336)))),0) -> 8346 | Q336: =+IF(P336<=26%,"MENOR VALOR",IF(P336<=60%,"MEDIA ARMONICA",IF(P336<=90%,"MEDIA GEOMETRICA","MENOR VALOR"))) -> MENOR VALOR
... A411: =+COTIZACIONES!A410 -> 408 | B411: =+COTIZACIONES!C410 -> COLUMNAS Y VIGAS, EN CONCRETO DE RESISTENCIA 3000 PSI, 30X30 CM. A TODO COSTO | C411: =+COTIZACIONES!C410 -> COLUMNAS Y VIGAS, EN CONCRETO DE RESISTENCIA 3000 PSI, 30X30 CM. A TODO COSTO | D411: =+COTIZACIONES!D410 -> M3 | E411: =+COTIZACIONES!E410 -> 1 | F411: =+#REF! -> #REF! | G411: =+COTIZACIONES!K410 -> 115120 | H411: =+COTIZACIONES!Q410 -> 139168.8 | I411: =+COTIZACIONES!W410 -> 120856.4 | J411: =MIN(G411:I411) -> 115120 | K411: =AVERAGE(G411:I411) -> 125048.4 | L411: =HARMEAN(G411:I411) -> 124242.18 | M411: =GEOMEAN(G411:I411) -> 124639.04 | N411: =_xlfn.STDEV.S(G411:I411) -> 12560.487 | O411: =+N411/K411 -> 0.10044501 | P411: =ROUND(+IF(O411<=25%,J411,IF(O411<=60%,L411,IF(O411<=90%,M411,IF(O411<=100%,K411)))),0) -> 115120 | Q411: =+IF(P411<=26%,"MENOR VALOR",IF(P411<=60%,"MEDIA ARMONICA",IF(P411<=90%,"MEDIA GEOMETRICA","MENOR VALOR"))) -> MENOR VALOR

Sheet ANALISIS DE COTIZACIONES
A1: CALCULO CON USO DE METRICAS ESTADISTICAS | J1: VALOR DE COTIZACIONES SIN AIU | M1: ANALISIS ECONÓMICO
F2: =+'VALOR INDEXADO'!I1 -> VALOR INDEXADO SIN AIU | G2: GENERADOR DE PRECIOS COLOMBIA CYPE | H2: GENERADOR DE PRECIOS DATA CAUCA | I2: LUPEV LISTA UNICA DE PRECIOS DEL VALLE DEL CAUA | J2: PROVEEDOR: AUTOPARTES AGRICOLAS JPM SAS NIT 900.940.380-1 | K2: PROVEEDOR: COMERCIALIZADORA SEVERAL PARTS SAS NIT 900.709.559-4 | L2: M2 DISEÑO Y CONSTRUCCION SAS | M2: MENOR VALOR COTIZADO | N2: PROMEDIO | O2: MEDIA ARMONICA COTIZACIONES | P2: MEDIA GEOMETRICA | Q2: DESVIACION | R2: DISPERSION % | S2: PRECIO DE REFERENCIA VALOR UNITARIO INCLUIDO IVA | T2: METRICA UTILIZADA
A3: ITEM | B3: CODIGO | C3: DESCRIPCIÓN | D3: UNIDAD DE MEDIDA | E3: CANTIDAD
A4: =+COTIZACIONES!A3 -> 1 | B4: =+COTIZACIONES!C3 -> DEMOLICIÓN ANDEN EN CONCRETO HASTA H=0,10 M, (INCLUYE EL SARDINEL CARGUE Y RETIRO DE ESCOMBROS) | C4: =+COTIZACIONES!C3 -> DEMOLICIÓN ANDEN EN CONCRETO HASTA H=0,10 M, (INCLUYE EL SARDINEL CARGUE Y RETIRO DE ESCOMBROS) | D4: =+COTIZACIONES!D3 -> M² | E4: =+COTIZACIONES!E3 -> 1 | J4: =+COTIZACIONES!F3 -> 50025 | K4: =+COTIZACIONES!L3 -> 61910.94 | L4: =+COTIZACIONES!R3 -> 51765 | M4: =MIN(J4:L4) -> 50025 | N4: =AVERAGE(J4:L4) -> 54566.98 | O4: =HARMEAN(J4:L4) -> 54092.736 | P4: =GEOMEAN(J4:L4) -> 54324.646 | Q4: =_xlfn.STDEV.S(J4:L4) -> 6419.2843 | R4: =+Q4/N4 -> 0.11764045 | S4: =ROUND(+IF(R4<=25%,M4,IF(R4<=60%,O4,IF(R4<=90%,P4,IF(R4<=100%,N4)))),0) -> 50025 | T4: =+IF(R4<=20%,"MENOR VALOR",IF(R4<=60%,"MEDIA ARMONICA",IF(R4<=90%,"MEDIA GEOMETRICA","MENOR VALOR"))) -> MENOR VALOR
A5: =+COTIZACIONES!A4 -> 2 | B5: =+COTIZACIONES!C4 -> DEMOLICIÓN PAÑETE DE ESPESOR DE 005M BAJO PLACA (INCLUYE CARGUE Y RETIRO DE ESCOMBROS) | C5: =+COTIZACIONES!C4 -> DEMOLICIÓN PAÑETE DE ESPESOR DE 005M BAJO PLACA (INCLUYE CARGUE Y RETIRO DE ESCOMBROS) | D5: =+COTIZACIONES!D4 -> M² | E5: =+COTIZACIONES!E4 -> 1 | J5: =+COTIZACIONES!F4 -> 18400 | K5: =+COTIZACIONES!L4 -> 22881.32 | L5: =+COTIZACIONES!R4 -> 13090 | M5: =MIN(J5:L5) -> 13090 | N5: =AVERAGE(J5:L5) -> 18123.773 | O5: =HARMEAN(J5:L5) -> 17197.319 | P5: =GEOMEAN(J5:L5) -> 17663.612 | Q5: =_xlfn.STDEV.S(J5:L5) -> 4901.5011 | R5: =+Q5/N5 -> 0.27044595 | S5: =ROUND(+IF(R5<=25%,M5,IF(R5<=60%,O5,IF(R5<=90%,P5,IF(R5<=100%,N5)))),0) -> 17197 | T5: =+IF(R5<=20%,"MENOR VALOR",IF(R5<=60%,"MEDIA ARMONICA",IF(R5<=90%,"MEDIA GEOMETRICA","MENOR VALOR"))) -> MEDIA ARMONICA
A6: =+COTIZACIONES!A5 -> 3 | B6: =+COTIZACIONES!C5 -> DEMOLICIÓN - RETIRO PAÑETE DETERIORADO (INCLUYE CARGUE Y RETIRO DE ESCOMBROS) | C6: =+COTIZACIONES!C5 -> DEMOLICIÓN - RETIRO PAÑETE DETERIORADO (INCLUYE CARGUE Y RETIRO DE ESCOMBROS) | D6: =+COTIZACIONES!D5 -> M² | E6: =+COTIZACIONES!E5 -> 1 | J6: =+COTIZACIONES!F5 -> 13800 | K6: =+COTIZACIONES!L5 -> 17407.32 | L6: =+COTIZACIONES!R5 -> 14280 | M6: =MIN(J6:L6) -> 13800 | N6: =AVERAGE(J6:L6) -> 15162.44 | O6: =HARMEAN(J6:L6) -> 15004.586 | P6: =GEOMEAN(J6:L6) -> 15081.565 | Q6: =_xlfn.STDEV.S(J6:L6) -> 1958.881 | R6: =+Q6/N6 -> 0.12919299 | S6: =ROUND(+IF(R6<=25%,M6,IF(R6<=60%,O6,IF(R6<=90%,P6,IF(R6<=100%,N6)))),0) -> 13800 | T6: =+IF(R6<=20%,"MENOR VALOR",IF(R6<=60%,"MEDIA ARMONICA",IF(R6<=90%,"MEDIA GEOMETRICA","MENOR VALOR"))) -> MENOR VALOR
A7: =+COTIZACIONES!A6 -> 4 | B7: =+COTIZACIONES!C6 -> DEMOLICIÓN Y RETIRO DE ENCHAPE EN PIEDRA MUÑECA (INCLUYE CARGUE Y RETIRO DE ESCOMBROS) | C7: =+COTIZACIONES!C6 -> DEMOLICIÓN Y RETIRO DE ENCHAPE EN PIEDRA MUÑECA (INCLUYE CARGUE Y RETIRO DE ESCOMBROS) | D7: =+COTIZACIONES!D6 -> M² | E7: =+COTIZACIONES!E6 -> 1 | J7: =+COTIZACIONES!F6 -> 13800 | K7: =+COTIZACIONES!L6 -> 16914.66 | L7: =+COTIZACIONES!R6 -> 14280 | M7: =MIN(J7:L7) -> 13800 | N7: =AVERAGE(J7:L7) -> 14998.22 | O7: =HARMEAN(J7:L7) -> 14880.06 | P7: =GEOMEAN(J7:L7) -> 14937.922 | Q7: =_xlfn.STDEV.S(J7:L7) -> 1676.9486 | R7: =+Q7/N7 -> 0.11180984 | S7: =ROUND(+IF(R7<=25%,M7,IF(R7<=60%,O7,IF(R7<=90%,P7,IF(R7<=100%,N7)))),0) -> 13800 | T7: =+IF(R7<=20%,"MENOR VALOR",IF(R7<=60%,"MEDIA ARMONICA",IF(R7<=90%,"MEDIA GEOMETRICA","MENOR VALOR"))) -> MENOR VALOR
A8: =+COTIZACIONES!A7 -> 5 | B8: =+COTIZACIONES!C7 -> DEMOLICIÓN ÁREA LIBRE PISO DURO (INCLUYE CARGUE Y RETIRO DE ESCOMBROS) | C8: =+COTIZACIONES!C7 -> DEMOLICIÓN ÁREA LIBRE PISO DURO (INCLUYE CARGUE Y RETIRO DE ESCOMBROS) | D8: =+COTIZACIONES!D7 -> M² | E8: =+COTIZACIONES!E7 -> 1 | J8: =+COTIZACIONES!F7 -> 43700 | K8: =+COTIZACIONES!L7 -> 53303.075 | L8: =+COTIZACIONES!R7 -> 45220 | M8: =MIN(J8:L8) -> 43700 | N8: =AVERAGE(J8:L8) -> 47407.692 | O8: =HARMEAN(J8:L8) -> 47052.884 | P8: =GEOMEAN(J8:L8) -> 47226.753 | Q8: =_xlfn.STDEV.S(J8:L8) -> 5161.8077 | R8: =+Q8/N8 -> 0.10888123 | S8: =ROUND(+IF(R8<=25%,M8,IF(R8<=60%,O8,IF(R8<=90%,P8,IF(R8<=100%,N8)))),0) -> 43700 | T8: =+IF(R8<=20%,"MENOR VALOR",IF(R8<=60%,"MEDIA ARMONICA",IF(R8<=90%,"MEDIA GEOMETRICA","MENOR VALOR"))) -> MENOR VALOR
A9: =+COTIZACIONES!A8 -> 6 | B9: =+COTIZACIONES!C8 -> DEMOLICIÓN DE BANCAS A=0,35 M, (INCLUYE MURETES EN MAMPOSTERÍA Y PLACA CARGUE Y RETIRO DE ESCOMBROS), | C9: =+COTIZACIONES!C8 -> DEMOLICIÓN DE BANCAS A=0,35 M, (INCLUYE MURETES EN MAMPOSTERÍA Y PLACA CARGUE Y RETIRO DE ESCOMBROS), | D9: =+COTIZACIONES!D8 -> ML | E9: =+COTIZACIONES!E8 -> 1 | J9: =+COTIZACIONES!F8 -> 28750 | K9: =+COTIZACIONES!L8 -> 35409.938 | L9: =+COTIZACIONES!R8 -> 29750 | M9: =MIN(J9:L9) -> 28750 | N9: =AVERAGE(J9:L9) -> 31303.312 | O9: =HARMEAN(J9:L9) -> 31044.102 | P9: =GEOMEAN(J9:L9) -> 31170.947 | Q9: =_xlfn.STDEV.S(J9:L9) -> 3591.4171 | R9: =+Q9/N9 -> 0.11472962 | S9: =ROUND(+IF(R9<=25%,M9,IF(R9<=60%,O9,IF(R9<=90%,P9,IF(R9<=100%,N9)))),0) -> 28750 | T9: =+IF(R9<=20%,"MENOR VALOR",IF(R9<=60%,"MEDIA ARMONICA",IF(R9<=90%,"MEDIA GEOMETRICA","MENOR VALOR"))) -> MENOR VALOR
A10: =+COTIZACIONES!A9 -> 7 | B10: =+COTIZACIONES!C9 -> DEMOLICIÓN DE ENCHAPE DE PARED (INCLUYE CARGUE Y RETIRO DE ESCOMBROS) | C10: =+COTIZACIONES!C9 -> DEMOLICIÓN DE ENCHAPE DE PARED (INCLUYE CARGUE Y RETIRO DE ESCOMBROS) | D10: =+COTIZACIONES!D9 -> M² | E10: =+COTIZACIONES!E9 -> 1 | J10: =+COTIZACIONES!F9 -> 20700 | K10: =+COTIZACIONES!L9 -> 27712.125 | L10: =+COTIZACIONES!R9 -> 21420 | M10: =MIN(J10:L10) -> 20700 | N10: =AVERAGE(J10:L10) -> 23277.375 | O10: =HARMEAN(J10:L10) -> 22886.82 | P10: =GEOMEAN(J10:L10) -> 23075.611 | Q10: =_xlfn.STDEV.S(J10:L10) -> 3857.4416 | R10: =+Q10/N10 -> 0.16571635 | S10: =ROUND(+IF(R10<=25%,M10,IF(R10<=60%,O10,IF(R10<=90%,P10,IF(R10<=100%,N10)))),0) -> 20700 | T10: =+IF(R10<=20%,"MENOR VALOR",IF(R10<=60%,"MEDIA ARMONICA",IF(R10<=90%,"MEDIA GEOMETRICA","MENOR VALOR"))) -> MENOR VALOR
A11: =+COTIZACIONES!A10 -> 8 | B11: =+COTIZACIONES!C10 -> DEMOLICIÓN DE ENCHAPE DE PISOS (INCLUYE CARGUE Y RETIRO DE ESCOMBROS) | C11: =+COTIZACIONES!C10 -> DEMOLICIÓN DE ENCHAPE DE PISOS (INCLUYE CARGUE Y RETIRO DE ESCOMBROS) | D11: =+COTIZACIONES!D10 -> M² | E11: =+COTIZACIONES!E10 -> 1 | J11: =+COTIZACIONES!F10 -> 21850 | K11: =+COTIZACIONES!L10 -> 28991.673 | L11: =+COTIZACIONES!R10 -> 22610 | M11: =MIN(J11:L11) -> 21850 | N11: =AVERAGE(J11:L11) -> 24483.891 | O11: =HARMEAN(J11:L11) -> 24098.811 | P11: =GEOMEAN(J11:L11) -> 24285.204 | Q11: =_xlfn.STDEV.S(J11:L11) -> 3922.3044 | R11: =+Q11/N11 -> 0.16019939 | S11: =ROUND(+IF(R11<=25%,M11,IF(R11<=60%,O11,IF(R11<=90%,P11,IF(R11<=100%,N11)))),0) -> 21850 | T11: =+IF(R11<=20%,"MENOR VALOR",IF(R11<=60%,"MEDIA ARMONICA",IF(R11<=90%,"MEDIA GEOMETRICA","MENOR VALOR"))) -> MENOR VALOR
A12: =+COTIZACIONES!A11 -> 9 | B12: =+COTIZACIONES!C11 -> DEMOLICIÓN MANUAL DE SARDINEL EXISTENTE (INCLUYE CARGUE Y RETIRO DE ESCOMBROS) | C12: =+COTIZACIONES!C11 -> DEMOLICIÓN MANUAL DE SARDINEL EXISTENTE (INCLUYE CARGUE Y RETIRO DE ESCOMBROS) | D12: =+COTIZACIONES!D11 -> ML | E12: =+COTIZACIONES!E11 -> 1 | J12: =+COTIZACIONES!F11 -> 17250 | K12: =+COTIZACIONES!L11 -> 23503.987 | L12: =+COTIZACIONES!R11 -> 17850 | M12: =MIN(J12:L12) -> 17250 | N12: =AVERAGE(J12:L12) -> 19534.663 | O12: =HARMEAN(J12:L12) -> 19164.505 | P12: =GEOMEAN(J12:L12) -> 19342.961 | Q12: =_xlfn.STDEV.S(J12:L12) -> 3450.6022 | R12: =+Q12/N12 -> 0.17663997 | S12: =ROUND(+IF(R12<=25%,M12,IF(R12<=60%,O12,IF(R12<=90%,P12,IF(R12<=100%,N12)))),0) -> 17250 | T12: =+IF(R12<=20%,"MENOR VALOR",IF(R12<=60%,"MEDIA ARMONICA",IF(R12<=90%,"MEDIA GEOMETRICA","MENOR VALOR"))) -> MENOR VALOR
A13: =+COTIZACIONES!A12 -> 10 | B13: =+COTIZACIONES!C12 -> DEMOLICIÓN MURO DE CEMENTO. | C13: =+COTIZACIONES!C12 -> DEMOLICIÓN MURO DE CEMENTO. | D13: =+COTIZACIONES!D12 -> M² | E13: =+COTIZACIONES!E12 -> 1 | J13: =+COTIZACIONES!F12 -> 11900 | K13: =+COTIZACIONES!L12 -> 18409.3 | L13: =+COTIZACIONES!R12 -> 17850 | M13: =MIN(J13:L13) -> 11900 | N13: =AVERAGE(J13:L13) -> 16053.1 | O13: =HARMEAN(J13:L13) -> 15433.973 | P13: =GEOMEAN(J13:L13) -> 15754.604 | Q13: =_xlfn.STDEV.S(J13:L13) -> 3607.5454 | R13: =+Q13/N13 -> 0.22472578 | S13: =ROUND(+IF(R13<=25%,M13,IF(R13<=60%,O13,IF(R13<=90%,P13,IF(R13<=100%,N13)))),0) -> 11900 | T13: =+IF(R13<=20%,"MENOR VALOR",IF(R13<=60%,"MEDIA ARMONICA",IF(R13<=90%,"MEDIA GEOMETRICA","MENOR VALOR"))) -> MEDIA ARMONICA
A14: =+COTIZACIONES!A13 -> 11 | B14: =+COTIZACIONES!C13 -> DEMOLICIÓN MURO DE LADRILLO DE ESPESOR MENOR A 0.15 METROS. | C14: =+COTIZACIONES!C13 -> DEMOLICIÓN MURO DE LADRILLO DE ESPESOR MENOR A 0.15 METROS. | D14: =+COTIZACIONES!D13 -> M² | E14: =+COTIZACIONES!E13 -> 1 | F14: =+'VALOR INDEXADO'!$I$12 -> 18170.739 | J14: =+COTIZACIONES!F13 -> 11900 | K14: =+COTIZACIONES!L13 -> 16993.2 | L14: =+COTIZACIONES!R13 -> 21420 | M14: =MIN(F14:L14) -> 11900 | N14: =AVERAGE(F14:L14) -> 17120.985 | O14: =HARMEAN(F14:L14) -> 16353.259 | P14: =GEOMEAN(F14:L14) -> 16749.566 | Q14: =_xlfn.STDEV.S(F14:L14) -> 3952.1524 | R14: =+Q14/N14 -> 0.23083675 | S14: =ROUND(+IF(R14<=25%,M14,IF(R14<=60%,O14,IF(R14<=90%,P14,IF(R14<=100%,N14)))),0) -> 11900 | T14: =+IF(R14<=20%,"MENOR VALOR",IF(R14<=60%,"MEDIA ARMONICA",IF(R14<=90%,"MEDIA GEOMETRICA","MENOR VALOR"))) -> MEDIA ARMONICA
A15: =+COTIZACIONES!A14 -> 12 | B15: =+COTIZACIONES!C14 -> DEMOLICIÓN PLACA PISO. A TODO COSTO | C15: =+COTIZACIONES!C14 -> DEMOLICIÓN PLACA PISO. A TODO COSTO | D15: =+COTIZACIONES!D14 -> M² | E15: =+COTIZACIONES!E14 -> 1 | J15: =+COTIZACIONES!F14 -> 17250 | K15: =+COTIZACIONES!L14 -> 21759.15 | L15: =+COTIZACIONES!R14 -> 17850 | M15: =MIN(J15:L15) -> 17250 | N15: =AVERAGE(J15:L15) -> 18953.05 | O15: =HARMEAN(J15:L15) -> 18755.732 | P15: =GEOMEAN(J15:L15) -> 18851.956 | Q15: =_xlfn.STDEV.S(J15:L15) -> 2448.6012 | R15: =+Q15/N15 -> 0.12919299 | S15: =ROUND(+IF(R15<=25%,M15,IF(R15<=60%,O15,IF(R15<=90%,P15,IF(R15<=100%,N15)))),0) -> 17250 | T15: =+IF(R15<=20%,"MENOR VALOR",IF(R15<=60%,"MEDIA ARMONICA",IF(R15<=90%,"MEDIA GEOMETRICA","MENOR VALOR"))) -> MENOR VALOR
A16: =+COTIZACIONES!A15 -> 13 | B16: =+COTIZACIONES!C15 -> DEMOLICIÓN PLACAS MACIZAS DE ESPESOR MAYOR A 0.15 METROS. | C16: =+COTIZACIONES!C15 -> DEMOLICIÓN PLACAS MACIZAS DE ESPESOR MAYOR A 0.15 METROS. | D16: =+COTIZACIONES!D15 -> M² | E16: =+COTIZACIONES!E15 -> 1 | J16: =+COTIZACIONES!F15 -> 23000 | K16: =+COTIZACIONES!L15 -> 28191.1 | L16: =+COTIZACIONES!R15 -> 23800 | M16: =MIN(J16:L16) -> 23000 | N16: =AVERAGE(J16:L16) -> 24997.033 | O16: =HARMEAN(J16:L16) -> 24800.1 | P16: =GEOMEAN(J16:L16) -> 24896.537 | Q16: =_xlfn.STDEV.S(J16:L16) -> 2794.9144 | R16: =+Q16/N16 -> 0.11180984 | S16: =ROUND(+IF(R16<=25%,M16,IF(R16<=60%,O16,IF(R16<=90%,P16,IF(R16<=100%,N16)))),0) -> 23000 | T16: =+IF(R16<=20%,"MENOR VALOR",IF(R16<=60%,"MEDIA ARMONICA",IF(R16<=90%,"MEDIA GEOMETRICA","MENOR VALOR"))) -> MENOR VALOR | V16: IGUAL
A17: =+COTIZACIONES!A16 -> 14 | B17: =+COTIZACIONES!C16 -> DEMOLICIÓN PLACAS MACIZAS DE ESPESOR MENOR A 0.15 METROS. | C17: =+COTIZACIONES!C16 -> DEMOLICIÓN PLACAS MACIZAS DE ESPESOR MENOR A 0.15 METROS. | D17: =+COTIZACIONES!D16 -> M² | E17: =+COTIZACIONES!E16 -> 1 | J17: =+COTIZACIONES!F16 -> 20700 | K17: =+COTIZACIONES!L16 -> 25248.825 | L17: =+COTIZACIONES!R16 -> 21420 | M17: =MIN(J17:L17) -> 20700 | N17: =AVERAGE(J17:L17) -> 22456.275 | O17: =HARMEAN(J17:L17) -> 22288.208 | P17: =GEOMEAN(J17:L17) -> 22370.567 | Q17: =_xlfn.STDEV.S(J17:L17) -> 2445.0668 | R17: =+Q17/N17 -> 0.10888123 | S17: =ROUND(+IF(R17<=25%,M17,IF(R17<=60%,O17,IF(R17<=90%,P17,IF(R17<=100%,N17)))),0) -> 20700 | T17: =+IF(R17<=20%,"MENOR VALOR",IF(R17<=60%,"MEDIA ARMONICA",IF(R17<=90%,"MEDIA GEOMETRICA","MENOR VALOR"))) -> MENOR VALOR | V17: IGUAL
A18: =+COTIZACIONES!A17 -> 15 | B18: =+COTIZACIONES!C17 -> DESMONTE MURO EN DRY WALL (INCLUYE CARGUE Y RETIRO DE MATERIAL DESMONTADO) | C18: =+COTIZACIONES!C17 -> DESMONTE MURO EN DRY WALL (INCLUYE CARGUE Y RETIRO DE MATERIAL DESMONTADO) | D18: =+COTIZACIONES!D17 -> M² | E18: =+COTIZACIONES!E17 -> 1 | F18: =+'VALOR INDEXADO'!$I$16 -> 15142.282 | J18: =+COTIZACIONES!F17 -> 17250 | K18: =+COTIZACIONES!L17 -> 14161 | L18: =+COTIZACIONES!R17 -> 17850 | M18: =MIN(F18:L18) -> 14161 | N18: =AVERAGE(F18:L18) -> 16100.821 | O18: =HARMEAN(F18:L18) -> 15958.499 | P18: =GEOMEAN(F18:L18) -> 16029.802 | Q18: =_xlfn.STDEV.S(F18:L18) -> 1738.0009 | R18: =+Q18/N18 -> 0.10794486 | S18: =ROUND(+IF(R18<=25%,M18,IF(R18<=60%,O18,IF(R18<=90%,P18,IF(R18<=100%,N18)))),0) -> 14161 | T18: =+IF(R18<=20%,"MENOR VALOR",IF(R18<=60%,"MEDIA ARMONICA",IF(R18<=90%,"MEDIA GEOMETRICA","MENOR VALOR"))) -> MENOR VALOR
A19: =+COTIZACIONES!A18 -> 16 | B19: =+COTIZACIONES!C18 -> DESMONTE DE PISOS DE MADERA (INCLUYE CARGUE Y RETIRO DE MATERIAL DESMONTADO) | C19: =+COTIZACIONES!C18 -> DESMONTE DE PISOS DE MADERA (INCLUYE CARGUE Y RETIRO DE MATERIAL DESMONTADO) | D19: =+COTIZACIONES!D18 -> M² | E19: =+COTIZACIONES!E18 -> 1 | J19: =+COTIZACIONES!F18 -> 16100 | K19: =+COTIZACIONES!L18 -> 15577.1 | L19: =+COTIZACIONES!R18 -> 16660 | M19: =MIN(J19:L19) -> 15577.1 | N19: =AVERAGE(J19:L19) -> 16112.367 | O19: =HARMEAN(J19:L19) -> 16100.241 | P19: =GEOMEAN(J19:L19) -> 16106.302 | Q19: =_xlfn.STDEV.S(J19:L19) -> 541.55591 | R19: =+Q19/N19 -> 0.033611196 | S19: =ROUND(+IF(R19<=25%,M19,IF(R19<=60%,O19,IF(R19<=90%,P19,IF(R19<=100%,N19)))),0) -> 15577 | T19: =+IF(R19<=20%,"MENOR VALOR",IF(R19<=60%,"MEDIA ARMONICA",IF(R19<=90%,"MEDIA GEOMETRICA","MENOR VALOR"))) -> MENOR VALOR
A20: =+COTIZACIONES!A19 -> 17 | B20: =+COTIZACIONES!C19 -> EXCAVACIÓN EN MATERIAL COMÚN CON RETIRO, PROFUNDIDAD DE 0.1 - 2.9 M. | C20: =+COTIZACIONES!C19 -> EXCAVACIÓN EN MATERIAL COMÚN CON RETIRO, PROFUNDIDAD DE 0.1 - 2.9 M. | D20: =+COTIZACIONES!D19 -> M³ | E20: =+COTIZACIONES!E19 -> 1 | J20: =+COTIZACIONES!F19 -> 28750 | K20: =+COTIZACIONES!L19 -> 38146.938 | L20: =+COTIZACIONES!R19 -> 29750 | M20: =MIN(J20:L20) -> 28750 | N20: =AVERAGE(J20:L20) -> 32215.646 | O20: =HARMEAN(J20:L20) -> 31708.961 | P20: =GEOMEAN(J20:L20) -> 31954.216 | Q20: =_xlfn.STDEV.S(J20:L20) -> 5160.9268 | R20: =+Q20/N20 -> 0.16019939 | S20: =ROUND(+IF(R20<=25%,M20,IF(R20<=60%,O20,IF(R20<=90%,P20,IF(R20<=100%,N20)))),0) -> 28750 | T20: =+IF(R20<=20%,"MENOR VALOR",IF(R20<=60%,"MEDIA ARMONICA",IF(R20<=90%,"MEDIA GEOMETRICA","MENOR VALOR"))) -> MENOR VALOR
A21: =+COTIZACIONES!A20 -> 18 | B21: =+COTIZACIONES!C20 -> EXCAVACIÓN MANUAL PARA REDES HIDROSANITARIAS INFRAESTRUCTURA h=2.00 m. como máximo (Incluye cargue y retiro de material excavado). | C21: =+COTIZACIONES!C20 -> EXCAVACIÓN MANUAL PARA REDES HIDROSANITARIAS INFRAESTRUCTURA h=2.00 m. como máximo (Incluye cargue y retiro de material excavado). | D21: =+COTIZACIONES!D20 -> M³ | E21: =+COTIZACIONES!E20 -> 1 | G21: 67227.3 | H21: 50729 | I21: 35327 | J21: =+COTIZACIONES!F20 -> 29750 | K21: =+COTIZACIONES!L20 -> 35402.5 | L21: =+COTIZACIONES!R20 -> 23681 | M21: =MIN(J21:L21) -> 23681 | N21: =AVERAGE(J21:L21) -> 29611.167 | O21: =HARMEAN(J21:L21) -> 28821.77 | P21: =GEOMEAN(J21:L21) -> 29217.316 | Q21: =_xlfn.STDEV.S(J21:L21) -> 5861.9832 | R21: =+Q21/N21 -> 0.19796529 | S21: =ROUND(+IF(R21<=25%,M21,IF(R21<=60%,O21,IF(R21<=90%,P21,IF(R21<=100%,N21)))),0) -> 23681 | T21: =+IF(R21<=20%,"MENOR VALOR",IF(R21<=60%,"MEDIA ARMONICA",IF(R21<=90%,"MEDIA GEOMETRICA","MENOR VALOR"))) -> MENOR VALOR
A22: =+COTIZACIONES!A21 -> 19 | B22: =+COTIZACIONES!C21 -> EXCAVACIÓN MANUAL DE MATERIAL HETEROGENEO (Incluye cargue y retiro del material excavado a botadero.) | C22: =+COTIZACIONES!C21 -> EXCAVACIÓN MANUAL DE MATERIAL HETEROGENEO (Incluye cargue y retiro del material excavado a botadero.) | D22: =+COTIZACIONES!D21 -> M³ | E22: =+COTIZACIONES!E21 -> 1 | G22: 67227.3 | H22: 50729 | I22: 75008 | J22: =+COTIZACIONES!F21 -> 116620 | K22: =+COTIZACIONES!L21 -> 110455.8 | L22: =+COTIZACIONES!R21 -> 82110 | M22: =MIN(J22:L22) -> 82110 | N22: =AVERAGE(J22:L22) -> 103061.93 | O22: =HARMEAN(J22:L22) -> 100647.37 | P22: =GEOMEAN(J22:L22) -> 101887.1 | Q22: =_xlfn.STDEV.S(J22:L22) -> 18404.808 | R22: =+Q22/N22 -> 0.17858008 | S22: =ROUND(+IF(R22<=25%,M22,IF(R22<=60%,O22,IF(R22<=90%,P22,IF(R22<=100%,N22)))),0) -> 82110 | T22: =+IF(R22<=20%,"MENOR VALOR",IF(R22<=60%,"MEDIA ARMONICA",IF(R22<=90%,"MEDIA GEOMETRICA","MENOR VALOR"))) -> MENOR VALOR
A23: =+COTIZACIONES!A22 -> 20 | B23: =+COTIZACIONES!C22 -> EXCAVACIÓN MANUAL DE MATERIAL ROCOSO (Incluye cargue y retiro del material excavado a botadero.) | C23: =+COTIZACIONES!C22 -> EXCAVACIÓN MANUAL DE MATERIAL ROCOSO (Incluye cargue y retiro del material excavado a botadero.) | D23: =+COTIZACIONES!D22 -> M³ | E23: =+COTIZACIONES!E22 -> 1 | J23: =+COTIZACIONES!F22 -> 650000 | K23: =+COTIZACIONES!L22 -> 808307.5 | L23: =+COTIZACIONES!R22 -> 684250 | M23: =MIN(J23:L23) -> 650000 | N23: =AVERAGE(J23:L23) -> 714185.83 | O23: =HARMEAN(J23:L23) -> 708036.68 | P23: =GEOMEAN(J23:L23) -> 711052.37 | Q23: =_xlfn.STDEV.S(J23:L23) -> 83291.246 | R23: =+Q23/N23 -> 0.11662405 | S23: =ROUND(+IF(R23<=25%,M23,IF(R23<=60%,O23,IF(R23<=90%,P23,IF(R23<=100%,N23)))),0) -> 650000 | T23: =+IF(R23<=20%,"MENOR VALOR",IF(R23<=60%,"MEDIA ARMONICA",IF(R23<=90%,"MEDIA GEOMETRICA","MENOR VALOR"))) -> MENOR VALOR
A24: =+COTIZACIONES!A23 -> 21 | B24: =+COTIZACIONES!C23 -> EXCAVACIÓN MECANICA EN MATERIAL COMUN (Incluye cargue y retiro del material excavado a botadero.) | C24: =+COTIZACIONES!C23 -> EXCAVACIÓN MECANICA EN MATERIAL COMUN (Incluye cargue y retiro del material excavado a botadero.) | D24: =+COTIZACIONES!D23 -> M³ | E24: =+COTIZACIONES!E23 -> 1 | J24: =+COTIZACIONES!F23 -> 850000 | K24: =+COTIZACIONES!L23 -> 1072190 | L24: =+COTIZACIONES!R23 -> 916300 | M24: =MIN(J24:L24) -> 850000 | N24: =AVERAGE(J24:L24) -> 946163.33 | O24: =HARMEAN(J24:L24) -> 937357.42 | P24: =GEOMEAN(J24:L24) -> 941693.24 | Q24: =_xlfn.STDEV.S(J24:L24) -> 114065.61 | R24: =+Q24/N24 -> 0.12055594 | S24: =ROUND(+IF(R24<=25%,M24,IF(R24<=60%,O24,IF(R24<=90%,P24,IF(R24<=100%,N24)))),0) -> 850000 | T24: =+IF(R24<=20%,"MENOR VALOR",IF(R24<=60%,"MEDIA ARMONICA",IF(R24<=90%,"MEDIA GEOMETRICA","MENOR VALOR"))) -> MENOR VALOR
A25: =+COTIZACIONES!A24 -> 22 | B25: =+COTIZACIONES!C24 -> LOCALIZACIÓN Y REPLANTEO CERRAMIENTO | C25: =+COTIZACIONES!C24 -> LOCALIZACIÓN Y REPLANTEO CERRAMIENTO | D25: =+COTIZACIONES!D24 -> M³ | E25: =+COTIZACIONES!E24 -> 1 | J25: =+COTIZACIONES!F24 -> 595000 | K25: =+COTIZACIONES!L24 -> 665283.78 | L25: =+COTIZACIONES!R24 -> 827050 | M25: =MIN(F25:L25) -> 595000 | N25: =AVERAGE(F25:L25) -> 695777.93 | O25: =HARMEAN(F25:L25) -> 682919.08 | P25: =GEOMEAN(F25:L25) -> 689210.51 | Q25: =_xlfn.STDEV.S(F25:L25) -> 118992.52 | R25: =+Q25/N25 -> 0.17102084 | S25: =ROUND(+IF(R25<=25%,M25,IF(R25<=60%,O25,IF(R25<=90%,P25,IF(R25<=100%,N25)))),0) -> 595000 | T25: =+IF(R25<=20%,"MENOR VALOR",IF(R25<=60%,"MEDIA ARMONICA",IF(R25<=90%,"MEDIA GEOMETRICA","MENOR VALOR"))) -> MENOR VALOR
A26: =+COTIZACIONES!A25 -> 23 | B26: =+COTIZACIONES!C25 -> LOCALIZACIÓN Y REPLANTEO DE REDES PARA INFRAESTRUCTURA HIDRÁULICA | C26: =+COTIZACIONES!C25 -> LOCALIZACIÓN Y REPLANTEO DE REDES PARA INFRAESTRUCTURA HIDRÁULICA | D26: =+COTIZACIONES!D25 -> M³ | E26: =+COTIZACIONES!E25 -> 1 | I26: 2075.89 | J26: =+COTIZACIONES!F25 -> 970000 | K26: =+COTIZACIONES!L25 -> 1183157.5 | L26: =+COTIZACIONES!R25 -> 975800 | M26: =MIN(J26:L26) -> 970000 | N26: =AVERAGE(J26:L26) -> 1042985.8 | O26: =HARMEAN(J26:L26) -> 1034153.3 | P26: =GEOMEAN(J26:L26) -> 1038464.6 | Q26: =_xlfn.STDEV.S(J26:L26) -> 121426.86 | R26: =+Q26/N26 -> 0.11642235 | S26: =ROUND(+IF(R26<=25%,M26,IF(R26<=60%,O26,IF(R26<=90%,P26,IF(R26<=100%,N26)))),0) -> 970000 | T26: =+IF(R26<=20%,"MENOR VALOR",IF(R26<=60%,"MEDIA ARMONICA",IF(R26<=90%,"MEDIA GEOMETRICA","MENOR VALOR"))) -> MENOR VALOR
A27: =+COTIZACIONES!A26 -> 24 | B27: =+COTIZACIONES!C26 -> DESCAPOTE MANUAL e=0.20 m. (Incluye cargue y retiro del material a botadero.) | C27: =+COTIZACIONES!C26 -> DESCAPOTE MANUAL e=0.20 m. (Incluye cargue y retiro del material a botadero.) | D27: =+COTIZACIONES!D26 -> M³ | E27: =+COTIZACIONES!E26 -> 1 | I27: 6658 | J27: =+COTIZACIONES!F26 -> 1200000 | K27: =+COTIZACIONES!L26 -> 1477980 | L27: =+COTIZACIONES!R26 -> 1309000 | M27: =MIN(J27:L27) -> 1200000 | N27: =AVERAGE(J27:L27) -> 1328993.3 | O27: =HARMEAN(J27:L27) -> 1319334.1 | P27: =GEOMEAN(J27:L27) -> 1324127.5 | Q27: =_xlfn.STDEV.S(J27:L27) -> 140064.34 | R27: =+Q27/N27 -> 0.10539131 | S27: =ROUND(+IF(R27<=25%,M27,IF(R27<=60%,O27,IF(R27<=90%,P27,IF(R27<=100%,N27)))),0) -> 1200000 | T27: =+IF(R27<=20%,"MENOR VALOR",IF(R27<=60%,"MEDIA ARMONICA",IF(R27<=90%,"MEDIA GEOMETRICA","MENOR VALOR"))) -> MENOR VALOR
A28: =+COTIZACIONES!A27 -> 25 | B28: =+COTIZACIONES!C27 -> RELLENO, CONFORMACIÓN Y COMPACTACIÓN MANUAL DE MATERIAL PROVENIENTE DE EXCAVACIÓN. (Incluye cargue y retiro de sobrantes a botadero.) | C28: =+COTIZACIONES!C27 -> RELLENO, CONFORMACIÓN Y COMPACTACIÓN MANUAL DE MATERIAL PROVENIENTE DE EXCAVACIÓN. (Incluye cargue y retiro de sobrantes a botadero.) | D28: =+COTIZACIONES!D27 -> M³ | E28: =+COTIZACIONES!E27 -> 1 | I28: 9392 | J28: =+COTIZACIONES!F27 -> 1500000 | K28: =+COTIZACIONES!L27 -> 2008125 | L28: =+COTIZACIONES!R27 -> 1844500 | M28: =MIN(J28:L28) -> 1500000 | N28: =AVERAGE(J28:L28) -> 1784208.3 | O28: =HARMEAN(J28:L28) -> 1757679.3 | P28: =GEOMEAN(J28:L28) -> 1771142.7 | Q28: =_xlfn.STDEV.S(J28:L28) -> 259372.45 | R28: =+Q28/N28 -> 0.14537117 | S28: =ROUND(+IF(R28<=25%,M28,IF(R28<=60%,O28,IF(R28<=90%,P28,IF(R28<=100%,N28)))),0) -> 1500000 | T28: =+IF(R28<=20%,"MENOR VALOR",IF(R28<=60%,"MEDIA ARMONICA",IF(R28<=90%,"MEDIA GEOMETRICA","MENOR VALOR"))) -> MENOR VALOR
A29: =+COTIZACIONES!A28 -> 26 | B29: =+COTIZACIONES!C28 -> RELLENO, CONFORMACIÓN Y COMPACTACIÓN A MAQUINA CON MATERIAL DE PRESTAMO (Incluye explotación, cargue, descargue, conformación.) | C29: =+COTIZACIONES!C28 -> RELLENO, CONFORMACIÓN Y COMPACTACIÓN A MAQUINA CON MATERIAL DE PRESTAMO (Incluye explotación, cargue, descargue, conformación.) | D29: =+COTIZACIONES!D28 -> M³ | E29: =+COTIZACIONES!E28 -> 1 | J29: =+COTIZACIONES!F28 -> 1300000 | K29: =+COTIZACIONES!L28 -> 1724905 | L29: =+COTIZACIONES!R28 -> 1570800 | M29: =MIN(J29:L29) -> 1300000 | N29: =AVERAGE(J29:L29) -> 1531901.7 | O29: =HARMEAN(J29:L29) -> 1510885.1 | P29: =GEOMEAN(J29:L29) -> 1521515.8 | Q29: =_xlfn.STDEV.S(J29:L29) -> 215106.66 | R29: =+Q29/N29 -> 0.14041806 | S29: =ROUND(+IF(R29<=25%,M29,IF(R29<=60%,O29,IF(R29<=90%,P29,IF(R29<=100%,N29)))),0) -> 1300000 | T29: =+IF(R29<=20%,"MENOR VALOR",IF(R29<=60%,"MEDIA ARMONICA",IF(R29<=90%,"MEDIA GEOMETRICA","MENOR VALOR"))) -> MENOR VALOR
A30: =+COTIZACIONES!A29 -> 27 | B30: =+COTIZACIONES!C29 -> DEMOLICIÓN ENCHAPE DE MUROS (INCLUYE CARGUE Y RETIRO DE ESCOMBROS) | C30: =+COTIZACIONES!C29 -> DEMOLICIÓN ENCHAPE DE MUROS (INCLUYE CARGUE Y RETIRO DE ESCOMBROS) | D30: =+COTIZACIONES!D29 -> M² | E30: =+COTIZACIONES!E29 -> 1 | J30: =+COTIZACIONES!F29 -> 28750 | K30: =+COTIZACIONES!L29 -> 39173.312 | L30: =+COTIZACIONES!R29 -> 29750 | M30: =MIN(J30:L30) -> 28750 | N30: =AVERAGE(J30:L30) -> 32557.771 | O30: =HARMEAN(J30:L30) -> 31940.841 | P30: =GEOMEAN(J30:L30) -> 32238.268 | Q30: =_xlfn.STDEV.S(J30:L30) -> 5751.0037 | R30: =+Q30/N30 -> 0.17663997 | S30: =ROUND(+IF(R30<=25%,M30,IF(R30<=60%,O30,IF(R30<=90%,P30,IF(R30<=100%,N30)))),0) -> 28750 | T30: =+IF(R30<=20%,"MENOR VALOR",IF(R30<=60%,"MEDIA ARMONICA",IF(R30<=90%,"MEDIA GEOMETRICA","MENOR VALOR"))) -> MENOR VALOR
A31: =+COTIZACIONES!A30 -> 28 | B31: =+COTIZACIONES!C30 -> INSTALACIÓN DE MURO EN SUPERBOARD A UNA CARA | C31: =+COTIZACIONES!C30 -> INSTALACIÓN DE MURO EN SUPERBOARD A UNA CARA | D31: =+COTIZACIONES!D30 -> M² | E31: =+COTIZACIONES!E30 -> 1 | J31: 13000 | K31: =+COTIZACIONES!L30 -> 15435.49 | L31: =+COTIZACIONES!R30 -> 11781 | M31: =MIN(J31:L31) -> 11781 | N31: =AVERAGE(J31:L31) -> 13405.497 | O31: =HARMEAN(J31:L31) -> 13239.698 | P31: =GEOMEAN(J31:L31) -> 13321.362 | Q31: =_xlfn.STDEV.S(J31:L31) -> 1860.684 | R31: =+Q31/N31 -> 0.13880008 | S31: =ROUND(+IF(R31<=25%,M31,IF(R31<=60%,O31,IF(R31<=90%,P31,IF(R31<=100%,N31)))),0) -> 11781 | T31: =+IF(R31<=20%,"MENOR VALOR",IF(R31<=60%,"MEDIA ARMONICA",IF(R31<=90%,"MEDIA GEOMETRICA","MENOR VALOR"))) -> MENOR VALOR
A32: =+COTIZACIONES!A31 -> 29 | B32: =+COTIZACIONES!C31 -> MONTAJE ESTRUCTURA METÁLICA (ACERO AL CARBÓN). | C32: =+COTIZACIONES!C31 -> MONTAJE ESTRUCTURA METÁLICA (ACERO AL CARBÓN). | D32: =+COTIZACIONES!D31 -> Ml | E32: =+COTIZACIONES!E31 -> 1 | J32: =+COTIZACIONES!F31 -> 17250 | K32: =+COTIZACIONES!L31 -> 21451.237 | L32: =+COTIZACIONES!R31 -> 17850 | M32: =MIN(J32:L32) -> 17250 | N32: =AVERAGE(J32:L32) -> 18850.413 | O32: =HARMEAN(J32:L32) -> 18678.696 | P32: =GEOMEAN(J32:L32) -> 18762.609 | Q32: =_xlfn.STDEV.S(J32:L32) -> 2272.2716 | R32: =+Q32/N32 -> 0.12054227 | S32: =ROUND(+IF(R32<=25%,M32,IF(R32<=60%,O32,IF(R32<=90%,P32,IF(R32<=100%,N32)))),0) -> 17250 | T32: =+IF(R32<=20%,"MENOR VALOR",IF(R32<=60%,"MEDIA ARMONICA",IF(R32<=90%,"MEDIA GEOMETRICA","MENOR VALOR"))) -> MENOR VALOR
A33: =+COTIZACIONES!A32 -> 30 | B33: =+COTIZACIONES!C32 -> INSTALACIÓN DE CUBIERTA EN TEJA ONDULADA DE FIBROCEMENTO PERFIL 7 # 10. INCLUYE ACCESORIOS (AMARRES Y GANCHOS) | C33: =+COTIZACIONES!C32 -> INSTALACIÓN DE CUBIERTA EN TEJA ONDULADA DE FIBROCEMENTO PERFIL 7 # 10. INCLUYE ACCESORIOS (AMARRES Y GANCHOS) | D33: =+COTIZACIONES!D32 -> M² | E33: =+COTIZACIONES!E32 -> 1 | J33: =+COTIZACIONES!F32 -> 17250 | K33: =+COTIZACIONES!L32 -> 21759.15 | L33: =+COTIZACIONES!R32 -> 17850 | M33: =MIN(J33:L33) -> 17250 | N33: =AVERAGE(J33:L33) -> 18953.05 | O33: =HARMEAN(J33:L33) -> 18755.732 | P33: =GEOMEAN(J33:L33) -> 18851.956 | Q33: =_xlfn.STDEV.S(J33:L33) -> 2448.6012 | R33: =+Q33/N33 -> 0.12919299 | S33: =ROUND(+IF(R33<=25%,M33,IF(R33<=60%,O33,IF(R33<=90%,P33,IF(R33<=100%,N33)))),0) -> 17250 | T33: =+IF(R33<=20%,"MENOR VALOR",IF(R33<=60%,"MEDIA ARMONICA",IF(R33<=90%,"MEDIA GEOMETRICA","MENOR VALOR"))) -> MENOR VALOR
A34: =+COTIZACIONES!A33 -> 31 | B34: =+COTIZACIONES!C33 -> INSTALACIÓN DE CUBIERTA EN TEJA ONDULADA DE FIBROCEMENTO PERFIL 7 # 8. INCLUYE ACCESORIOS (AMARRES Y GANCHOS) | C34: =+COTIZACIONES!C33 -> INSTALACIÓN DE CUBIERTA EN TEJA ONDULADA DE FIBROCEMENTO PERFIL 7 # 8. INCLUYE ACCESORIOS (AMARRES Y GANCHOS) | D34: =+COTIZACIONES!D33 -> M² | E34: =+COTIZACIONES!E33 -> 1 | G34: 120000 | H34: 290000 | J34: =+COTIZACIONES!F33 -> 476000 | K34: =+COTIZACIONES!L33 -> 532453.6 | L34: =+COTIZACIONES!R33 -> 404600 | M34: =MIN(J34:L34) -> 404600 | N34: =AVERAGE(J34:L34) -> 471017.87 | O34: =HARMEAN(J34:L34) -> 465079.14 | P34: =GEOMEAN(J34:L34) -> 468063.6 | Q34: =_xlfn.STDEV.S(J34:L34) -> 64072.24 | R34: =+Q34/N34 -> 0.13602932 | S34: =ROUND(+IF(R34<=25%,M34,IF(R34<=60%,O34,IF(R34<=90%,P34,IF(R34<=100%,N34)))),0) -> 404600 | T34: =+IF(R34<=20%,"MENOR VALOR",IF(R34<=60%,"MEDIA ARMONICA",IF(R34<=90%,"MEDIA GEOMETRICA","MENOR VALOR"))) -> MENOR VALOR
A35: =+COTIZACIONES!A34 -> 32 | B35: =+COTIZACIONES!C34 -> INSTALACIÓN DE CUBIERTA EN TEJA ONDULADA DE FIBROCEMENTO PERFIL 7 # 6. INCLUYE ACCESORIOS (AMARRES Y GANCHOS) | C35: =+COTIZACIONES!C34 -> INSTALACIÓN DE CUBIERTA EN TEJA ONDULADA DE FIBROCEMENTO PERFIL 7 # 6. INCLUYE ACCESORIOS (AMARRES Y GANCHOS) | D35: =+COTIZACIONES!D34 -> M² | E35: =+COTIZACIONES!E34 -> 1 | G35: 120000 | H35: 290000 | J35: =+COTIZACIONES!F34 -> 476000 | K35: =+COTIZACIONES!L34 -> 532453.6 | L35: =+COTIZACIONES!R34 -> 404600 | M35: =MIN(J35:L35) -> 404600 | N35: =AVERAGE(J35:L35) -> 471017.87 | O35: =HARMEAN(J35:L35) -> 465079.14 | P35: =GEOMEAN(J35:L35) -> 468063.6 | Q35: =_xlfn.STDEV.S(J35:L35) -> 64072.24 | R35: =+Q35/N35 -> 0.13602932 | S35: =ROUND(+IF(R35<=25%,M35,IF(R35<=60%,O35,IF(R35<=90%,P35,IF(R35<=100%,N35)))),0) -> 404600 | T35: =+IF(R35<=20%,"MENOR VALOR",IF(R35<=60%,"MEDIA ARMONICA",IF(R35<=90%,"MEDIA GEOMETRICA","MENOR VALOR"))) -> MENOR VALOR
A36: =+COTIZACIONES!A35 -> 33 | B36: =+COTIZACIONES!C35 -> INSTALACIÓN DE CUBIERTA EN TEJA ONDULADA DE FIBROCEMENTO PERFIL 7 # 5. INCLUYE ACCESORIOS (AMARRES Y GANCHOS) | C36: =+COTIZACIONES!C35 -> INSTALACIÓN DE CUBIERTA EN TEJA ONDULADA DE FIBROCEMENTO PERFIL 7 # 5. INCLUYE ACCESORIOS (AMARRES Y GANCHOS) | D36: =+COTIZACIONES!D35 -> M² | E36: =+COTIZACIONES!E35 -> 1 | G36: 120000 | H36: 290000 | J36: =+COTIZACIONES!F35 -> 476000 | K36: =+COTIZACIONES!L35 -> 532453.6 | L36: =+COTIZACIONES!R35 -> 404600 | M36: =MIN(J36:L36) -> 404600 | N36: =AVERAGE(J36:L36) -> 471017.87 | O36: =HARMEAN(J36:L36) -> 465079.14 | P36: =GEOMEAN(J36:L36) -> 468063.6 | Q36: =_xlfn.STDEV.S(J36:L36) -> 64072.24 | R36: =+Q36/N36 -> 0.13602932 | S36: =ROUND(+IF(R36<=25%,M36,IF(R36<=60%,O36,IF(R36<=90%,P36,IF(R36<=100%,N36)))),0) -> 404600 | T36: =+IF(R36<=20%,"MENOR VALOR",IF(R36<=60%,"MEDIA ARMONICA",IF(R36<=90%,"MEDIA GEOMETRICA","MENOR VALOR"))) -> MENOR VALOR
A37: =+COTIZACIONES!A36 -> 34 | B37: =+COTIZACIONES!C36 -> INSTALACIÓN DE CUBIERTA EN TEJA TIPO ESPAÑOLA EN FIBROCEMENTO. INCLUYE ACCESORIOS (AMARRES Y GANCHOS) | C37: =+COTIZACIONES!C36 -> INSTALACIÓN DE CUBIERTA EN TEJA TIPO ESPAÑOLA EN FIBROCEMENTO. INCLUYE ACCESORIOS (AMARRES Y GANCHOS) | D37: =+COTIZACIONES!D36 -> M² | E37: =+COTIZACIONES!E36 -> 1 | J37: =+COTIZACIONES!F36 -> 17250 | K37: =+COTIZACIONES!L36 -> 23093.438 | L37: =+COTIZACIONES!R36 -> 17850 | M37: =MIN(J37:L37) -> 17250 | N37: =AVERAGE(J37:L37) -> 19397.812 | O37: =HARMEAN(J37:L37) -> 19072.35 | P37: =GEOMEAN(J37:L37) -> 19229.676 | Q37: =_xlfn.STDEV.S(J37:L37) -> 3214.5347 | R37: =+Q37/N37 -> 0.16571635 | S37: =ROUND(+IF(R37<=25%,M37,IF(R37<=60%,O37,IF(R37<=90%,P37,IF(R37<=100%,N37)))),0) -> 17250 | T37: =+IF(R37<=20%,"MENOR VALOR",IF(R37<=60%,"MEDIA ARMONICA",IF(R37<=90%,"MEDIA GEOMETRICA","MENOR VALOR"))) -> MENOR VALOR
A38: =+COTIZACIONES!A37 -> 35 | B38: =+COTIZACIONES!C37 -> INSTALACIÓN DE CUBIERTA EN TEJA ONDULADA DE FIBROCEMENTO PERFIL 7 # 4. INCLUYE ACCESORIOS (AMARRES Y GANCHOS) | C38: =+COTIZACIONES!C37 -> INSTALACIÓN DE CUBIERTA EN TEJA ONDULADA DE FIBROCEMENTO PERFIL 7 # 4. INCLUYE ACCESORIOS (AMARRES Y GANCHOS) | D38: =+COTIZACIONES!D37 -> M² | E38: =+COTIZACIONES!E37 -> 1 | J38: =+COTIZACIONES!F37 -> 17250 | K38: =+COTIZACIONES!L37 -> 22888.163 | L38: =+COTIZACIONES!R37 -> 17850 | M38: =MIN(J38:L38) -> 17250 | N38: =AVERAGE(J38:L38) -> 19329.388 | O38: =HARMEAN(J38:L38) -> 19025.377 | P38: =GEOMEAN(J38:L38) -> 19172.53 | Q38: =_xlfn.STDEV.S(J38:L38) -> 3096.5561 | R38: =+Q38/N38 -> 0.16019939 | S38: =ROUND(+IF(R38<=25%,M38,IF(R38<=60%,O38,IF(R38<=90%,P38,IF(R38<=100%,N38)))),0) -> 17250 | T38: =+IF(R38<=20%,"MENOR VALOR",IF(R38<=60%,"MEDIA ARMONICA",IF(R38<=90%,"MEDIA GEOMETRICA","MENOR VALOR"))) -> MENOR VALOR
A39: =+COTIZACIONES!A38 -> 36 | B39: =+COTIZACIONES!C38 -> MANTENIMIENTO DE CABALLETE (INCLUYE REVISIÓN, AJUSTE, LIMPIEZA MANUAL, RESANE DE GOTERAS) | C39: =+COTIZACIONES!C38 -> MANTENIMIENTO DE CABALLETE (INCLUYE REVISIÓN, AJUSTE, LIMPIEZA MANUAL, RESANE DE GOTERAS) | D39: =+COTIZACIONES!D38 -> UND | E39: =+COTIZACIONES!E38 -> 1 | J39: =+COTIZACIONES!F38 -> 17250 | K39: =+COTIZACIONES!L38 -> 23503.987 | L39: =+COTIZACIONES!R38 -> 17850 | M39: =MIN(J39:L39) -> 17250 | N39: =AVERAGE(J39:L39) -> 19534.663 | O39: =HARMEAN(J39:L39) -> 19164.505 | P39: =GEOMEAN(J39:L39) -> 19342.961 | Q39: =_xlfn.STDEV.S(J39:L39) -> 3450.6022 | R39: =+Q39/N39 -> 0.17663997 | S39: =ROUND(+IF(R39<=25%,M39,IF(R39<=60%,O39,IF(R39<=90%,P39,IF(R39<=100%,N39)))),0) -> 17250 | T39: =+IF(R39<=20%,"MENOR VALOR",IF(R39<=60%,"MEDIA ARMONICA",IF(R39<=90%,"MEDIA GEOMETRICA","MENOR VALOR"))) -> MENOR VALOR
A40: =+COTIZACIONES!A39 -> 37 | B40: =+COTIZACIONES!C39 -> INSTALACION DE CABALLETE TIPO CINDURIB O SIMILAR REF. 1921 INCLUYE TODOS LOS ACCESORIOS PARA FIJACION E INSTALACION SEGÚN DISEÑO | C40: =+COTIZACIONES!C39 -> INSTALACION DE CABALLETE TIPO CINDURIB O SIMILAR REF. 1921 INCLUYE TODOS LOS ACCESORIOS PARA FIJACION E INSTALACION SEGÚN DISEÑO | D40: =+COTIZACIONES!D39 -> M² | E40: =+COTIZACIONES!E39 -> 1 | J40: =+COTIZACIONES!F39 -> 92000 | K40: =+COTIZACIONES!L39 -> 113859.2 | L40: =+COTIZACIONES!R39 -> 95200 | M40: =MIN(J40:L40) -> 92000 | N40: =AVERAGE(J40:L40) -> 100353.07 | O40: =HARMEAN(J40:L40) -> 99480.895 | P40: =GEOMEAN(J40:L40) -> 99907.395 | Q40: =_xlfn.STDEV.S(J40:L40) -> 11805.58 | R40: =+Q40/N40 -> 0.11764045 | S40: =ROUND(+IF(R40<=25%,M40,IF(R40<=60%,O40,IF(R40<=90%,P40,IF(R40<=100%,N40)))),0) -> 92000 | T40: =+IF(R40<=20%,"MENOR VALOR",IF(R40<=60%,"MEDIA ARMONICA",IF(R40<=90%,"MEDIA GEOMETRICA","MENOR VALOR"))) -> MENOR VALOR
A41: =+COTIZACIONES!A40 -> 38 | B41: =+COTIZACIONES!C40 -> MANTENIMIENTO A TODO COSTO SUMINISTRO E INSTALACION CABALLETE TEJA FIBROCEMENTO ARTICULADO, TIPO ETERNIT O SIMILAR,INCLUYE TORNILLOS | C41: =+COTIZACIONES!C40 -> MANTENIMIENTO A TODO COSTO SUMINISTRO E INSTALACION CABALLETE TEJA FIBROCEMENTO ARTICULADO, TIPO ETERNIT O SIMILAR,INCLUYE TORNILLOS | D41: =+COTIZACIONES!D40 -> M² | E41: =+COTIZACIONES!E40 -> 1 | H41: 500000 | J41: =+COTIZACIONES!F40 -> 440300 | K41: =+COTIZACIONES!L40 -> 490678.65 | L41: =+COTIZACIONES!R40 -> 404600 | M41: =MIN(J41:L41) -> 404600 | N41: =AVERAGE(J41:L41) -> 445192.88 | O41: =HARMEAN(J41:L41) -> 442428.98 | P41: =GEOMEAN(J41:L41) -> 443803.35 | Q41: =_xlfn.STDEV.S(J41:L41) -> 43247.413 | R41: =+Q41/N41 -> 0.097143091 | S41: =ROUND(+IF(R41<=25%,M41,IF(R41<=60%,O41,IF(R41<=90%,P41,IF(R41<=100%,N41)))),0) -> 404600 | T41: =+IF(R41<=20%,"MENOR VALOR",IF(R41<=60%,"MEDIA ARMONICA",IF(R41<=90%,"MEDIA GEOMETRICA","MENOR VALOR"))) -> MENOR VALOR
A42: =+COTIZACIONES!A41 -> 39 | B42: =+COTIZACIONES!C41 -> MANTENIMIENTO A TODO COSTO SUMINISTRO E INSTALACION CABALLETE TEJA FIBROCEMENTO FIJO, TIPO ETERNIT O SIMILAR,INCLUYE TORNILLOS | C42: =+COTIZACIONES!C41 -> MANTENIMIENTO A TODO COSTO SUMINISTRO E INSTALACION CABALLETE TEJA FIBROCEMENTO FIJO, TIPO ETERNIT O SIMILAR,INCLUYE TORNILLOS | D42: =+COTIZACIONES!D41 -> M² | E42: =+COTIZACIONES!E41 -> 1 | H42: 500000 | J42: =+COTIZACIONES!F41 -> 440300 | K42: =+COTIZACIONES!L41 -> 490678.65 | L42: =+COTIZACIONES!R41 -> 404600 | M42: =MIN(J42:L42) -> 404600 | N42: =AVERAGE(J42:L42) -> 445192.88 | O42: =HARMEAN(J42:L42) -> 442428.98 | P42: =GEOMEAN(J42:L42) -> 443803.35 | Q42: =_xlfn.STDEV.S(J42:L42) -> 43247.413 | R42: =+Q42/N42 -> 0.097143091 | S42: =ROUND(+IF(R42<=25%,M42,IF(R42<=60%,O42,IF(R42<=90%,P42,IF(R42<=100%,N42)))),0) -> 404600 | T42: =+IF(R42<=20%,"MENOR VALOR",IF(R42<=60%,"MEDIA ARMONICA",IF(R42<=90%,"MEDIA GEOMETRICA","MENOR VALOR"))) -> MENOR VALOR
A43: =+COTIZACIONES!A42 -> 40 | B43: =+COTIZACIONES!C42 -> MANTENIMIENTO A TODO COSTO SUMINISTRO E INSTALACION CLARABOYA TEJA FIBROCEMENTO, TIPO ETERNIT NO6,O SIMILAR,INCLUYE GANCHOS DE FIJACIÓN | C43: =+COTIZACIONES!C42 -> MANTENIMIENTO A TODO COSTO SUMINISTRO E INSTALACION CLARABOYA TEJA FIBROCEMENTO, TIPO ETERNIT NO6,O SIMILAR,INCLUYE GANCHOS DE FIJACIÓN | D43: =+COTIZACIONES!D42 -> UND | E43: =+COTIZACIONES!E42 -> 1 | J43: =+COTIZACIONES!F42 -> 59500 | K43: =+COTIZACIONES!L42 -> 63724.5 | L43: =+COTIZACIONES!R42 -> 55930 | M43: =MIN(J43:L43) -> 55930 | N43: =AVERAGE(J43:L43) -> 59718.167 | O43: =HARMEAN(J43:L43) -> 59548.898 | P43: =GEOMEAN(J43:L43) -> 59633.377 | Q43: =_xlfn.STDEV.S(J43:L43) -> 3901.8271 | R43: =+Q43/N43 -> 0.065337357 | S43: =ROUND(+IF(R43<=25%,M43,IF(R43<=60%,O43,IF(R43<=90%,P43,IF(R43<=100%,N43)))),0) -> 55930 | T43: =+IF(R43<=20%,"MENOR VALOR",IF(R43<=60%,"MEDIA ARMONICA",IF(R43<=90%,"MEDIA GEOMETRICA","MENOR VALOR"))) -> MENOR VALOR
A44: =+COTIZACIONES!A43 -> 41 | B44: =+COTIZACIONES!C43 -> MANTENIMIENTO A TODO COSTO SUMINISTRO E INSTALACION LIMATESA TEJA FIBROCEMENTO, TIPO ETERNIT O SIMILAR,INCLUYE GANCHO DE FIJACIÓN | C44: =+COTIZACIONES!C43 -> MANTENIMIENTO A TODO COSTO SUMINISTRO E INSTALACION LIMATESA TEJA FIBROCEMENTO, TIPO ETERNIT O SIMILAR,INCLUYE GANCHO DE FIJACIÓN | D44: =+COTIZACIONES!D43 -> ML | E44: =+COTIZACIONES!E43 -> 1 | J44: =+COTIZACIONES!F43 -> 36800 | K44: =+COTIZACIONES!L43 -> 44886.8 | L44: =+COTIZACIONES!R43 -> 38080 | M44: =MIN(J44:L44) -> 36800 | N44: =AVERAGE(J44:L44) -> 39922.267 | O44: =HARMEAN(J44:L44) -> 39623.481 | P44: =GEOMEAN(J44:L44) -> 39769.897 | Q44: =_xlfn.STDEV.S(J44:L44) -> 4346.7854 | R44: =+Q44/N44 -> 0.10888123 | S44: =ROUND(+IF(R44<=25%,M44,IF(R44<=60%,O44,IF(R44<=90%,P44,IF(R44<=100%,N44)))),0) -> 36800 | T44: =+IF(R44<=20%,"MENOR VALOR",IF(R44<=60%,"MEDIA ARMONICA",IF(R44<=90%,"MEDIA GEOMETRICA","MENOR VALOR"))) -> MENOR VALOR
A45: =+COTIZACIONES!A44 -> 42 | B45: =+COTIZACIONES!C44 -> MANTENIMIENTO A TODO COSTO SUMINISTRO E INSTALACION LIMAHOYA TEJA FIBROCEMENTO, TIPO ETERNIT O SIMILAR,INCLUYE GANCHO DE FIJACIÓN | C45: =+COTIZACIONES!C44 -> MANTENIMIENTO A TODO COSTO SUMINISTRO E INSTALACION LIMAHOYA TEJA FIBROCEMENTO, TIPO ETERNIT O SIMILAR,INCLUYE GANCHO DE FIJACIÓN | D45: =+COTIZACIONES!D44 -> ML | E45: =+COTIZACIONES!E44 -> 1 | J45: =+COTIZACIONES!F44 -> 92000 | K45: =+COTIZACIONES!L44 -> 113311.8 | L45: =+COTIZACIONES!R44 -> 95200 | M45: =MIN(J45:L45) -> 92000 | N45: =AVERAGE(J45:L45) -> 100170.6 | O45: =HARMEAN(J45:L45) -> 99341.126 | P45: =GEOMEAN(J45:L45) -> 99747.03 | Q45: =_xlfn.STDEV.S(J45:L45) -> 11492.535 | R45: =+Q45/N45 -> 0.11472962 | S45: =ROUND(+IF(R45<=25%,M45,IF(R45<=60%,O45,IF(R45<=90%,P45,IF(R45<=100%,N45)))),0) -> 92000 | T45: =+IF(R45<=20%,"MENOR VALOR",IF(R45<=60%,"MEDIA ARMONICA",IF(R45<=90%,"MEDIA GEOMETRICA","MENOR VALOR"))) -> MENOR VALOR
A46: =+COTIZACIONES!A45 -> 43 | B46: =+COTIZACIONES!C45 -> DESMONTE DE TEJAS DE CUBIERTA - TODO TIPO DE TEJAS (INCLUYE CARGUE Y RETIRO DE MATERIAL DESMONTADO) | C46: =+COTIZACIONES!C45 -> DESMONTE DE TEJAS DE CUBIERTA - TODO TIPO DE TEJAS (INCLUYE CARGUE Y RETIRO DE MATERIAL DESMONTADO) | D46: =+COTIZACIONES!D45 -> M² | E46: =+COTIZACIONES!E45 -> 1 | H46: 200000 | J46: =+COTIZACIONES!F45 -> 202300 | K46: =+COTIZACIONES!L45 -> 185367.49 | L46: =+COTIZACIONES!R45 -> 232050 | M46: =MIN(J46:L46) -> 185367.49 | N46: =AVERAGE(J46:L46) -> 206572.5 | O46: =HARMEAN(J46:L46) -> 204816.48 | P46: =GEOMEAN(J46:L46) -> 205685.5 | Q46: =_xlfn.STDEV.S(J46:L46) -> 23632.707 | R46: =+Q46/N46 -> 0.11440394 | S46: =ROUND(+IF(R46<=25%,M46,IF(R46<=60%,O46,IF(R46<=90%,P46,IF(R46<=100%,N46)))),0) -> 185367 | T46: =+IF(R46<=20%,"MENOR VALOR",IF(R46<=60%,"MEDIA ARMONICA",IF(R46<=90%,"MEDIA GEOMETRICA","MENOR VALOR"))) -> MENOR VALOR
A47: =+COTIZACIONES!A46 -> 44 | B47: =+COTIZACIONES!C46 -> MANTENIMIENTO DE ESTRUCTURA METÁLICA DE CUBIERTA TECHO ALOJAMIENTO TIPO K SPAM (INCLUYE REVISIÓN, AJUSTE, LIMPIEZA MANUAL, ANTICORROSIVO Y APLICACIÓN DE ESMALTE) | C47: =+COTIZACIONES!C46 -> MANTENIMIENTO DE ESTRUCTURA METÁLICA DE CUBIERTA TECHO ALOJAMIENTO TIPO K SPAM (INCLUYE REVISIÓN, AJUSTE, LIMPIEZA MANUAL, ANTICORROSIVO Y APLICACIÓN DE ESMALTE) | D47: =+COTIZACIONES!D46 -> M² | E47: =+COTIZACIONES!E46 -> 1 | J47: =+COTIZACIONES!F46 -> 57500 | K47: =+COTIZACIONES!L46 -> 76293.875 | L47: =+COTIZACIONES!R46 -> 59500 | M47: =MIN(J47:L47) -> 57500 | N47: =AVERAGE(J47:L47) -> 64431.292 | O47: =HARMEAN(J47:L47) -> 63417.923 | P47: =GEOMEAN(J47:L47) -> 63908.432 | Q47: =_xlfn.STDEV.S(J47:L47) -> 10321.854 | R47: =+Q47/N47 -> 0.16019939 | S47: =ROUND(+IF(R47<=25%,M47,IF(R47<=60%,O47,IF(R47<=90%,P47,IF(R47<=100%,N47)))),0) -> 57500 | T47: =+IF(R47<=20%,"MENOR VALOR",IF(R47<=60%,"MEDIA ARMONICA",IF(R47<=90%,"MEDIA GEOMETRICA","MENOR VALOR"))) -> MENOR VALOR
A48: =+COTIZACIONES!A47 -> 45 | B48: =+COTIZACIONES!C47 -> DESMONTE ESTRUCTURA DE CUBIERTA (INCLUYE EQUIPO DE OXIACETILENO CARGUE Y RETIRO DE MATERIAL DESMONTADO) | C48: =+COTIZACIONES!C47 -> DESMONTE ESTRUCTURA DE CUBIERTA (INCLUYE EQUIPO DE OXIACETILENO CARGUE Y RETIRO DE MATERIAL DESMONTADO) | D48: =+COTIZACIONES!D47 -> M² | E48: =+COTIZACIONES!E47 -> 1 | J48: =+COTIZACIONES!F47 -> 43700 | K48: =+COTIZACIONES!L47 -> 59543.435 | L48: =+COTIZACIONES!R47 -> 45220 | M48: =MIN(J48:L48) -> 43700 | N48: =AVERAGE(J48:L48) -> 49487.812 | O48: =HARMEAN(J48:L48) -> 48550.079 | P48: =GEOMEAN(J48:L48) -> 49002.168 | Q48: =_xlfn.STDEV.S(J48:L48) -> 8741.5256 | R48: =+Q48/N48 -> 0.17663997 | S48: =ROUND(+IF(R48<=25%,M48,IF(R48<=60%,O48,IF(R48<=90%,P48,IF(R48<=100%,N48)))),0) -> 43700 | T48: =+IF(R48<=20%,"MENOR VALOR",IF(R48<=60%,"MEDIA ARMONICA",IF(R48<=90%,"MEDIA GEOMETRICA","MENOR VALOR"))) -> MENOR VALOR
A49: =+COTIZACIONES!A48 -> 46 | B49: =+COTIZACIONES!C48 -> DESMONTE DE IMPERMEABILIZACIÓN EN PLACA DE CUBIERTA (INCLUYE RETIRO DE MANTOS CARGUE Y RETIRO DE ESCOMBROS) | C49: =+COTIZACIONES!C48 -> DESMONTE DE IMPERMEABILIZACIÓN EN PLACA DE CUBIERTA (INCLUYE RETIRO DE MANTOS CARGUE Y RETIRO DE ESCOMBROS) | D49: =+COTIZACIONES!D48 -> M² | E49: =+COTIZACIONES!E48 -> 1 | H49: 70000 | J49: =+COTIZACIONES!F48 -> 66640 | K49: =+COTIZACIONES!L48 -> 65140.6 | L49: =+COTIZACIONES!R48 -> 59262 | M49: =MIN(J49:L49) -> 59262 | N49: =AVERAGE(J49:L49) -> 63680.867 | O49: =HARMEAN(J49:L49) -> 63516.756 | P49: =GEOMEAN(J49:L49) -> 63599.595 | Q49: =_xlfn.STDEV.S(J49:L49) -> 3899.5945 | R49: =+Q49/N49 -> 0.061236517 | S49: =ROUND(+IF(R49<=25%,M49,IF(R49<=60%,O49,IF(R49<=90%,P49,IF(R49<=100%,N49)))),0) -> 59262 | T49: =+IF(R49<=20%,"MENOR VALOR",IF(R49<=60%,"MEDIA ARMONICA",IF(R49<=90%,"MEDIA GEOMETRICA","MENOR VALOR"))) -> MENOR VALOR
A50: =+COTIZACIONES!A49 -> 47 | B50: =+COTIZACIONES!C49 -> IMPERMEABILIZACION FIBER GLASS P-3 con refuerzo en poliester. (Remates, emulsión asfaltica) | C50: =+COTIZACIONES!C49 -> IMPERMEABILIZACION FIBER GLASS P-3 con refuerzo en poliester. (Remates, emulsión asfaltica) | D50: =+COTIZACIONES!D49 -> M² | E50: =+COTIZACIONES!E49 -> 1 | H50: 180000 | J50: =+COTIZACIONES!F49 -> 154700 | K50: =+COTIZACIONES!L49 -> 169932 | L50: =+COTIZACIONES!R49 -> 143633 | M50: =MIN(J50:L50) -> 143633 | N50: =AVERAGE(J50:L50) -> 156088.33 | O50: =HARMEAN(J50:L50) -> 155351.72 | P50: =GEOMEAN(J50:L50) -> 155718.39 | Q50: =_xlfn.STDEV.S(J50:L50) -> 13204.354 | R50: =+Q50/N50 -> 0.084595391 | S50: =ROUND(+IF(R50<=25%,M50,IF(R50<=60%,O50,IF(R50<=90%,P50,IF(R50<=100%,N50)))),0) -> 143633 | T50: =+IF(R50<=20%,"MENOR VALOR",IF(R50<=60%,"MEDIA ARMONICA",IF(R50<=90%,"MEDIA GEOMETRICA","MENOR VALOR"))) -> MENOR VALOR
A51: =+COTIZACIONES!A50 -> 48 | B51: =+COTIZACIONES!C50 -> IMPERMEABILIZACION Tipo Manto Morter Plas AL-80 de 3.5 mm con foil de aluminio o equivalente. INCLUYE MORTERO AFINADO PENDIENTADO 1:4 (Canales y/o cubiertas planas, incluye media cañas, remates,) | C51: =+COTIZACIONES!C50 -> IMPERMEABILIZACION Tipo Manto Morter Plas AL-80 de 3.5 mm con foil de aluminio o equivalente. INCLUYE MORTERO AFINADO PENDIENTADO 1:4 (Canales y/o cubiertas planas, incluye media cañas, remates,) | D51: =+COTIZACIONES!D50 -> M² | E51: =+COTIZACIONES!E50 -> 1 | H51: 1000000 | J51: =+COTIZACIONES!F50 -> 940100 | K51: =+COTIZACIONES!L50 -> 1132880 | L51: =+COTIZACIONES!R50 -> 773500 | M51: =MIN(J51:L51) -> 773500 | N51: =AVERAGE(J51:L51) -> 948826.67 | O51: =HARMEAN(J51:L51) -> 926141.03 | P51: =GEOMEAN(J51:L51) -> 937431.25 | Q51: =_xlfn.STDEV.S(J51:L51) -> 179848.86 | R51: =+Q51/N51 -> 0.1895487 | S51: =ROUND(+IF(R51<=25%,M51,IF(R51<=60%,O51,IF(R51<=90%,P51,IF(R51<=100%,N51)))),0) -> 773500 | T51: =+IF(R51<=20%,"MENOR VALOR",IF(R51<=60%,"MEDIA ARMONICA",IF(R51<=90%,"MEDIA GEOMETRICA","MENOR VALOR"))) -> MENOR VALOR
A52: =+COTIZACIONES!A51 -> 49 | B52: =+COTIZACIONES!C51 -> IMPERMEABILIZACION Tipo Manto Morter Plas AL-300 de 3 mm con foil de aluminio o equivalente. INCLUYE MORTERO AFINADO 1:4 (Canales y/o cubiertas planas, incluye medias cañas, remates, pintura bituminosa) | C52: =+COTIZACIONES!C51 -> IMPERMEABILIZACION Tipo Manto Morter Plas AL-300 de 3 mm con foil de aluminio o equivalente. INCLUYE MORTERO AFINADO 1:4 (Canales y/o cubiertas planas, incluye medias cañas, remates, pintura bituminosa) | D52: =+COTIZACIONES!D51 -> M² | E52: =+COTIZACIONES!E51 -> 1 | H52: 1000000 | J52: =+COTIZACIONES!F51 -> 940100 | K52: =+COTIZACIONES!L51 -> 1132880 | L52: =+COTIZACIONES!R51 -> 773500 | M52: =MIN(J52:L52) -> 773500 | N52: =AVERAGE(J52:L52) -> 948826.67 | O52: =HARMEAN(J52:L52) -> 926141.03 | P52: =GEOMEAN(J52:L52) -> 937431.25 | Q52: =_xlfn.STDEV.S(J52:L52) -> 179848.86 | R52: =+Q52/N52 -> 0.1895487 | S52: =ROUND(+IF(R52<=25%,M52,IF(R52<=60%,O52,IF(R52<=90%,P52,IF(R52<=100%,N52)))),0) -> 773500 | T52: =+IF(R52<=20%,"MENOR VALOR",IF(R52<=60%,"MEDIA ARMONICA",IF(R52<=90%,"MEDIA GEOMETRICA","MENOR VALOR"))) -> MENOR VALOR
A53: =+COTIZACIONES!A52 -> 50 | B53: =+COTIZACIONES!C52 -> IMPERMEABILIZACIÓN TIPO INMUNIZANTE PARA CUBIERTA. A TODO COSTO | C53: =+COTIZACIONES!C52 -> IMPERMEABILIZACIÓN TIPO INMUNIZANTE PARA CUBIERTA. A TODO COSTO | D53: =+COTIZACIONES!D52 -> M² | E53: =+COTIZACIONES!E52 -> 1 | H53: 1000000 | J53: =+COTIZACIONES!F52 -> 856800 | K53: =+COTIZACIONES!L52 -> 1132880 | L53: =+COTIZACIONES!R52 -> 773500 | M53: =MIN(J53:L53) -> 773500 | N53: =AVERAGE(J53:L53) -> 921060 | O53: =HARMEAN(J53:L53) -> 897487.65 | P53: =GEOMEAN(J53:L53) -> 908882.82 | Q53: =_xlfn.STDEV.S(J53:L53) -> 188110.36 | R53: =+Q53/N53 -> 0.20423247 | S53: =ROUND(+IF(R53<=25%,M53,IF(R53<=60%,O53,IF(R53<=90%,P53,IF(R53<=100%,N53)))),0) -> 773500 | T53: =+IF(R53<=20%,"MENOR VALOR",IF(R53<=60%,"MEDIA ARMONICA",IF(R53<=90%,"MEDIA GEOMETRICA","MENOR VALOR"))) -> MEDIA ARMONICA
A54: =+COTIZACIONES!A53 -> 51 | B54: =+COTIZACIONES!C53 -> MANTENIMIENTO DE CUBIERTA (INCLUYE DESMONTE, REINSTALACIÓN, LIMPIEZA, CARGUE Y RETIRO DE TEJAS, CABALLETES. REVISIÓN GENERAL, AJUSTE FILTRACIONES Y LIMPIEZA MANUAL) | C54: =+COTIZACIONES!C53 -> MANTENIMIENTO DE CUBIERTA (INCLUYE DESMONTE, REINSTALACIÓN, LIMPIEZA, CARGUE Y RETIRO DE TEJAS, CABALLETES. REVISIÓN GENERAL, AJUSTE FILTRACIONES Y LIMPIEZA MANUAL) | D54: =+COTIZACIONES!D53 -> M² | E54: =+COTIZACIONES!E53 -> 1 | J54: =+COTIZACIONES!F53 -> 17250 | K54: =+COTIZACIONES!L53 -> 21245.963 | L54: =+COTIZACIONES!R53 -> 17850 | M54: =MIN(J54:L54) -> 17250 | N54: =AVERAGE(J54:L54) -> 18781.987 | O54: =HARMEAN(J54:L54) -> 18626.461 | P54: =GEOMEAN(J54:L54) -> 18702.568 | Q54: =_xlfn.STDEV.S(J54:L54) -> 2154.8503 | R54: =+Q54/N54 -> 0.11472962 | S54: =ROUND(+IF(R54<=25%,M54,IF(R54<=60%,O54,IF(R54<=90%,P54,IF(R54<=100%,N54)))),0) -> 17250 | T54: =+IF(R54<=20%,"MENOR VALOR",IF(R54<=60%,"MEDIA ARMONICA",IF(R54<=90%,"MEDIA GEOMETRICA","MENOR VALOR"))) -> MENOR VALOR
A55: =+COTIZACIONES!A54 -> 52 | B55: =+COTIZACIONES!C54 -> PICADO ELEMENTO EN CONCRETO EXISTENTE PARA APLICACIÓN DE ALISTADO. | C55: =+COTIZACIONES!C54 -> PICADO ELEMENTO EN CONCRETO EXISTENTE PARA APLICACIÓN DE ALISTADO. | D55: =+COTIZACIONES!D54 -> M² | E55: =+COTIZACIONES!E54 -> 1 | J55: =+COTIZACIONES!F54 -> 59500 | K55: =+COTIZACIONES!L54 -> 69388.9 | L55: =+COTIZACIONES!R54 -> 55953.8 | M55: =MIN(J55:L55) -> 55953.8 | N55: =AVERAGE(J55:L55) -> 61614.233 | O55: =HARMEAN(J55:L55) -> 61112.073 | P55: =GEOMEAN(J55:L55) -> 61359.082 | Q55: =_xlfn.STDEV.S(J55:L55) -> 6962.6119 | R55: =+Q55/N55 -> 0.1130033 | S55: =ROUND(+IF(R55<=25%,M55,IF(R55<=60%,O55,IF(R55<=90%,P55,IF(R55<=100%,N55)))),0) -> 55954 | T55: =+IF(R55<=20%,"MENOR VALOR",IF(R55<=60%,"MEDIA ARMONICA",IF(R55<=90%,"MEDIA GEOMETRICA","MENOR VALOR"))) -> MENOR VALOR
A56: =+COTIZACIONES!A55 -> 53 | B56: =+COTIZACIONES!C55 -> MANTENIMIENTO DE CUBIERTA (INCLUYE DESMONTE CARGUE Y RETIRO DE TEJAS CABALLETES, REVISIÓN AJUSTE LIMPIEZA MANUAL ANTICORROSIVO Y PINTURA ESMALTE PARA CERCHAS Y CORREAS) | C56: =+COTIZACIONES!C55 -> MANTENIMIENTO DE CUBIERTA (INCLUYE DESMONTE CARGUE Y RETIRO DE TEJAS CABALLETES, REVISIÓN AJUSTE LIMPIEZA MANUAL ANTICORROSIVO Y PINTURA ESMALTE PARA CERCHAS Y CORREAS) | D56: =+COTIZACIONES!D55 -> M² | E56: =+COTIZACIONES!E55 -> 1 | J56: =+COTIZACIONES!F55 -> 17250 | K56: =+COTIZACIONES!L55 -> 22888.163 | L56: =+COTIZACIONES!R55 -> 17850 | M56: =MIN(J56:L56) -> 17250 | N56: =AVERAGE(J56:L56) -> 19329.388 | O56: =HARMEAN(J56:L56) -> 19025.377 | P56: =GEOMEAN(J56:L56) -> 19172.53 | Q56: =_xlfn.STDEV.S(J56:L56) -> 3096.5561 | R56: =+Q56/N56 -> 0.16019939 | S56: =ROUND(+IF(R56<=25%,M56,IF(R56<=60%,O56,IF(R56<=90%,P56,IF(R56<=100%,N56)))),0) -> 17250 | T56: =+IF(R56<=20%,"MENOR VALOR",IF(R56<=60%,"MEDIA ARMONICA",IF(R56<=90%,"MEDIA GEOMETRICA","MENOR VALOR"))) -> MENOR VALOR
A57: =+COTIZACIONES!A56 -> 54 | B57: =+COTIZACIONES!C56 -> MANTENIMIENTO A TODO COSTO ALISTADO PISOS MORTERO 1:4 IMPERMEABILIZADO E 0,03 M | C57: =+COTIZACIONES!C56 -> MANTENIMIENTO A TODO COSTO ALISTADO PISOS MORTERO 1:4 IMPERMEABILIZADO E 0,03 M | D57: =+COTIZACIONES!D56 -> M² | E57: =+COTIZACIONES!E56 -> 1 | J57: =+COTIZACIONES!F56 -> 28560 | K57: =+COTIZACIONES!L56 -> 29738.1 | L57: =+COTIZACIONES!R56 -> 33320 | M57: =MIN(J57:L57) -> 28560 | N57: =AVERAGE(J57:L57) -> 30539.367 | O57: =HARMEAN(J57:L57) -> 30409.646 | P57: =GEOMEAN(J57:L57) -> 30473.72 | Q57: =_xlfn.STDEV.S(J57:L57) -> 2479.0969 | R57: =+Q57/N57 -> 0.081177088 | S57: =ROUND(+IF(R57<=25%,M57,IF(R57<=60%,O57,IF(R57<=90%,P57,IF(R57<=100%,N57)))),0) -> 28560 | T57: =+IF(R57<=20%,"MENOR VALOR",IF(R57<=60%,"MEDIA ARMONICA",IF(R57<=90%,"MEDIA GEOMETRICA","MENOR VALOR"))) -> MENOR VALOR
A58: =+COTIZACIONES!A57 -> 55 | B58: =+COTIZACIONES!C57 -> MANTENIMIENTO DE ESTRUCTURA DE CUBIERTA (INCLUYE REVISIÓN, AJUSTE, LIMPIEZA MANUAL, RESANE DE GOTERAS) | C58: =+COTIZACIONES!C57 -> MANTENIMIENTO DE ESTRUCTURA DE CUBIERTA (INCLUYE REVISIÓN, AJUSTE, LIMPIEZA MANUAL, RESANE DE GOTERAS) | D58: =+COTIZACIONES!D57 -> M² | E58: =+COTIZACIONES!E57 -> 1 | J58: =+COTIZACIONES!F57 -> 16100 | K58: =+COTIZACIONES!L57 -> 19925.36 | L58: =+COTIZACIONES!R57 -> 16660 | M58: =MIN(J58:L58) -> 16100 | N58: =AVERAGE(J58:L58) -> 17561.787 | O58: =HARMEAN(J58:L58) -> 17409.157 | P58: =GEOMEAN(J58:L58) -> 17483.794 | Q58: =_xlfn.STDEV.S(J58:L58) -> 2065.9766 | R58: =+Q58/N58 -> 0.11764045 | S58: =ROUND(+IF(R58<=25%,M58,IF(R58<=60%,O58,IF(R58<=90%,P58,IF(R58<=100%,N58)))),0) -> 16100 | T58: =+IF(R58<=20%,"MENOR VALOR",IF(R58<=60%,"MEDIA ARMONICA",IF(R58<=90%,"MEDIA GEOMETRICA","MENOR VALOR"))) -> MENOR VALOR
A59: =+COTIZACIONES!A58 -> 56 | B59: =+COTIZACIONES!C58 -> MANTENIMIENTO DE ESTRUCTURA METÁLICA DE CUBIERTA TECHO ALOJAMIENTO TIPO K SPAM (INCLUYE REVISIÓN, AJUSTE, LIMPIEZA MANUAL, ANTICORROSIVO Y APLICACIÓN DE ESMALTE) | C59: =+COTIZACIONES!C58 -> MANTENIMIENTO DE ESTRUCTURA METÁLICA DE CUBIERTA TECHO ALOJAMIENTO TIPO K SPAM (INCLUYE REVISIÓN, AJUSTE, LIMPIEZA MANUAL, ANTICORROSIVO Y APLICACIÓN DE ESMALTE) | D59: =+COTIZACIONES!D58 -> ML | E59: =+COTIZACIONES!E58 -> 1 | J59: =+COTIZACIONES!F58 -> 57500 | K59: =+COTIZACIONES!L58 -> 71504.125 | L59: =+COTIZACIONES!R58 -> 59500 | M59: =MIN(J59:L59) -> 57500 | N59: =AVERAGE(J59:L59) -> 62834.708 | O59: =HARMEAN(J59:L59) -> 62262.321 | P59: =GEOMEAN(J59:L59) -> 62542.029 | Q59: =_xlfn.STDEV.S(J59:L59) -> 7574.2385 | R59: =+Q59/N59 -> 0.12054227 | S59: =ROUND(+IF(R59<=25%,M59,IF(R59<=60%,O59,IF(R59<=90%,P59,IF(R59<=100%,N59)))),0) -> 57500 | T59: =+IF(R59<=20%,"MENOR VALOR",IF(R59<=60%,"MEDIA ARMONICA",IF(R59<=90%,"MEDIA GEOMETRICA","MENOR VALOR"))) -> MENOR VALOR
A60: =+COTIZACIONES!A59 -> 57 | B60: =+COTIZACIONES!C59 -> MANTENIMIENTO E INSTALACIÓN DE VIGUETAS EN MADERA PARA ESTRUCTURA DE CUBIERTA | C60: =+COTIZACIONES!C59 -> MANTENIMIENTO E INSTALACIÓN DE VIGUETAS EN MADERA PARA ESTRUCTURA DE CUBIERTA | D60: =+COTIZACIONES!D59 -> ML | E60: =+COTIZACIONES!E59 -> 1 | J60: =+COTIZACIONES!F59 -> 57500 | K60: =+COTIZACIONES!L59 -> 72530.5 | L60: =+COTIZACIONES!R59 -> 59500 | M60: =MIN(J60:L60) -> 57500 | N60: =AVERAGE(J60:L60) -> 63176.833 | O60: =HARMEAN(J60:L60) -> 62519.107 | P60: =GEOMEAN(J60:L60) -> 62839.853 | Q60: =_xlfn.STDEV.S(J60:L60) -> 8162.004 | R60: =+Q60/N60 -> 0.12919299 | S60: =ROUND(+IF(R60<=25%,M60,IF(R60<=60%,O60,IF(R60<=90%,P60,IF(R60<=100%,N60)))),0) -> 57500 | T60: =+IF(R60<=20%,"MENOR VALOR",IF(R60<=60%,"MEDIA ARMONICA",IF(R60<=90%,"MEDIA GEOMETRICA","MENOR VALOR"))) -> MENOR VALOR
A61: =+COTIZACIONES!A60 -> 58 | B61: =+COTIZACIONES!C60 -> DESMONTE DE TEJAS DE CUBIERTA- TODO TIPO DE TEJAS (INCLUYE CARGUE Y RETIRO DE MATERIAL DESMONTADO) | C61: =+COTIZACIONES!C60 -> DESMONTE DE TEJAS DE CUBIERTA- TODO TIPO DE TEJAS (INCLUYE CARGUE Y RETIRO DE MATERIAL DESMONTADO) | D61: =+COTIZACIONES!D60 -> M² | E61: =+COTIZACIONES!E60 -> 1 | J61: =+COTIZACIONES!F60 -> 43700 | K61: =+COTIZACIONES!L60 -> 53563.09 | L61: =+COTIZACIONES!R60 -> 45220 | M61: =MIN(J61:L61) -> 43700 | N61: =AVERAGE(J61:L61) -> 47494.363 | O61: =HARMEAN(J61:L61) -> 47120.189 | P61: =GEOMEAN(J61:L61) -> 47303.42 | Q61: =_xlfn.STDEV.S(J61:L61) -> 5310.3373 | R61: =+Q61/N61 -> 0.11180984 | S61: =ROUND(+IF(R61<=25%,M61,IF(R61<=60%,O61,IF(R61<=90%,P61,IF(R61<=100%,N61)))),0) -> 43700 | T61: =+IF(R61<=20%,"MENOR VALOR",IF(R61<=60%,"MEDIA ARMONICA",IF(R61<=90%,"MEDIA GEOMETRICA","MENOR VALOR"))) -> MENOR VALOR
A62: =+COTIZACIONES!A61 -> 59 | B62: =+COTIZACIONES!C61 -> DESMONTE ESTRUCTURA DE CUBIERTA (INCLUYE EQUIPO DE OXIACETILENO CARGUE Y RETIRO DE MATERIAL DESMONTADO) | C62: =+COTIZACIONES!C61 -> DESMONTE ESTRUCTURA DE CUBIERTA (INCLUYE EQUIPO DE OXIACETILENO CARGUE Y RETIRO DE MATERIAL DESMONTADO) | D62: =+COTIZACIONES!D61 -> M² | E62: =+COTIZACIONES!E61 -> 1 | J62: =+COTIZACIONES!F61 -> 43700 | K62: =+COTIZACIONES!L61 -> 53303.075 | L62: =+COTIZACIONES!R61 -> 45220 | M62: =MIN(J62:L62) -> 43700 | N62: =AVERAGE(J62:L62) -> 47407.692 | O62: =HARMEAN(J62:L62) -> 47052.884 | P62: =GEOMEAN(J62:L62) -> 47226.753 | Q62: =_xlfn.STDEV.S(J62:L62) -> 5161.8077 | R62: =+Q62/N62 -> 0.10888123 | S62: =ROUND(+IF(R62<=25%,M62,IF(R62<=60%,O62,IF(R62<=90%,P62,IF(R62<=100%,N62)))),0) -> 43700 | T62: =+IF(R62<=20%,"MENOR VALOR",IF(R62<=60%,"MEDIA ARMONICA",IF(R62<=90%,"MEDIA GEOMETRICA","MENOR VALOR"))) -> MENOR VALOR
A63: =+COTIZACIONES!A62 -> 60 | B63: =+COTIZACIONES!C62 -> DESMONTE ALERO EN TEJA DE ASBESTO CEMENTO Y ESTRUCTURA EN TUBULARES METÁLICOS (INCLUYE CARGUE Y RETIRO DE MATERIAL DESMONTADO) | C63: =+COTIZACIONES!C62 -> DESMONTE ALERO EN TEJA DE ASBESTO CEMENTO Y ESTRUCTURA EN TUBULARES METÁLICOS (INCLUYE CARGUE Y RETIRO DE MATERIAL DESMONTADO) | D63: =+COTIZACIONES!D62 -> M² | E63: =+COTIZACIONES!E62 -> 1 | J63: =+COTIZACIONES!F62 -> 17250 | K63: =+COTIZACIONES!L62 -> 21245.963 | L63: =+COTIZACIONES!R62 -> 17850 | M63: =MIN(J63:L63) -> 17250 | N63: =AVERAGE(J63:L63) -> 18781.987 | O63: =HARMEAN(J63:L63) -> 18626.461 | P63: =GEOMEAN(J63:L63) -> 18702.568 | Q63: =_xlfn.STDEV.S(J63:L63) -> 2154.8503 | R63: =+Q63/N63 -> 0.11472962 | S63: =ROUND(+IF(R63<=25%,M63,IF(R63<=60%,O63,IF(R63<=90%,P63,IF(R63<=100%,N63)))),0) -> 17250 | T63: =+IF(R63<=20%,"MENOR VALOR",IF(R63<=60%,"MEDIA ARMONICA",IF(R63<=90%,"MEDIA GEOMETRICA","MENOR VALOR"))) -> MENOR VALOR
A64: =+COTIZACIONES!A63 -> 61 | B64: =+COTIZACIONES!C63 -> DESMONTE DE CUBIERTA EN TEJA ONDULADA DE FIBROCEMENTO | C64: =+COTIZACIONES!C63 -> DESMONTE DE CUBIERTA EN TEJA ONDULADA DE FIBROCEMENTO | D64: =+COTIZACIONES!D63 -> M² | E64: =+COTIZACIONES!E63 -> 1 | J64: =+COTIZACIONES!F63 -> 9200 | K64: =+COTIZACIONES!L63 -> 12316.5 | L64: =+COTIZACIONES!R63 -> 9520 | M64: =MIN(J64:L64) -> 9200 | N64: =AVERAGE(J64:L64) -> 10345.5 | O64: =HARMEAN(J64:L64) -> 10171.92 | P64: =GEOMEAN(J64:L64) -> 10255.827 | Q64: =_xlfn.STDEV.S(J64:L64) -> 1714.4185 | R64: =+Q64/N64 -> 0.16571635 | S64: =ROUND(+IF(R64<=25%,M64,IF(R64<=60%,O64,IF(R64<=90%,P64,IF(R64<=100%,N64)))),0) -> 9200 | T64: =+IF(R64<=20%,"MENOR VALOR",IF(R64<=60%,"MEDIA ARMONICA",IF(R64<=90%,"MEDIA GEOMETRICA","MENOR VALOR"))) -> MENOR VALOR
A65: =+COTIZACIONES!A64 -> 62 | B65: =+COTIZACIONES!C64 -> DESMONTE DE CUBIERTA EN TELA PLASTIFICADA. (INCLUYE CARGUE Y RETIRO DEL MATERIAL) | C65: =+COTIZACIONES!C64 -> DESMONTE DE CUBIERTA EN TELA PLASTIFICADA. (INCLUYE CARGUE Y RETIRO DEL MATERIAL) | D65: =+COTIZACIONES!D64 -> M² | E65: =+COTIZACIONES!E64 -> 1 | J65: =+COTIZACIONES!F64 -> 13800 | K65: =+COTIZACIONES!L64 -> 18310.53 | L65: =+COTIZACIONES!R64 -> 14280 | M65: =MIN(J65:L65) -> 13800 | N65: =AVERAGE(J65:L65) -> 15463.51 | O65: =HARMEAN(J65:L65) -> 15220.301 | P65: =GEOMEAN(J65:L65) -> 15338.024 | Q65: =_xlfn.STDEV.S(J65:L65) -> 2477.2449 | R65: =+Q65/N65 -> 0.16019939 | S65: =ROUND(+IF(R65<=25%,M65,IF(R65<=60%,O65,IF(R65<=90%,P65,IF(R65<=100%,N65)))),0) -> 13800 | T65: =+IF(R65<=20%,"MENOR VALOR",IF(R65<=60%,"MEDIA ARMONICA",IF(R65<=90%,"MEDIA GEOMETRICA","MENOR VALOR"))) -> MENOR VALOR
... A68: =+COTIZACIONES!A67 -> 65 | B68: =+COTIZACIONES!C67 -> IMPERMEABILIZACIÓN TIPO INMUNIZANTE PARA CUBIERTA. | C68: =+COTIZACIONES!C67 -> IMPERMEABILIZACIÓN TIPO INMUNIZANTE PARA CUBIERTA. | D68: =+COTIZACIONES!D67 -> M² | E68: =+COTIZACIONES!E67 -> 1 | J68: =+COTIZACIONES!F67 -> 9200 | K68: =+COTIZACIONES!L67 -> 11440.66 | L68: =+COTIZACIONES!R67 -> 9520 | M68: =MIN(J68:L68) -> 9200 | N68: =AVERAGE(J68:L68) -> 10053.553 | O68: =HARMEAN(J68:L68) -> 9961.9714 | P68: =GEOMEAN(J68:L68) -> 10006.725 | Q68: =_xlfn.STDEV.S(J68:L68) -> 1211.8782 | R68: =+Q68/N68 -> 0.12054227 | S68: =ROUND(+IF(R68<=25%,M68,IF(R68<=60%,O68,IF(R68<=90%,P68,IF(R68<=100%,N68)))),0) -> 9200 | T68: =+IF(R68<=20%,"MENOR VALOR",IF(R68<=60%,"MEDIA ARMONICA",IF(R68<=90%,"MEDIA GEOMETRICA","MENOR VALOR"))) -> MENOR VALOR
A69: =+COTIZACIONES!A68 -> 66 | B69: =+COTIZACIONES!C68 -> INSTALACIÓN DE TELA ASFÁLTICA PARA IMPERMEABILIZACIÓN DE CUBIERTAS | C69: =+COTIZACIONES!C68 -> INSTALACIÓN DE TELA ASFÁLTICA PARA IMPERMEABILIZACIÓN DE CUBIERTAS | D69: =+COTIZACIONES!D68 -> M² | E69: =+COTIZACIONES!E68 -> 1 | J69: =+COTIZACIONES!F68 -> 35700 | K69: =+COTIZACIONES!L68 -> 42483 | L69: =+COTIZACIONES!R68 -> 35700 | M69: =MIN(F69:L69) -> 35700 | N69: =AVERAGE(J69:L69) -> 37961 | O69: =HARMEAN(F69:L69) -> 37706.805 | P69: =GEOMEAN(F69:L69) -> 37831.237 | Q69: =_xlfn.STDEV.S(F69:L69) -> 3916.1669 | R69: =+Q69/N69 -> 0.1031629 | S69: =ROUND(+IF(R69<=25%,M69,IF(R69<=60%,O69,IF(R69<=90%,P69,IF(R69<=100%,N69)))),0) -> 35700 | T69: =+IF(R69<=20%,"MENOR VALOR",IF(R69<=60%,"MEDIA ARMONICA",IF(R69<=90%,"MEDIA GEOMETRICA","MENOR VALOR"))) -> MENOR VALOR
A70: =+COTIZACIONES!A69 -> 67 | B70: =+COTIZACIONES!C69 -> ALISTADO PISOS MORTERO 1:4 E= 0.03 M | C70: =+COTIZACIONES!C69 -> ALISTADO PISOS MORTERO 1:4 E= 0.03 M | D70: =+COTIZACIONES!D69 -> M² | E70: =+COTIZACIONES!E69 -> 1 | J70: =+COTIZACIONES!F69 -> 20700 | K70: =+COTIZACIONES!L69 -> 25371.99 | L70: =+COTIZACIONES!R69 -> 21420 | M70: =MIN(J70:L70) -> 20700 | N70: =AVERAGE(J70:L70) -> 22497.33 | O70: =HARMEAN(J70:L70) -> 22320.09 | P70: =GEOMEAN(J70:L70) -> 22406.883 | Q70: =_xlfn.STDEV.S(J70:L70) -> 2515.4229 | R70: =+Q70/N70 -> 0.11180984 | S70: =ROUND(+IF(R70<=25%,M70,IF(R70<=60%,O70,IF(R70<=90%,P70,IF(R70<=100%,N70)))),0) -> 20700 | T70: =+IF(R70<=20%,"MENOR VALOR",IF(R70<=60%,"MEDIA ARMONICA",IF(R70<=90%,"MEDIA GEOMETRICA","MENOR VALOR"))) -> MENOR VALOR
A71: =+COTIZACIONES!A70 -> 68 | B71: =+COTIZACIONES!C70 -> APLICACIÓN DE PLACA PARA PISO RÍGIDO DE 7 X 8 MTS X 15 CMS DE ESPESOR | C71: =+COTIZACIONES!C70 -> APLICACIÓN DE PLACA PARA PISO RÍGIDO DE 7 X 8 MTS X 15 CMS DE ESPESOR | D71: =+COTIZACIONES!D70 -> M² | E71: =+COTIZACIONES!E70 -> 1 | J71: =+COTIZACIONES!F70 -> 36800 | K71: =+COTIZACIONES!L70 -> 44886.8 | L71: =+COTIZACIONES!R70 -> 38080 | M71: =MIN(J71:L71) -> 36800 | N71: =AVERAGE(J71:L71) -> 39922.267 | O71: =HARMEAN(J71:L71) -> 39623.481 | P71: =GEOMEAN(J71:L71) -> 39769.897 | Q71: =_xlfn.STDEV.S(J71:L71) -> 4346.7854 | R71: =+Q71/N71 -> 0.10888123 | S71: =ROUND(+IF(R71<=25%,M71,IF(R71<=60%,O71,IF(R71<=90%,P71,IF(R71<=100%,N71)))),0) -> 36800 | T71: =+IF(R71<=20%,"MENOR VALOR",IF(R71<=60%,"MEDIA ARMONICA",IF(R71<=90%,"MEDIA GEOMETRICA","MENOR VALOR"))) -> MENOR VALOR
A72: =+COTIZACIONES!A71 -> 69 | B72: =+COTIZACIONES!C71 -> MANTENIMIENTO ANDEN CONCRETO 2,500 PSI REFORZADO E= 0,10M, ACABADO: ESCOBIADO, (INCLUYE MALLA | C72: =+COTIZACIONES!C71 -> MANTENIMIENTO ANDEN CONCRETO 2,500 PSI REFORZADO E= 0,10M, ACABADO: ESCOBIADO, (INCLUYE MALLA | D72: =+COTIZACIONES!D71 -> M² | E72: =+COTIZACIONES!E71 -> 1 | J72: =+COTIZACIONES!F71 -> 46000 | K72: =+COTIZACIONES!L71 -> 56655.9 | L72: =+COTIZACIONES!R71 -> 47600 | M72: =MIN(J72:L72) -> 46000 | N72: =AVERAGE(J72:L72) -> 50085.3 | O72: =HARMEAN(J72:L72) -> 49670.563 | P72: =GEOMEAN(J72:L72) -> 49873.515 | Q72: =_xlfn.STDEV.S(J72:L72) -> 5746.2673 | R72: =+Q72/N72 -> 0.11472962 | S72: =ROUND(+IF(R72<=25%,M72,IF(R72<=60%,O72,IF(R72<=90%,P72,IF(R72<=100%,N72)))),0) -> 46000 | T72: =+IF(R72<=20%,"MENOR VALOR",IF(R72<=60%,"MEDIA ARMONICA",IF(R72<=90%,"MEDIA GEOMETRICA","MENOR VALOR"))) -> MENOR VALOR
A73: =+COTIZACIONES!A72 -> 70 | B73: =+COTIZACIONES!C72 -> MANTENIMIENTO ANDEN CONCRETO 3,000 PSI REFORZADO E= 0,10M, ACABADO: ADOQUÍN 1/4 26 + ESCOBIADO, (INCLUYE MALLA ELECTRO SOLDADA M-084 Y RECEBO COMPACTADO,) | C73: =+COTIZACIONES!C72 -> MANTENIMIENTO ANDEN CONCRETO 3,000 PSI REFORZADO E= 0,10M, ACABADO: ADOQUÍN 1/4 26 + ESCOBIADO, (INCLUYE MALLA ELECTRO SOLDADA M-084 Y RECEBO COMPACTADO,) | D73: =+COTIZACIONES!D72 -> M² | E73: =+COTIZACIONES!E72 -> 1 | J73: =+COTIZACIONES!F72 -> 25300 | K73: =+COTIZACIONES!L72 -> 33870.375 | L73: =+COTIZACIONES!R72 -> 26180 | M73: =MIN(J73:L73) -> 25300 | N73: =AVERAGE(J73:L73) -> 28450.125 | O73: =HARMEAN(J73:L73) -> 27972.78 | P73: =GEOMEAN(J73:L73) -> 28203.525 | Q73: =_xlfn.STDEV.S(J73:L73) -> 4714.6508 | R73: =+Q73/N73 -> 0.16571635 | S73: =ROUND(+IF(R73<=25%,M73,IF(R73<=60%,O73,IF(R73<=90%,P73,IF(R73<=100%,N73)))),0) -> 25300 | T73: =+IF(R73<=20%,"MENOR VALOR",IF(R73<=60%,"MEDIA ARMONICA",IF(R73<=90%,"MEDIA GEOMETRICA","MENOR VALOR"))) -> MENOR VALOR
A74: =+COTIZACIONES!A73 -> 71 | B74: =+COTIZACIONES!C73 -> MANTENIMIENTO ANDEN CONCRETO 2500 PSI REFORZADO E= 0,10M, ACABADO: ADOQUÍN DE 24 X 6 X 8 CM, Y PIEZA | C74: =+COTIZACIONES!C73 -> MANTENIMIENTO ANDEN CONCRETO 2500 PSI REFORZADO E= 0,10M, ACABADO: ADOQUÍN DE 24 X 6 X 8 CM, Y PIEZA | D74: =+COTIZACIONES!D73 -> M² | E74: =+COTIZACIONES!E73 -> 1 | J74: =+COTIZACIONES!F73 -> 25300 | K74: =+COTIZACIONES!L73 -> 33569.305 | L74: =+COTIZACIONES!R73 -> 26180 | M74: =MIN(J74:L74) -> 25300 | N74: =AVERAGE(J74:L74) -> 28349.768 | O74: =HARMEAN(J74:L74) -> 27903.886 | P74: =GEOMEAN(J74:L74) -> 28119.71 | Q74: =_xlfn.STDEV.S(J74:L74) -> 4541.6156 | R74: =+Q74/N74 -> 0.16019939 | S74: =ROUND(+IF(R74<=25%,M74,IF(R74<=60%,O74,IF(R74<=90%,P74,IF(R74<=100%,N74)))),0) -> 25300 | T74: =+IF(R74<=20%,"MENOR VALOR",IF(R74<=60%,"MEDIA ARMONICA",IF(R74<=90%,"MEDIA GEOMETRICA","MENOR VALOR"))) -> MENOR VALOR
A75: =+COTIZACIONES!A74 -> 72 | B75: =+COTIZACIONES!C74 -> MANTENIMIENTO ANDEN CONCRETO 3,000 PSI REFORZADO E= 0,10M, ACABADO: ADOQUÍN DE 24 X 6 X 8 CM, Y PIEZA | C75: =+COTIZACIONES!C74 -> MANTENIMIENTO ANDEN CONCRETO 3,000 PSI REFORZADO E= 0,10M, ACABADO: ADOQUÍN DE 24 X 6 X 8 CM, Y PIEZA | D75: =+COTIZACIONES!D74 -> M² | E75: =+COTIZACIONES!E74 -> 1 | J75: =+COTIZACIONES!F74 -> 66640 | K75: =+COTIZACIONES!L74 -> 72079.49 | L75: =+COTIZACIONES!R74 -> 66640 | M75: =MIN(J75:L75) -> 66640 | N75: =AVERAGE(J75:L75) -> 68453.163 | O75: =HARMEAN(J75:L75) -> 68359.589 | P75: =GEOMEAN(J75:L75) -> 68405.952 | Q75: =_xlfn.STDEV.S(J75:L75) -> 3140.491 | R75: =+Q75/N75 -> 0.045877953 | S75: =ROUND(+IF(R75<=25%,M75,IF(R75<=60%,O75,IF(R75<=90%,P75,IF(R75<=100%,N75)))),0) -> 66640 | T75: =+IF(R75<=20%,"MENOR VALOR",IF(R75<=60%,"MEDIA ARMONICA",IF(R75<=90%,"MEDIA GEOMETRICA","MENOR VALOR"))) -> MENOR VALOR
A76: =+COTIZACIONES!A75 -> 73 | B76: =+COTIZACIONES!C75 -> MANTENIMIENTO CONCRETO ESTAMPADO COLOR ARENA FORMATO MADERA TEKA (VER DETALLE) | C76: =+COTIZACIONES!C75 -> MANTENIMIENTO CONCRETO ESTAMPADO COLOR ARENA FORMATO MADERA TEKA (VER DETALLE) | D76: =+COTIZACIONES!D75 -> M² | E76: =+COTIZACIONES!E75 -> 1 | J76: =+COTIZACIONES!F75 -> 143750 | K76: =+COTIZACIONES!L75 -> 177905 | L76: =+COTIZACIONES!R75 -> 148750 | M76: =MIN(J76:L76) -> 143750 | N76: =AVERAGE(J76:L76) -> 156801.67 | O76: =HARMEAN(J76:L76) -> 155438.9 | P76: =GEOMEAN(J76:L76) -> 156105.3 | Q76: =_xlfn.STDEV.S(J76:L76) -> 18446.219 | R76: =+Q76/N76 -> 0.11764045 | S76: =ROUND(+IF(R76<=25%,M76,IF(R76<=60%,O76,IF(R76<=90%,P76,IF(R76<=100%,N76)))),0) -> 143750 | T76: =+IF(R76<=20%,"MENOR VALOR",IF(R76<=60%,"MEDIA ARMONICA",IF(R76<=90%,"MEDIA GEOMETRICA","MENOR VALOR"))) -> MENOR VALOR
A77: =+COTIZACIONES!A76 -> 74 | B77: =+COTIZACIONES!C76 -> MANTENIMIENTO DE CANAL EN CONCRETO, INCLUYE REMOCIÓN DE CONCRETO DETERIORADO Y MEDIA CAÑA EN MORTERO | C77: =+COTIZACIONES!C76 -> MANTENIMIENTO DE CANAL EN CONCRETO, INCLUYE REMOCIÓN DE CONCRETO DETERIORADO Y MEDIA CAÑA EN MORTERO | D77: =+COTIZACIONES!D76 -> ML | E77: =+COTIZACIONES!E76 -> 1 | F77: =+'VALOR INDEXADO'!I45 -> 86008.165 | J77: =+COTIZACIONES!F76 -> 53550 | K77: =+COTIZACIONES!L76 -> 92046.5 | L77: =+COTIZACIONES!R76 -> 58310 | M77: =MIN(J77:L77) -> 53550 | N77: =AVERAGE(J77:L77) -> 67968.833 | O77: =HARMEAN(J77:L77) -> 64256.44 | P77: =GEOMEAN(J77:L77) -> 65993.82 | Q77: =_xlfn.STDEV.S(J77:L77) -> 20987.256 | R77: =+Q77/N77 -> 0.30877764 | S77: =ROUND(+IF(R77<=25%,M77,IF(R77<=60%,O77,IF(R77<=90%,P77,IF(R77<=100%,N77)))),0) -> 64256 | T77: =+IF(R77<=20%,"MENOR VALOR",IF(R77<=60%,"MEDIA ARMONICA",IF(R77<=90%,"MEDIA GEOMETRICA","MENOR VALOR"))) -> MEDIA ARMONICA
A78: =+COTIZACIONES!A77 -> 75 | B78: =+COTIZACIONES!C77 -> CERRAMIENTO EN MALLA GALVANIZADA CON POSTES METÁLICOS, A UNA SEPARACIÓN DE 2.5 M Y UNA ALTURA DE 2 M. | C78: =+COTIZACIONES!C77 -> CERRAMIENTO EN MALLA GALVANIZADA CON POSTES METÁLICOS, A UNA SEPARACIÓN DE 2.5 M Y UNA ALTURA DE 2 M. | D78: =+COTIZACIONES!D77 -> M² | E78: =+COTIZACIONES!E77 -> 1 | J78: =+COTIZACIONES!F77 -> 143750 | K78: =+COTIZACIONES!L77 -> 181326.25 | L78: =+COTIZACIONES!R77 -> 148750 | M78: =MIN(J78:L78) -> 143750 | N78: =AVERAGE(J78:L78) -> 157942.08 | O78: =HARMEAN(J78:L78) -> 156297.77 | P78: =GEOMEAN(J78:L78) -> 157099.63 | Q78: =_xlfn.STDEV.S(J78:L78) -> 20405.01 | R78: =+Q78/N78 -> 0.12919299 | S78: =ROUND(+IF(R78<=25%,M78,IF(R78<=60%,O78,IF(R78<=90%,P78,IF(R78<=100%,N78)))),0) -> 143750 | T78: =+IF(R78<=20%,"MENOR VALOR",IF(R78<=60%,"MEDIA ARMONICA",IF(R78<=90%,"MEDIA GEOMETRICA","MENOR VALOR"))) -> MENOR VALOR
A79: =+COTIZACIONES!A78 -> 76 | B79: =+COTIZACIONES!C78 -> CERRAMIENTO EN MALLA GALVANIZADA Y POSTES DE CONCRETO, A UNA SEPARACIÓN DE 2.5 M Y UNA ALTURA DE 2 M. | C79: =+COTIZACIONES!C78 -> CERRAMIENTO EN MALLA GALVANIZADA Y POSTES DE CONCRETO, A UNA SEPARACIÓN DE 2.5 M Y UNA ALTURA DE 2 M. | D79: =+COTIZACIONES!D78 -> M² | E79: =+COTIZACIONES!E78 -> 1 | J79: =+COTIZACIONES!F78 -> 101200 | K79: =+COTIZACIONES!L78 -> 124040.84 | L79: =+COTIZACIONES!R78 -> 104720 | M79: =MIN(J79:L79) -> 101200 | N79: =AVERAGE(J79:L79) -> 109986.95 | O79: =HARMEAN(J79:L79) -> 109120.44 | P79: =GEOMEAN(J79:L79) -> 109544.76 | Q79: =_xlfn.STDEV.S(J79:L79) -> 12297.623 | R79: =+Q79/N79 -> 0.11180984 | S79: =ROUND(+IF(R79<=25%,M79,IF(R79<=60%,O79,IF(R79<=90%,P79,IF(R79<=100%,N79)))),0) -> 101200 | T79: =+IF(R79<=20%,"MENOR VALOR",IF(R79<=60%,"MEDIA ARMONICA",IF(R79<=90%,"MEDIA GEOMETRICA","MENOR VALOR"))) -> MENOR VALOR
A80: =+COTIZACIONES!A79 -> 77 | B80: =+COTIZACIONES!C79 -> CANAL EN CONCRETO 3.000 PSI ALTURA VARIABLE ENTRE 0.10 Y 0.25 m Y ANCHO ENTRE 0.40 Y 0.60 m Y ESPESOR DE 0,1M (Incluye excavación, base granular B-200, formaleta y refuerzo.) | C80: =+COTIZACIONES!C79 -> CANAL EN CONCRETO 3.000 PSI ALTURA VARIABLE ENTRE 0.10 Y 0.25 m Y ANCHO ENTRE 0.40 Y 0.60 m Y ESPESOR DE 0,1M (Incluye excavación, base granular B-200, formaleta y refuerzo.) | D80: =+COTIZACIONES!D79 -> ML | E80: =+COTIZACIONES!E79 -> 1 | J80: =+COTIZACIONES!F79 -> 666400 | K80: =+COTIZACIONES!L79 -> 773473.82 | L80: =+COTIZACIONES!R79 -> 595000 | M80: =MIN(J80:L80) -> 595000 | N80: =AVERAGE(J80:L80) -> 678291.27 | O80: =HARMEAN(J80:L80) -> 670519.76 | P80: =GEOMEAN(J80:L80) -> 674371.47 | Q80: =_xlfn.STDEV.S(J80:L80) -> 89829.159 | R80: =+Q80/N80 -> 0.13243449 | S80: =ROUND(+IF(R80<=25%,M80,IF(R80<=60%,O80,IF(R80<=90%,P80,IF(R80<=100%,N80)))),0) -> 595000 | T80: =+IF(R80<=20%,"MENOR VALOR",IF(R80<=60%,"MEDIA ARMONICA",IF(R80<=90%,"MEDIA GEOMETRICA","MENOR VALOR"))) -> MENOR VALOR
A81: =+COTIZACIONES!A80 -> 78 | B81: =+COTIZACIONES!C80 -> DESMONTE CONCERTINA SENCILLA, (incluye estructura de soporte en tubería de aguas negras Ø2" y guaya; Incluye cargue y retiro de material desmontado). | C81: =+COTIZACIONES!C80 -> DESMONTE CONCERTINA SENCILLA, (incluye estructura de soporte en tubería de aguas negras Ø2" y guaya; Incluye cargue y retiro de material desmontado). | D81: =+COTIZACIONES!D80 -> ML | E81: =+COTIZACIONES!E80 -> 1 | J81: =+COTIZACIONES!F80 -> 190400 | K81: =+COTIZACIONES!L80 -> 269059 | L81: =+COTIZACIONES!R80 -> 202300 | M81: =MIN(J81:L81) -> 190400 | N81: =AVERAGE(J81:L81) -> 220586.33 | O81: =HARMEAN(J81:L81) -> 215642.54 | P81: =GEOMEAN(J81:L81) -> 218023.57 | Q81: =_xlfn.STDEV.S(J81:L81) -> 42398.137 | R81: =+Q81/N81 -> 0.19220655 | S81: =ROUND(+IF(R81<=25%,M81,IF(R81<=60%,O81,IF(R81<=90%,P81,IF(R81<=100%,N81)))),0) -> 190400 | T81: =+IF(R81<=20%,"MENOR VALOR",IF(R81<=60%,"MEDIA ARMONICA",IF(R81<=90%,"MEDIA GEOMETRICA","MENOR VALOR"))) -> MENOR VALOR
A82: =+COTIZACIONES!A81 -> 79 | B82: =+COTIZACIONES!C81 -> DESMONTE DE ELEMENTOS PREFABRICADOS EN FACHADA (INCLUYE CARGUE Y RETIRO DE ESCOMBROS) | C82: =+COTIZACIONES!C81 -> DESMONTE DE ELEMENTOS PREFABRICADOS EN FACHADA (INCLUYE CARGUE Y RETIRO DE ESCOMBROS) | D82: =+COTIZACIONES!D81 -> M² | E82: =+COTIZACIONES!E81 -> 1 | F82: =+'VALOR INDEXADO'!I48 -> 85806.268 | J82: =+COTIZACIONES!F81 -> 64260 | K82: =+COTIZACIONES!L81 -> 75053.3 | L82: =+COTIZACIONES!R81 -> 64260 | M82: =MIN(F82:L82) -> 64260 | N82: =AVERAGE(F82:L82) -> 72344.892 | O82: =HARMEAN(F82:L82) -> 71299.233 | P82: =GEOMEAN(F82:L82) -> 71811.262 | Q82: =_xlfn.STDEV.S(F82:L82) -> 10316.25 | R82: =+Q82/N82 -> 0.14259819 | S82: =ROUND(+IF(R82<=25%,M82,IF(R82<=60%,O82,IF(R82<=90%,P82,IF(R82<=100%,N82)))),0) -> 64260 | T82: =+IF(R82<=20%,"MENOR VALOR",IF(R82<=60%,"MEDIA ARMONICA",IF(R82<=90%,"MEDIA GEOMETRICA","MENOR VALOR"))) -> MENOR VALOR
A83: =+COTIZACIONES!A82 -> 80 | B83: =+COTIZACIONES!C82 -> DESMONTE DE ESTRUCTURA METÁLICA, (INCLUYE EQUIPO DE OXIACETILENO CARGUE Y RETIRO DE MATERIAL DESMONTADO) | C83: =+COTIZACIONES!C82 -> DESMONTE DE ESTRUCTURA METÁLICA, (INCLUYE EQUIPO DE OXIACETILENO CARGUE Y RETIRO DE MATERIAL DESMONTADO) | D83: =+COTIZACIONES!D82 -> KG | E83: =+COTIZACIONES!E82 -> 1 | G83: 12887 | H83: 8396 | J83: =+COTIZACIONES!F82 -> 53550 | K83: =+COTIZACIONES!L82 -> 62166.79 | L83: =+COTIZACIONES!R82 -> 54740 | M83: =MIN(J83:L83) -> 53550 | N83: =AVERAGE(J83:L83) -> 56818.93 | O83: =HARMEAN(J83:L83) -> 56573.809 | P83: =GEOMEAN(J83:L83) -> 56694.497 | Q83: =_xlfn.STDEV.S(J83:L83) -> 4669.4464 | R83: =+Q83/N83 -> 0.082181175 | S83: =ROUND(+IF(R83<=25%,M83,IF(R83<=60%,O83,IF(R83<=90%,P83,IF(R83<=100%,N83)))),0) -> 53550 | T83: =+IF(R83<=20%,"MENOR VALOR",IF(R83<=60%,"MEDIA ARMONICA",IF(R83<=90%,"MEDIA GEOMETRICA","MENOR VALOR"))) -> MENOR VALOR
A84: =+COTIZACIONES!A83 -> 81 | B84: =+COTIZACIONES!C83 -> DESMONTE DE PISOS DE CAUCHO (INCLUYE CARGUE Y RETIRO DE MATERIAL DESMONTADO) | C84: =+COTIZACIONES!C83 -> DESMONTE DE PISOS DE CAUCHO (INCLUYE CARGUE Y RETIRO DE MATERIAL DESMONTADO) | D84: =+COTIZACIONES!D83 -> M² | E84: =+COTIZACIONES!E83 -> 1 | J84: =+COTIZACIONES!F83 -> 95200 | K84: =+COTIZACIONES!L83 -> 99127 | L84: =+COTIZACIONES!R83 -> 83300 | M84: =MIN(J84:L84) -> 83300 | N84: =AVERAGE(J84:L84) -> 92542.333 | O84: =HARMEAN(J84:L84) -> 92032.805 | P84: =GEOMEAN(J84:L84) -> 92290.707 | Q84: =_xlfn.STDEV.S(J84:L84) -> 8241.4123 | R84: =+Q84/N84 -> 0.089055592 | S84: =ROUND(+IF(R84<=25%,M84,IF(R84<=60%,O84,IF(R84<=90%,P84,IF(R84<=100%,N84)))),0) -> 83300 | T84: =+IF(R84<=20%,"MENOR VALOR",IF(R84<=60%,"MEDIA ARMONICA",IF(R84<=90%,"MEDIA GEOMETRICA","MENOR VALOR"))) -> MENOR VALOR
A85: =+COTIZACIONES!A84 -> 82 | B85: =+COTIZACIONES!C84 -> DESMONTE BAJANTE EXISTENTE (INCLUYE CARGUE Y RETIRO DE MATERIAL DESMONTADO) | C85: =+COTIZACIONES!C84 -> DESMONTE BAJANTE EXISTENTE (INCLUYE CARGUE Y RETIRO DE MATERIAL DESMONTADO) | D85: =+COTIZACIONES!D84 -> ML | E85: =+COTIZACIONES!E84 -> 1 | J85: =+COTIZACIONES!F84 -> 25300 | K85: =+COTIZACIONES!L84 -> 31311.28 | L85: =+COTIZACIONES!R84 -> 26180 | M85: =MIN(J85:L85) -> 25300 | N85: =AVERAGE(J85:L85) -> 27597.093 | O85: =HARMEAN(J85:L85) -> 27357.246 | P85: =GEOMEAN(J85:L85) -> 27474.534 | Q85: =_xlfn.STDEV.S(J85:L85) -> 3246.5346 | R85: =+Q85/N85 -> 0.11764045 | S85: =ROUND(+IF(R85<=25%,M85,IF(R85<=60%,O85,IF(R85<=90%,P85,IF(R85<=100%,N85)))),0) -> 25300 | T85: =+IF(R85<=20%,"MENOR VALOR",IF(R85<=60%,"MEDIA ARMONICA",IF(R85<=90%,"MEDIA GEOMETRICA","MENOR VALOR"))) -> MENOR VALOR
A86: =+COTIZACIONES!A85 -> 83 | B86: =+COTIZACIONES!C85 -> DESMONTE CANAL EN LAMINA EXISTENTE (INCLUYE CARGUE Y RETIRO DE MATERIAL DESMONTADO) | C86: =+COTIZACIONES!C85 -> DESMONTE CANAL EN LAMINA EXISTENTE (INCLUYE CARGUE Y RETIRO DE MATERIAL DESMONTADO) | D86: =+COTIZACIONES!D85 -> ML | E86: =+COTIZACIONES!E85 -> 1 | J86: =+COTIZACIONES!F85 -> 17250 | K86: =+COTIZACIONES!L85 -> 21451.237 | L86: =+COTIZACIONES!R85 -> 17850 | M86: =MIN(J86:L86) -> 17250 | N86: =AVERAGE(J86:L86) -> 18850.413 | O86: =HARMEAN(J86:L86) -> 18678.696 | P86: =GEOMEAN(J86:L86) -> 18762.609 | Q86: =_xlfn.STDEV.S(J86:L86) -> 2272.2716 | R86: =+Q86/N86 -> 0.12054227 | S86: =ROUND(+IF(R86<=25%,M86,IF(R86<=60%,O86,IF(R86<=90%,P86,IF(R86<=100%,N86)))),0) -> 17250 | T86: =+IF(R86<=20%,"MENOR VALOR",IF(R86<=60%,"MEDIA ARMONICA",IF(R86<=90%,"MEDIA GEOMETRICA","MENOR VALOR"))) -> MENOR VALOR
A87: =+COTIZACIONES!A86 -> 84 | B87: =+COTIZACIONES!C86 -> DESMONTE DE TANQUE PLASTICO DE 500 A 1000 Lts (incluye cargue y retiro de material desmontado, según disponga la unidad). | C87: =+COTIZACIONES!C86 -> DESMONTE DE TANQUE PLASTICO DE 500 A 1000 Lts (incluye cargue y retiro de material desmontado, según disponga la unidad). | D87: =+COTIZACIONES!D86 -> UND | E87: =+COTIZACIONES!E86 -> 1 | G87: 35.707,23 | H87: 45000 | J87: =+COTIZACIONES!F86 -> 226100 | K87: =+COTIZACIONES!L86 -> 184093 | L87: =+COTIZACIONES!R86 -> 160650 | M87: =MIN(J87:L87) -> 160650 | N87: =AVERAGE(J87:L87) -> 190281 | O87: =HARMEAN(J87:L87) -> 186572.14 | P87: =GEOMEAN(J87:L87) -> 188396.51 | Q87: =_xlfn.STDEV.S(J87:L87) -> 33160.883 | R87: =+Q87/N87 -> 0.17427322 | S87: =ROUND(+IF(R87<=25%,M87,IF(R87<=60%,O87,IF(R87<=90%,P87,IF(R87<=100%,N87)))),0) -> 160650 | T87: =+IF(R87<=20%,"MENOR VALOR",IF(R87<=60%,"MEDIA ARMONICA",IF(R87<=90%,"MEDIA GEOMETRICA","MENOR VALOR"))) -> MENOR VALOR
A88: =+COTIZACIONES!A87 -> 85 | B88: =+COTIZACIONES!C87 -> DESMONTE DE ESTRUCTURA METÁLICA. (INCLUYE EQUIPO DE OXIACETILENO, CARGUE Y RETIRO DE MATERIAL DESMONTADO). | C88: =+COTIZACIONES!C87 -> DESMONTE DE ESTRUCTURA METÁLICA. (INCLUYE EQUIPO DE OXIACETILENO, CARGUE Y RETIRO DE MATERIAL DESMONTADO). | D88: =+COTIZACIONES!D87 -> M² | E88: =+COTIZACIONES!E87 -> 1 | G88: 12887 | J88: =+COTIZACIONES!F87 -> 6900 | K88: =+COTIZACIONES!L87 -> 8457.33 | L88: =+COTIZACIONES!R87 -> 7140 | M88: =MIN(J88:L88) -> 6900 | N88: =AVERAGE(J88:L88) -> 7499.11 | O88: =HARMEAN(J88:L88) -> 7440.0299 | P88: =GEOMEAN(J88:L88) -> 7468.961 | Q88: =_xlfn.STDEV.S(J88:L88) -> 838.47431 | R88: =+Q88/N88 -> 0.11180984 | S88: =ROUND(+IF(R88<=25%,M88,IF(R88<=60%,O88,IF(R88<=90%,P88,IF(R88<=100%,N88)))),0) -> 6900 | T88: =+IF(R88<=20%,"MENOR VALOR",IF(R88<=60%,"MEDIA ARMONICA",IF(R88<=90%,"MEDIA GEOMETRICA","MENOR VALOR"))) -> MENOR VALOR
A89: =+COTIZACIONES!A88 -> 86 | B89: =+COTIZACIONES!C88 -> DESMONTE Y REINSTALACIÓN DE TANQUE DE ALMACENAMIENTO DE AGUA ENTRE 1000 Lts y 2000lts, (incluye reconexión a la tubería) | C89: =+COTIZACIONES!C88 -> DESMONTE Y REINSTALACIÓN DE TANQUE DE ALMACENAMIENTO DE AGUA ENTRE 1000 Lts y 2000lts, (incluye reconexión a la tubería) | D89: =+COTIZACIONES!D88 -> UND | E89: =+COTIZACIONES!E88 -> 1 | G89: 102684.04 | H89: 50000 | J89: =+COTIZACIONES!F88 -> 196350 | K89: =+COTIZACIONES!L88 -> 269059 | L89: =+COTIZACIONES!R88 -> 172550 | M89: =MIN(J89:L89) -> 172550 | N89: =AVERAGE(J89:L89) -> 212653 | O89: =HARMEAN(J89:L89) -> 205408.76 | P89: =GEOMEAN(J89:L89) -> 208896.48 | Q89: =_xlfn.STDEV.S(J89:L89) -> 50277.606 | R89: =+Q89/N89 -> 0.23643027 | S89: =ROUND(+IF(R89<=25%,M89,IF(R89<=60%,O89,IF(R89<=90%,P89,IF(R89<=100%,N89)))),0) -> 172550 | T89: =+IF(R89<=20%,"MENOR VALOR",IF(R89<=60%,"MEDIA ARMONICA",IF(R89<=90%,"MEDIA GEOMETRICA","MENOR VALOR"))) -> MEDIA ARMONICA
A90: =+COTIZACIONES!A89 -> 87 | B90: =+COTIZACIONES!C89 -> DESMONTE DE REJAS (INCLUYE CARGUE Y RETIRO DE MATERIAL DESMONTADO) | C90: =+COTIZACIONES!C89 -> DESMONTE DE REJAS (INCLUYE CARGUE Y RETIRO DE MATERIAL DESMONTADO) | D90: =+COTIZACIONES!D89 -> M² | E90: =+COTIZACIONES!E89 -> 1 | J90: =+COTIZACIONES!F89 -> 4370 | K90: =+COTIZACIONES!L89 -> 5382.3105 | L90: =+COTIZACIONES!R89 -> 4522 | M90: =MIN(J90:L90) -> 4370 | N90: =AVERAGE(J90:L90) -> 4758.1035 | O90: =HARMEAN(J90:L90) -> 4718.7035 | P90: =GEOMEAN(J90:L90) -> 4737.9839 | Q90: =_xlfn.STDEV.S(J90:L90) -> 545.8954 | R90: =+Q90/N90 -> 0.11472962 | S90: =ROUND(+IF(R90<=25%,M90,IF(R90<=60%,O90,IF(R90<=90%,P90,IF(R90<=100%,N90)))),0) -> 4370 | T90: =+IF(R90<=20%,"MENOR VALOR",IF(R90<=60%,"MEDIA ARMONICA",IF(R90<=90%,"MEDIA GEOMETRICA","MENOR VALOR"))) -> MENOR VALOR
A91: =+COTIZACIONES!A90 -> 88 | B91: =+COTIZACIONES!C90 -> DESMONTE DE TANQUES EN ASBESTO-CEMENTO DE 500 A 1000 LTS (INCLUYE CARGUE Y RETIRO DE MATERIAL DESMONTADO SEGÚN DISPONGA LA UNIDAD) | C91: =+COTIZACIONES!C90 -> DESMONTE DE TANQUES EN ASBESTO-CEMENTO DE 500 A 1000 LTS (INCLUYE CARGUE Y RETIRO DE MATERIAL DESMONTADO SEGÚN DISPONGA LA UNIDAD) | D91: =+COTIZACIONES!D90 -> UND | E91: =+COTIZACIONES!E90 -> 1 | H91: 7900 | J91: =+COTIZACIONES!F90 -> 5980 | K91: =+COTIZACIONES!L90 -> 6366.5 | L91: =+COTIZACIONES!R90 -> 5950 | M91: =MIN(J91:L91) -> 5950 | N91: =AVERAGE(J91:L91) -> 6098.8333 | O91: =HARMEAN(J91:L91) -> 6093.0595 | P91: =GEOMEAN(J91:L91) -> 6095.9252 | Q91: =_xlfn.STDEV.S(J91:L91) -> 232.29095 | R91: =+Q91/N91 -> 0.038087767 | S91: =ROUND(+IF(R91<=25%,M91,IF(R91<=60%,O91,IF(R91<=90%,P91,IF(R91<=100%,N91)))),0) -> 5950 | T91: =+IF(R91<=20%,"MENOR VALOR",IF(R91<=60%,"MEDIA ARMONICA",IF(R91<=90%,"MEDIA GEOMETRICA","MENOR VALOR"))) -> MENOR VALOR
A92: =+COTIZACIONES!A91 -> 89 | B92: =+COTIZACIONES!C91 -> DESMONTE MATENIMIENTO Y REINSTALACION DE VENTANERIA INCLUYE LIMPIEZA LIJADADA PINTURA ESMALTE Y REINSTALACIÓN, | C92: =+COTIZACIONES!C91 -> DESMONTE MATENIMIENTO Y REINSTALACION DE VENTANERIA INCLUYE LIMPIEZA LIJADADA PINTURA ESMALTE Y REINSTALACIÓN, | D92: =+COTIZACIONES!D91 -> M² | E92: =+COTIZACIONES!E91 -> 1 | J92: =+COTIZACIONES!F91 -> 200000 | K92: =+COTIZACIONES!L91 -> 261800 | L92: =+COTIZACIONES!R91 -> 238000 | M92: =MIN(J92:L92) -> 200000 | N92: =AVERAGE(F92:L92) -> 233266.67 | O92: =HARMEAN(J92:L92) -> 230390.14 | P92: =GEOMEAN(J92:L92) -> 231842.04 | Q92: =_xlfn.STDEV.S(J92:L92) -> 31170.713 | R92: =+Q92/N92 -> 0.13362695 | S92: =ROUND(+IF(R92<=25%,M92,IF(R92<=60%,O92,IF(R92<=90%,P92,IF(R92<=100%,N92)))),0) -> 200000 | T92: =+IF(R92<=20%,"MENOR VALOR",IF(R92<=60%,"MEDIA ARMONICA",IF(R92<=90%,"MEDIA GEOMETRICA","MENOR VALOR"))) -> MENOR VALOR
A93: =+COTIZACIONES!A92 -> 90 | B93: =+COTIZACIONES!C92 -> DESMONTE DE VENTANERIA (INCLUYE CARGUE Y RETIRO DE MATERIAL DESMONTADO). | C93: =+COTIZACIONES!C92 -> DESMONTE DE VENTANERIA (INCLUYE CARGUE Y RETIRO DE MATERIAL DESMONTADO). | D93: =+COTIZACIONES!D92 -> M² | E93: =+COTIZACIONES!E92 -> 1 | J93: =+COTIZACIONES!F92 -> 26450 | K93: =+COTIZACIONES!L92 -> 36039.448 | L93: =+COTIZACIONES!R92 -> 27370 | M93: =MIN(J93:L93) -> 26450 | N93: =AVERAGE(J93:L93) -> 29953.149 | O93: =HARMEAN(J93:L93) -> 29385.574 | P93: =GEOMEAN(J93:L93) -> 29659.207 | Q93: =_xlfn.STDEV.S(J93:L93) -> 5290.9234 | R93: =+Q93/N93 -> 0.17663997 | S93: =ROUND(+IF(R93<=25%,M93,IF(R93<=60%,O93,IF(R93<=90%,P93,IF(R93<=100%,N93)))),0) -> 26450 | T93: =+IF(R93<=20%,"MENOR VALOR",IF(R93<=60%,"MEDIA ARMONICA",IF(R93<=90%,"MEDIA GEOMETRICA","MENOR VALOR"))) -> MENOR VALOR
A94: =+COTIZACIONES!A93 -> 91 | B94: =+COTIZACIONES!C93 -> MANTENIMIENTO A TODO COSTO SUMINISTRO E INSTALACION GRAVILLA LAVADA N 2 INCLUYE DILATACIÓN EN BRONCE | C94: =+COTIZACIONES!C93 -> MANTENIMIENTO A TODO COSTO SUMINISTRO E INSTALACION GRAVILLA LAVADA N 2 INCLUYE DILATACIÓN EN BRONCE | D94: =+COTIZACIONES!D93 -> M² | E94: =+COTIZACIONES!E93 -> 1 | J94: =+COTIZACIONES!F93 -> 28750 | K94: =+COTIZACIONES!L93 -> 35581 | L94: =+COTIZACIONES!R93 -> 29750 | M94: =MIN(J94:L94) -> 28750 | N94: =AVERAGE(J94:L94) -> 31360.333 | O94: =HARMEAN(J94:L94) -> 31087.78 | P94: =GEOMEAN(J94:L94) -> 31221.061 | Q94: =_xlfn.STDEV.S(J94:L94) -> 3689.2439 | R94: =+Q94/N94 -> 0.11764045 | S94: =ROUND(+IF(R94<=25%,M94,IF(R94<=60%,O94,IF(R94<=90%,P94,IF(R94<=100%,N94)))),0) -> 28750 | T94: =+IF(R94<=20%,"MENOR VALOR",IF(R94<=60%,"MEDIA ARMONICA",IF(R94<=90%,"MEDIA GEOMETRICA","MENOR VALOR"))) -> MENOR VALOR
A95: =+COTIZACIONES!A94 -> 92 | B95: =+COTIZACIONES!C94 -> INSTALACIÓN GRAVILLA LAVADA No. 2 (INCLUYE VARILLA PLÁTICA DE DILATACIÓN) | C95: =+COTIZACIONES!C94 -> INSTALACIÓN GRAVILLA LAVADA No. 2 (INCLUYE VARILLA PLÁTICA DE DILATACIÓN) | D95: =+COTIZACIONES!D94 -> M² | E95: =+COTIZACIONES!E94 -> 1 | J95: =+COTIZACIONES!F94 -> 80500 | K95: =+COTIZACIONES!L94 -> 100105.77 | L95: =+COTIZACIONES!R94 -> 83300 | M95: =MIN(J95:L95) -> 80500 | N95: =AVERAGE(J95:L95) -> 87968.592 | O95: =HARMEAN(J95:L95) -> 87167.25 | P95: =GEOMEAN(J95:L95) -> 87558.841 | Q95: =_xlfn.STDEV.S(J95:L95) -> 10603.934 | R95: =+Q95/N95 -> 0.12054227 | S95: =ROUND(+IF(R95<=25%,M95,IF(R95<=60%,O95,IF(R95<=90%,P95,IF(R95<=100%,N95)))),0) -> 80500 | T95: =+IF(R95<=20%,"MENOR VALOR",IF(R95<=60%,"MEDIA ARMONICA",IF(R95<=90%,"MEDIA GEOMETRICA","MENOR VALOR"))) -> MENOR VALOR
A96: =+COTIZACIONES!A95 -> 93 | B96: =+COTIZACIONES!C95 -> MANTENIMIENTO ANDEN CONCRETO 2,500 PSI REFORZADO E= 0,07M, ACABADO: ESCOBIADO, (INCLUYE MALLA ELECTRO SOLDADA M-084) | C96: =+COTIZACIONES!C95 -> MANTENIMIENTO ANDEN CONCRETO 2,500 PSI REFORZADO E= 0,07M, ACABADO: ESCOBIADO, (INCLUYE MALLA ELECTRO SOLDADA M-084) | D96: =+COTIZACIONES!D95 -> M² | E96: =+COTIZACIONES!E95 -> 1 | J96: =+COTIZACIONES!F95 -> 23000 | K96: =+COTIZACIONES!L95 -> 29012.2 | L96: =+COTIZACIONES!R95 -> 23800 | M96: =MIN(J96:L96) -> 23000 | N96: =AVERAGE(J96:L96) -> 25270.733 | O96: =HARMEAN(J96:L96) -> 25007.643 | P96: =GEOMEAN(J96:L96) -> 25135.941 | Q96: =_xlfn.STDEV.S(J96:L96) -> 3264.8016 | R96: =+Q96/N96 -> 0.12919299 | S96: =ROUND(+IF(R96<=25%,M96,IF(R96<=60%,O96,IF(R96<=90%,P96,IF(R96<=100%,N96)))),0) -> 23000 | T96: =+IF(R96<=20%,"MENOR VALOR",IF(R96<=60%,"MEDIA ARMONICA",IF(R96<=90%,"MEDIA GEOMETRICA","MENOR VALOR"))) -> MENOR VALOR
A97: =+COTIZACIONES!A96 -> 94 | B97: =+COTIZACIONES!C96 -> MANTENIMIENTO E INSTALACIÓN REJILLA ALUMINIO 6" X 4" CÚPULA TRADICIONAL CON SOSCO - REF, C-6"X4" TIPO COLREJILLAS O SIMILAR | C97: =+COTIZACIONES!C96 -> MANTENIMIENTO E INSTALACIÓN REJILLA ALUMINIO 6" X 4" CÚPULA TRADICIONAL CON SOSCO - REF, C-6"X4" TIPO COLREJILLAS O SIMILAR | D97: =+COTIZACIONES!D96 -> UND | E97: =+COTIZACIONES!E96 -> 1 | J97: =+COTIZACIONES!F96 -> 25300 | K97: =+COTIZACIONES!L96 -> 31010.21 | L97: =+COTIZACIONES!R96 -> 26180 | M97: =MIN(J97:L97) -> 25300 | N97: =AVERAGE(J97:L97) -> 27496.737 | O97: =HARMEAN(J97:L97) -> 27280.11 | P97: =GEOMEAN(J97:L97) -> 27386.19 | Q97: =_xlfn.STDEV.S(J97:L97) -> 3074.4058 | R97: =+Q97/N97 -> 0.11180984 | S97: =ROUND(+IF(R97<=25%,M97,IF(R97<=60%,O97,IF(R97<=90%,P97,IF(R97<=100%,N97)))),0) -> 25300 | T97: =+IF(R97<=20%,"MENOR VALOR",IF(R97<=60%,"MEDIA ARMONICA",IF(R97<=90%,"MEDIA GEOMETRICA","MENOR VALOR"))) -> MENOR VALOR
A98: =+COTIZACIONES!A97 -> 95 | B98: =+COTIZACIONES!C97 -> MANTENIMIENTO CERRAMIENTO EN POLISOMBRA NEGRA 80% RETENCIÓN DE LA LUZ, H=2M, | C98: =+COTIZACIONES!C97 -> MANTENIMIENTO CERRAMIENTO EN POLISOMBRA NEGRA 80% RETENCIÓN DE LA LUZ, H=2M, | D98: =+COTIZACIONES!D97 -> M² | E98: =+COTIZACIONES!E97 -> 1 | J98: =+COTIZACIONES!F97 -> 23000 | K98: =+COTIZACIONES!L97 -> 28054.25 | L98: =+COTIZACIONES!R97 -> 23800 | M98: =MIN(J98:L98) -> 23000 | N98: =AVERAGE(J98:L98) -> 24951.417 | O98: =HARMEAN(J98:L98) -> 24764.676 | P98: =GEOMEAN(J98:L98) -> 24856.186 | Q98: =_xlfn.STDEV.S(J98:L98) -> 2716.7409 | R98: =+Q98/N98 -> 0.10888123 | S98: =ROUND(+IF(R98<=25%,M98,IF(R98<=60%,O98,IF(R98<=90%,P98,IF(R98<=100%,N98)))),0) -> 23000 | T98: =+IF(R98<=20%,"MENOR VALOR",IF(R98<=60%,"MEDIA ARMONICA",IF(R98<=90%,"MEDIA GEOMETRICA","MENOR VALOR"))) -> MENOR VALOR
A99: =+COTIZACIONES!A98 -> 96 | B99: =+COTIZACIONES!C98 -> MANTENIMIENTO RETIRO DE CAPAS DE PINTURA DETERIORADA POR HUMEDAD (RASPADO Y LIJADO) | C99: =+COTIZACIONES!C98 -> MANTENIMIENTO RETIRO DE CAPAS DE PINTURA DETERIORADA POR HUMEDAD (RASPADO Y LIJADO) | D99: =+COTIZACIONES!D98 -> M² | E99: =+COTIZACIONES!E98 -> 1 | J99: =+COTIZACIONES!F98 -> 29750 | K99: =+COTIZACIONES!L98 -> 28054.244 | L99: =+COTIZACIONES!R98 -> 23800 | M99: =MIN(J99:L99) -> 23800 | N99: =AVERAGE(J99:L99) -> 27201.415 | O99: =HARMEAN(J99:L99) -> 26960.117 | P99: =GEOMEAN(J99:L99) -> 27082.422 | Q99: =_xlfn.STDEV.S(J99:L99) -> 3065.308 | R99: =+Q99/N99 -> 0.11268929 | S99: =ROUND(+IF(R99<=25%,M99,IF(R99<=60%,O99,IF(R99<=90%,P99,IF(R99<=100%,N99)))),0) -> 23800 | T99: =+IF(R99<=20%,"MENOR VALOR",IF(R99<=60%,"MEDIA ARMONICA",IF(R99<=90%,"MEDIA GEOMETRICA","MENOR VALOR"))) -> MENOR VALOR
A100: =+COTIZACIONES!A99 -> 97 | B100: =+COTIZACIONES!C99 -> MANTENIMIENTO RETIRO MANUAL DE ADOQUÍN SOBRE ARENA (INCLUYE CARGUE Y RETIRO DE ESCOMBROS) | C100: =+COTIZACIONES!C99 -> MANTENIMIENTO RETIRO MANUAL DE ADOQUÍN SOBRE ARENA (INCLUYE CARGUE Y RETIRO DE ESCOMBROS) | D100: =+COTIZACIONES!D99 -> M² | E100: =+COTIZACIONES!E99 -> 1 | J100: =+COTIZACIONES!F99 -> 50600 | K100: =+COTIZACIONES!L99 -> 67740.75 | L100: =+COTIZACIONES!R99 -> 52360 | M100: =MIN(J100:L100) -> 50600 | N100: =AVERAGE(J100:L100) -> 56900.25 | O100: =HARMEAN(J100:L100) -> 55945.561 | P100: =GEOMEAN(J100:L100) -> 56407.05 | Q100: =_xlfn.STDEV.S(J100:L100) -> 9429.3017 | R100: =+Q100/N100 -> 0.16571635 | S100: =ROUND(+IF(R100<=25%,M100,IF(R100<=60%,O100,IF(R100<=90%,P100,IF(R100<=100%,N100)))),0) -> 50600 | T100: =+IF(R100<=20%,"MENOR VALOR",IF(R100<=60%,"MEDIA ARMONICA",IF(R100<=90%,"MEDIA GEOMETRICA","MENOR VALOR"))) -> MENOR VALOR
A101: =+COTIZACIONES!A100 -> 98 | B101: =+COTIZACIONES!C100 -> MANTENIMIENTO Y REINSTALACIÓN DE LUMINARIA LIMPIEZA Y PUESTA EN FUNCIONAMIENTO | C101: =+COTIZACIONES!C100 -> MANTENIMIENTO Y REINSTALACIÓN DE LUMINARIA LIMPIEZA Y PUESTA EN FUNCIONAMIENTO | D101: =+COTIZACIONES!D100 -> Servicio | E101: =+COTIZACIONES!E100 -> 1 | J101: =+COTIZACIONES!F100 -> 20700 | K101: =+COTIZACIONES!L100 -> 27465.795 | L101: =+COTIZACIONES!R100 -> 21420 | M101: =MIN(J101:L101) -> 20700 | N101: =AVERAGE(J101:L101) -> 23195.265 | O101: =HARMEAN(J101:L101) -> 22830.452 | P101: =GEOMEAN(J101:L101) -> 23007.035 | Q101: =_xlfn.STDEV.S(J101:L101) -> 3715.8673 | R101: =+Q101/N101 -> 0.16019939 | S101: =ROUND(+IF(R101<=25%,M101,IF(R101<=60%,O101,IF(R101<=90%,P101,IF(R101<=100%,N101)))),0) -> 20700 | T101: =+IF(R101<=20%,"MENOR VALOR",IF(R101<=60%,"MEDIA ARMONICA",IF(R101<=90%,"MEDIA GEOMETRICA","MENOR VALOR"))) -> MENOR VALOR
A102: =+COTIZACIONES!A101 -> 99 | B102: =+COTIZACIONES!C101 -> DEMOLICIÓN - RETIRO PAÑETE DETERIORADO Y PAÑETADA (INCLUYE CARGUE Y RETIRO DE ESCOMBROS) | C102: =+COTIZACIONES!C101 -> DEMOLICIÓN - RETIRO PAÑETE DETERIORADO Y PAÑETADA (INCLUYE CARGUE Y RETIRO DE ESCOMBROS) | D102: =+COTIZACIONES!D101 -> M² | E102: =+COTIZACIONES!E101 -> 1 | J102: =+COTIZACIONES!F101 -> 5175 | K102: =+COTIZACIONES!L101 -> 7051.1963 | L102: =+COTIZACIONES!R101 -> 5355 | M102: =MIN(J102:L102) -> 5175 | N102: =AVERAGE(J102:L102) -> 5860.3988 | O102: =HARMEAN(J102:L102) -> 5749.3514 | P102: =GEOMEAN(J102:L102) -> 5802.8883 | Q102: =_xlfn.STDEV.S(J102:L102) -> 1035.1807 | R102: =+Q102/N102 -> 0.17663997 | S102: =ROUND(+IF(R102<=25%,M102,IF(R102<=60%,O102,IF(R102<=90%,P102,IF(R102<=100%,N102)))),0) -> 5175 | T102: =+IF(R102<=20%,"MENOR VALOR",IF(R102<=60%,"MEDIA ARMONICA",IF(R102<=90%,"MEDIA GEOMETRICA","MENOR VALOR"))) -> MENOR VALOR
...

Sheet PRECIOS DE REFERENCIA
